Workbook

Sheet Intructivo  
B2: Matriz Mapa de Riesgos
B4: Teniendo en cuenta que con la expedición del Decreto 1499 de 2017 “Por medio del cual se modifica el Decreto 1083 de 2015, Decreto Único Reglamentario del Sector Función Pública, en lo relacionado con el Sistema de Gestión establecido en el artículo 133 de la Ley 1753 de 2015”, se crea un solo Sistema de Gestión y se alinea con el Sistema de Control Interno, hoy todas las entidades públicas requieren actualizar y/o implementar el Modelo Integrado de Planeación y Gestión MIPG, modelo que incorpora el Modelo Estándar de Control Interno MECI a través de la 7a dimensión del mismo. En este marco general, el proceso de administración del riesgo es un esfuerzo conjunto entre la Alta Dirección y los servidores en todos sus niveles, ejercicio que inicia con la formulación de la política de Administración del Riesgo, la cual incluye los niveles de responsabilidad frente al seguimiento y evaluación, aspectos que deberán definirse acorde con el Esquema de Líneas de Defensa vinculado a la Dimensión 7. Teniendo en cuenta lo anterior y dada la necesidad de las entidades frente a la estructuración de los mapas de riesgos, como herramienta fundamental frente a la gestión del riesgo, el presente formato desarrolla un esquema completo acorde con los contenidos metodológicos de la Guía para la Administración del Riesgo y el diseño de controles V6. El formato cuenta con celdas parametrizadas y permite contar con los respectivos mapas de calor para riesgo inherente y riesgo residual.
B6: Orientaciones Generales
B7: Antes de iniciar con el diligenciamiento de la información en la matriz, se requiere haber avanzado en el análisis del proceso, su objetivo, alcance, actividades clave, considere los lineamientos establecidos en el Paso 2: identificación del riesgo, donde se explica ampliamente las bases para adelanter este análisis. Así mismo, considere en el Paso 3: valoración del riesgo los lineamientos para definir el No. de veces que se hace la actividad con la cual se relaciona el riesgo y su impacto en términos económicos o reputacionales. En este mismo paso se analizan los controles que deben responder a los atributos de eficiencia e informativos. NOTA: Si lo considera pertinente, es posible agregar hojas de trabajo adicionales al presente formato que permitan incluir la traza de estos análisis.
B9: El archivo contiene las siguientes hojas: - Hoja 1 Instructivo - Hoja 2 Contexto: Diligenciar formato Contexto Extratégico -E-PI-MT01-F03 FORMATO MATRIZ DOFA
C13: Columna | E13: Descripción - Lineamientos para el diligenciamiento
C14: Fecha de elaboración | E14: Diligencie la fecha de elaboración de la matriz DOFA
C15: Proceso | E15: Diligencie el nombre del proceso al cual se le identificarán y valorarán los riesgos.
C16: Lider de Proceso | E16: Diligencia el nombre del lider o encargado del proceso
B18: - Hoja 3 Mapa de Riesgos Final: Encontrará la totalidad de la estructura para la identificación y valoración de los riesgos por proceso, acorde con el nivel de desagregación que la entidad considere necesaria.
C19: Columna | E19: Descripción - Lineamientos para el diligenciamiento
C20: Proceso | E20: Diligencie el nombre del proceso al cual se le identificarán y valorarán los riesgos.
C21: Objetivo | E21: Diligencie el objetivo del proceso.
C22: Alcance | E22: Diligencie el alcance del proceso.
C23: Referencia | E23: Permite definir unl consecutivo de riesgos. Una entidad puede ir en el riesgo 150, pero tener 70 riesgos, lo que permite llevar una trazabilidad de los riesgos. Esta información la debe administrar la oficina asesora de planeación o gerencia de riesgos. Cuando un el riesgo salga del mapa no existirá otro riesgo con el mismo número.
C24: Impacto | E24: Analice las consecuencias que puede ocasionar a la organización la materialización del riesgo, redacte de la forma más concreta posible.
C25: Clase de Riesgo | E25: Utilice la lista de despligue que se encuentra parametrizada, le aparecerán las opciones:Riesgos de Gestión; Riesgos de Corrupción; Riesgos de Seguridad de la Información
C26: Causa Raíz | E26: Causa principal o básica, corresponde a las razones por la cuales se puede presentar el riesgo, redacte de la forma más concreta posible.
C27: Descripción del Riesgo | E27: Consolida o resume los análisis sobre impacto + causa inmediata + causa raíz, permitiendo contar con una redacción clara y concreta del riesgo indentificado. Tenga en cuenta la estructura de alto nivel establecida en al guía, inicia con POSIBILIDAD DE + Impacto para la entidad (Qué) + Causa Inmediata (Cómo) + Causa Raíz (Por qué)
C28: Clasificación del Riesgo | E28: Utilice la lista de despligue que se encuentra parametrizada, le aparecerán las opciones: i)Daños Activos Fisicos, ii)Ejecucion y Administracion de procesos, iii)Fallas Tecnologicas, iv)Fraude Externo, v)Fraude Interno, vi)Relaciones Laborales, vii)Usuarios, productos y practicas organizacionales.
C29: Frecuencia con la cual se lleva a cabo la actividad | E29: Defina el # de veces que se ejecuta la actividad durante el año, (Recuerde la probabilidad e ocurrencia del riesgo se defien como el No. de veces que se pasa por el punto de riesgo en el periodo de 1 año). La matriz automáticamente hará el cálculo para el nivel de probabilidad inherente (Columnas H-I)
C30: Criterios de Impacto | E30: Utilice la lista de despligue que se encuentra parametrizada, le aparecerán las opciones de la tabla de Impacto en la Hoja 6 del presente documento. La matriz automáticamente hará el cálculo para el nivel de impacto inherente (Columnas L-M)
... C44: Estado | E44: Utilice la lista de despligue que se encuentra parametrizada, le aparecerán las opciones: i)Finalizado, ii)En curso, la selección en este caso dependerá de las acciones del plan que se hayan establecido en cada caso.
B48: - Hoja 4 Matriz de Calor Inherente: En esta hoja, en la medida en que ese diligencia el Mapa Final, se verán reflejados los riesgos en su zona correspondiente. Esta hoja no se diligencia se genera de manera automática.
B49: - Hoja 5 Matriz de Calor Residual: En esta hoja, en la medida en que ese diligencia el Mapa Final, se verán reflejados los riesgos en su zona correspondiente. Esta hoja no se diligencia se genera de manera automática.
B50: - Hoja 6 Tabla de probabilidad: Tabla referente para todos los cálculos (no se diligencia)
B51: - Hoja 7 Tabla de Impacto: Tabla referente para todos los cálculos (no se diligencia)
B52: - Hoja 8 Tabla de Valoración de Controles: Tabla referente para todos los cálculos (no se diligencia)

Sheet Mapa de Riesgos
D1: MAPA DE RIESGOS DE GESTIÓN 2026 | AQ1: Código: E-PI-MT-04
AQ2: Versión: 04
AQ3: Fecha : 15-04-2024
A4: Identificación del riesgo | H4: Análisis del riesgo inherente | O4: Evaluación del riesgo - Valoración de los controles | X4: Evaluación del riesgo - Nivel del riesgo residual | AE4: Plan de Acción | AK4: Monitoreo: Primer Cuatrimestre- 2a Línea de defensa (Planeación) | AM4: Monitoreo: Segundo Cuatrimestre- 2a Línea de defensa (Planeación) | AO4: Monitoreo: Tercer Cuatrimestre- 2a Línea de defensa (Planeación) | AQ4: Supervisión : Primer Cuatrimestre- 3a Línea de defensa (Jefe de Control Interno )
A5: Referencia | B5: Proceso | C5: Impacto | D5: Causa Raíz | E5: Descripción del Riesgo | F5: Clasificación del Riesgo | G5: Frecuencia con la cual se realiza la actividad | H5: Probabilidad Inherente | I5: % | J5: Criterios de impacto | K5: Observación de criterio | L5: Impacto Inherente | M5: % | N5: Zona de Riesgo Inherente | O5: No. Control | P5: Descripción del Control | Q5: Afectación | R5: Atributos | X5: Probabilidad Residual | Y5: Probabilidad Residual Final | Z5: % | AA5: Impacto Residual Final | AB5: % | AC5: Zona de Riesgo Final | AD5: Tratamiento | AE5: Plan de Acción | AF5: Responsable | AG5: Fecha de inicio | AH5: Fecha de terminación | AI5: Fecha Seguimiento | AJ5: Estado | AK5: Acciones que se realizaron | AL5: Evidencia | AM5: Acciones que se realizaron | AN5: Evidencia | AO5: Acciones que se realizaron | AP5: Evidencia | AQ5: Supervisión de las acciones | AR5: Porcentaje de cumplimiento
R6: Tipo | S6: Implementación | T6: Calificación | U6: Documentación | V6: Frecuencia | W6: Evidencia
A7: 1 | B7: Gestión Planeación Institucional | C7: Reputacional | D7: Demora en la entrega de información por parte de los procesos. Falta de socialización de los tiempos de entrega de información. Falta de seguimiento a las metas establecidas en el PEI Falta de controles para el seguimiento al cumplimiento de las metas del PEI | E7: Posible Incumplimiento en el reporte de avance del Plan Estratégico Institucional del Canal TRO | F7: Ejecución y Administración de procesos | G7: 60 | H7: =IF(G7<=0,"",IF(G7<=2,"Muy Baja",IF(G7<=24,"Baja",IF(G7<=500,"Media",IF(G7<=5000,"Alta","Muy Alta"))))) -> Media | I7: =IF(H7="","",IF(H7="Muy Baja",0.2,IF(H7="Baja",0.4,IF(H7="Media",0.6,IF(H7="Alta",0.8,IF(H7="Muy Alta",1,)))))) -> 0.6 | J7: El riesgo afecta la imagen de la entidad internamente, de conocimiento general, nivel interno, de junta dircetiva y accionistas y/o de provedores | K7: =IF(NOT(ISERROR(MATCH(J7,'Tabla Impacto'!$B$221:$B$223,0))),'Tabla Impacto'!$F$223&"Por favor no seleccionar los criterios de impacto(Afectación Económica o presupuestal y Pérdida Reputacional)",J7) -> El riesgo afecta la imagen de la entidad internamente, de conocimiento general, nivel interno, de junta dircetiva y accionistas y/o de provedores | L7: =IF(OR(K7='Tabla Impacto'!$C$11,K7='Tabla Impacto'!$D$11),"Leve",IF(OR(K7='Tabla Impacto'!$C$12,K7='Tabla Impacto'!$D$12),"Menor",IF(OR(K7='Tabla Impacto'!$C$13,K7='Tabla Impacto'!$D$13),"Moderado",IF(OR(K7='Tabla Impacto'!$C$14,K7='Tabla Impacto'!$D$14),"Mayor",IF(OR(K7='Tabla Impacto'!$C$15,K7='Tabla Impacto'!$D$15),"Catastrófico",""))))) -> Menor | M7: =IF(L7="","",IF(L7="Leve",0.2,IF(L7="Menor",0.4,IF(L7="Moderado",0.6,IF(L7="Mayor",0.8,IF(L7="Catastrófico",1,)))))) -> 0.4 | N7: =IF(OR(AND(H7="Muy Baja",L7="Leve"),AND(H7="Muy Baja",L7="Menor"),AND(H7="Baja",L7="Leve")),"Bajo",IF(OR(AND(H7="Muy baja",L7="Moderado"),AND(H7="Baja",L7="Menor"),AND(H7="Baja",L7="Moderado"),AND(H7="Media",L7="Leve"),AND(H7="Media",L7="Menor"),AND(H7="Media",L7="Moderado"),AND(H7="Alta",L7="Leve"),AND(H7="Alta",L7="Menor")),"Moderado",IF(OR(AND(H7="Muy Baja",L7="Mayor"),AND(H7="Baja",L7="Mayor"),AND(H7="Media",L7="Mayor"),AND(H7="Alta",L7="Moderado"),AND(H7="Alta",L7="Mayor"),AND(H7="Muy Alta",L7="Leve"),AND(H7="Muy Alta",L7="Menor"),AND(H7="Muy Alta",L7="Moderado"),AND(H7="Muy Alta",L7="Mayor")),"Alto",IF(OR(AND(H7="Muy Baja",L7="Catastrófico"),AND(H7="Baja",L7="Catastrófico"),AND(H7="Media",L7="Catastrófico"),AND(H7="Alta",L7="Catastrófico"),AND(H7="Muy Alta",L7="Catastrófico")),"Extremo","")))) -> Moderado | O7: 1 | P7: El encargado del proceso realiza trimestralmente el envío de un correo a todos los líderes solicitando el seguimiento de los objetivos estratégicos del PEI (Plan Estratégico Institucional). Además, presenta el porcentaje de ejecución ante el Comité Institucional de Gestión y Desempeño, el cual queda registrado en las actas institucionales. Trimestralmente, se entrega un informe de seguimiento (E-PI-P03-FO1 Formato Seguimiento PEI - PAI) a Control Interno, detallando el porcentaje de cumplimiento. | Q7: =IF(OR(R7="Preventivo",R7="Detectivo"),"Probabilidad",IF(R7="Correctivo","Impacto","")) -> Probabilidad | R7: Preventivo | S7: Manual | T7: =IF(AND(R7="Preventivo",S7="Automático"),"50%",IF(AND(R7="Preventivo",S7="Manual"),"40%",IF(AND(R7="Detectivo",S7="Automático"),"40%",IF(AND(R7="Detectivo",S7="Manual"),"30%",IF(AND(R7="Correctivo",S7="Automático"),"35%",IF(AND(R7="Correctivo",S7="Manual"),"25%","")))))) -> 40% | U7: Documentado | V7: Continua | W7: Con Registro | X7: =IFERROR(IF(Q7="Probabilidad",(I7-(+I7*T7)),IF(Q7="Impacto",I7,"")),"") -> 0.36 | Y7: =IFERROR(IF(X7="","",IF(X7<=0.2,"Muy Baja",IF(X7<=0.4,"Baja",IF(X7<=0.6,"Media",IF(X7<=0.8,"Alta","Muy Alta"))))),"") -> Baja | Z7: =+X7 -> 0.36 | AA7: =IFERROR(IF(AB7="","",IF(AB7<=0.2,"Leve",IF(AB7<=0.4,"Menor",IF(AB7<=0.6,"Moderado",IF(AB7<=0.8,"Mayor","Catastrófico"))))),"") -> Menor | AB7: =IFERROR(IF(Q7="Impacto",(M7-(+M7*T7)),IF(Q7="Probabilidad",M7,"")),"") -> 0.4 | AC7: =IFERROR(IF(OR(AND(Y7="Muy Baja",AA7="Leve"),AND(Y7="Muy Baja",AA7="Menor"),AND(Y7="Baja",AA7="Leve")),"Bajo",IF(OR(AND(Y7="Muy baja",AA7="Moderado"),AND(Y7="Baja",AA7="Menor"),AND(Y7="Baja",AA7="Moderado"),AND(Y7="Media",AA7="Leve"),AND(Y7="Media",AA7="Menor"),AND(Y7="Media",AA7="Moderado"),AND(Y7="Alta",AA7="Leve"),AND(Y7="Alta",AA7="Menor")),"Moderado",IF(OR(AND(Y7="Muy Baja",AA7="Mayor"),AND(Y7="Baja",AA7="Mayor"),AND(Y7="Media",AA7="Mayor"),AND(Y7="Alta",AA7="Moderado"),AND(Y7="Alta",AA7="Mayor"),AND(Y7="Muy Alta",AA7="Leve"),AND(Y7="Muy Alta",AA7="Menor"),AND(Y7="Muy Alta",AA7="Moderado"),AND(Y7="Muy Alta",AA7="Mayor")),"Alto",IF(OR(AND(Y7="Muy Baja",AA7="Catastrófico"),AND(Y7="Baja",AA7="Catastrófico"),AND(Y7="Media",AA7="Catastrófico"),AND(Y7="Alta",AA7="Catastrófico"),AND(Y7="Muy Alta",AA7="Catastrófico")),"Extremo","")))),"") -> Moderado | AD7: Reducir (mitigar) | AE7: Enviar trimestralmente un correo institucional a los líderes de procesos solicitando el seguimiento del Plan Estratégico Institucional (PEI). | AF7: Encargado del área de Planeación | AG7: 46055 | AH7: 46374
K8: =IF(NOT(ISERROR(MATCH(J8,_xlfn.ANCHORARRAY(E15),0))),#REF!&"Por favor no seleccionar los criterios de impacto",J8) -> 0 | O8: 2 | Q8: =IF(OR(R8="Preventivo",R8="Detectivo"),"Probabilidad",IF(R8="Correctivo","Impacto","")) | AE8: Informar por correo electrónico a la Jefe de Control Interno y al Comité Institucional de Gestión y Desempeño sobre cualquier incumplimiento en la entrega de información | AF8: Encargada del área de Planeación | AG8: 46055 | AH8: 46374
A9: 2 | B9: Gestión Planeación Institucional | C9: Reputacional | D9: Demora en la entrega de información por parte de los productores externos. Falta de control de información por parte de los proveedores ajenos a la entidad Rotación de personal en los puestos de control y seguimiento lo que genera retrasos en la entrega de información. Falta de socialización en la entrega de información con los procesos internos. | E9: Posible Fallas en la ejecución y seguimiento del plan de inversión y proyectos adicionales. | F9: Ejecución y Administración de procesos | G9: 40 | H9: =IF(G9<=0,"",IF(G9<=2,"Muy Baja",IF(G9<=24,"Baja",IF(G9<=500,"Media",IF(G9<=5000,"Alta","Muy Alta"))))) -> Media | I9: =IF(H9="","",IF(H9="Muy Baja",0.2,IF(H9="Baja",0.4,IF(H9="Media",0.6,IF(H9="Alta",0.8,IF(H9="Muy Alta",1,)))))) -> 0.6 | J9: El riesgo afecta la imagen de la entidad con algunos usuarios de relevancia frente al logro de los objetivos | K9: =IF(NOT(ISERROR(MATCH(J9,'Tabla Impacto'!$B$221:$B$223,0))),'Tabla Impacto'!$F$223&"Por favor no seleccionar los criterios de impacto(Afectación Económica o presupuestal y Pérdida Reputacional)",J9) -> El riesgo afecta la imagen de la entidad con algunos usuarios de relevancia frente al logro de los objetivos | L9: =IF(OR(K9='Tabla Impacto'!$C$11,K9='Tabla Impacto'!$D$11),"Leve",IF(OR(K9='Tabla Impacto'!$C$12,K9='Tabla Impacto'!$D$12),"Menor",IF(OR(K9='Tabla Impacto'!$C$13,K9='Tabla Impacto'!$D$13),"Moderado",IF(OR(K9='Tabla Impacto'!$C$14,K9='Tabla Impacto'!$D$14),"Mayor",IF(OR(K9='Tabla Impacto'!$C$15,K9='Tabla Impacto'!$D$15),"Catastrófico",""))))) -> Moderado | M9: =IF(L9="","",IF(L9="Leve",0.2,IF(L9="Menor",0.4,IF(L9="Moderado",0.6,IF(L9="Mayor",0.8,IF(L9="Catastrófico",1,)))))) -> 0.6 | N9: =IF(OR(AND(H9="Muy Baja",L9="Leve"),AND(H9="Muy Baja",L9="Menor"),AND(H9="Baja",L9="Leve")),"Bajo",IF(OR(AND(H9="Muy baja",L9="Moderado"),AND(H9="Baja",L9="Menor"),AND(H9="Baja",L9="Moderado"),AND(H9="Media",L9="Leve"),AND(H9="Media",L9="Menor"),AND(H9="Media",L9="Moderado"),AND(H9="Alta",L9="Leve"),AND(H9="Alta",L9="Menor")),"Moderado",IF(OR(AND(H9="Muy Baja",L9="Mayor"),AND(H9="Baja",L9="Mayor"),AND(H9="Media",L9="Mayor"),AND(H9="Alta",L9="Moderado"),AND(H9="Alta",L9="Mayor"),AND(H9="Muy Alta",L9="Leve"),AND(H9="Muy Alta",L9="Menor"),AND(H9="Muy Alta",L9="Moderado"),AND(H9="Muy Alta",L9="Mayor")),"Alto",IF(OR(AND(H9="Muy Baja",L9="Catastrófico"),AND(H9="Baja",L9="Catastrófico"),AND(H9="Media",L9="Catastrófico"),AND(H9="Alta",L9="Catastrófico"),AND(H9="Muy Alta",L9="Catastrófico")),"Extremo","")))) -> Moderado | O9: 1 | P9: La encargada de Proyectos realiza tres informes que se deben presentar al MINTIC denominados de la siguiente manera: Informes de actividades mensuales los primeros cinco días hábiles de cada mes, Informe de legalizaciones de manera trimestral, Informe de ejecución (trimestral). De igual forma se reciben Visitas de seguimiento a la ejecución (se atienden dos visitas al año) y Reuniones quincenales de seguimiento con la persona encargada del MINTIC, para conocer avances en la ejecución . | Q9: =IF(OR(R9="Preventivo",R9="Detectivo"),"Probabilidad",IF(R9="Correctivo","Impacto","")) -> Probabilidad | R9: Preventivo | S9: Manual | T9: =IF(AND(R9="Preventivo",S9="Automático"),"50%",IF(AND(R9="Preventivo",S9="Manual"),"40%",IF(AND(R9="Detectivo",S9="Automático"),"40%",IF(AND(R9="Detectivo",S9="Manual"),"30%",IF(AND(R9="Correctivo",S9="Automático"),"35%",IF(AND(R9="Correctivo",S9="Manual"),"25%","")))))) -> 40% | U9: Documentado | V9: Continua | W9: Con Registro | X9: =IFERROR(IF(Q9="Probabilidad",(I9-(+I9*T9)),IF(Q9="Impacto",I9,"")),"") -> 0.36 | Y9: =IFERROR(IF(X9="","",IF(X9<=0.2,"Muy Baja",IF(X9<=0.4,"Baja",IF(X9<=0.6,"Media",IF(X9<=0.8,"Alta","Muy Alta"))))),"") -> Baja | Z9: =+X9 -> 0.36 | AA9: =IFERROR(IF(AB9="","",IF(AB9<=0.2,"Leve",IF(AB9<=0.4,"Menor",IF(AB9<=0.6,"Moderado",IF(AB9<=0.8,"Mayor","Catastrófico"))))),"") -> Moderado | AB9: =IFERROR(IF(Q9="Impacto",(M9-(+M9*T9)),IF(Q9="Probabilidad",M9,"")),"") -> 0.6 | AC9: =IFERROR(IF(OR(AND(Y9="Muy Baja",AA9="Leve"),AND(Y9="Muy Baja",AA9="Menor"),AND(Y9="Baja",AA9="Leve")),"Bajo",IF(OR(AND(Y9="Muy baja",AA9="Moderado"),AND(Y9="Baja",AA9="Menor"),AND(Y9="Baja",AA9="Moderado"),AND(Y9="Media",AA9="Leve"),AND(Y9="Media",AA9="Menor"),AND(Y9="Media",AA9="Moderado"),AND(Y9="Alta",AA9="Leve"),AND(Y9="Alta",AA9="Menor")),"Moderado",IF(OR(AND(Y9="Muy Baja",AA9="Mayor"),AND(Y9="Baja",AA9="Mayor"),AND(Y9="Media",AA9="Mayor"),AND(Y9="Alta",AA9="Moderado"),AND(Y9="Alta",AA9="Mayor"),AND(Y9="Muy Alta",AA9="Leve"),AND(Y9="Muy Alta",AA9="Menor"),AND(Y9="Muy Alta",AA9="Moderado"),AND(Y9="Muy Alta",AA9="Mayor")),"Alto",IF(OR(AND(Y9="Muy Baja",AA9="Catastrófico"),AND(Y9="Baja",AA9="Catastrófico"),AND(Y9="Media",AA9="Catastrófico"),AND(Y9="Alta",AA9="Catastrófico"),AND(Y9="Muy Alta",AA9="Catastrófico")),"Extremo","")))),"") -> Moderado | AD9: Evitar | AE9: Preparar y presentar informes detallados de actividades mensuales dentro de los primeros cinco días hábiles de cada mes. | AF9: Encagada de proyectos | AG9: 46055 | AH9: 46374
K10: =IF(NOT(ISERROR(MATCH(J10,_xlfn.ANCHORARRAY(E17),0))),#REF!&"Por favor no seleccionar los criterios de impacto",J10) -> 0 | O10: 2 | AE10: Generar informes de legalizaciones de manera trimestral para su presentación al MINTIC. | AF10: Encagada de proyectos | AG10: 46055 | AH10: 46374
K11: =IF(NOT(ISERROR(MATCH(J11,_xlfn.ANCHORARRAY(E18),0))),#REF!&"Por favor no seleccionar los criterios de impacto",J11) -> 0 | O11: 3 | Q11: =IF(OR(R11="Preventivo",R11="Detectivo"),"Probabilidad",IF(R11="Correctivo","Impacto","")) | T11: =IF(AND(R11="Preventivo",S11="Automático"),"50%",IF(AND(R11="Preventivo",S11="Manual"),"40%",IF(AND(R11="Detectivo",S11="Automático"),"40%",IF(AND(R11="Detectivo",S11="Manual"),"30%",IF(AND(R11="Correctivo",S11="Automático"),"35%",IF(AND(R11="Correctivo",S11="Manual"),"25%","")))))) | X11: =IFERROR(IF(AND(Q10="Probabilidad",Q11="Probabilidad"),(Z10-(+Z10*T11)),IF(AND(Q10="Impacto",Q11="Probabilidad"),(Z9-(+Z9*T11)),IF(Q11="Impacto",Z10,""))),"") | Y11: =IFERROR(IF(X11="","",IF(X11<=0.2,"Muy Baja",IF(X11<=0.4,"Baja",IF(X11<=0.6,"Media",IF(X11<=0.8,"Alta","Muy Alta"))))),"") | Z11: =+X11 | AA11: =IFERROR(IF(AB11="","",IF(AB11<=0.2,"Leve",IF(AB11<=0.4,"Menor",IF(AB11<=0.6,"Moderado",IF(AB11<=0.8,"Mayor","Catastrófico"))))),"") | AB11: =IFERROR(IF(AND(Q10="Impacto",Q11="Impacto"),(AB10-(+AB10*T11)),IF(AND(Q10="Probabilidad",Q11="Impacto"),(AB9-(+AB9*T11)),IF(Q11="Probabilidad",AB10,""))),"") | AC11: =IFERROR(IF(OR(AND(Y11="Muy Baja",AA11="Leve"),AND(Y11="Muy Baja",AA11="Menor"),AND(Y11="Baja",AA11="Leve")),"Bajo",IF(OR(AND(Y11="Muy baja",AA11="Moderado"),AND(Y11="Baja",AA11="Menor"),AND(Y11="Baja",AA11="Moderado"),AND(Y11="Media",AA11="Leve"),AND(Y11="Media",AA11="Menor"),AND(Y11="Media",AA11="Moderado"),AND(Y11="Alta",AA11="Leve"),AND(Y11="Alta",AA11="Menor")),"Moderado",IF(OR(AND(Y11="Muy Baja",AA11="Mayor"),AND(Y11="Baja",AA11="Mayor"),AND(Y11="Media",AA11="Mayor"),AND(Y11="Alta",AA11="Moderado"),AND(Y11="Alta",AA11="Mayor"),AND(Y11="Muy Alta",AA11="Leve"),AND(Y11="Muy Alta",AA11="Menor"),AND(Y11="Muy Alta",AA11="Moderado"),AND(Y11="Muy Alta",AA11="Mayor")),"Alto",IF(OR(AND(Y11="Muy Baja",AA11="Catastrófico"),AND(Y11="Baja",AA11="Catastrófico"),AND(Y11="Media",AA11="Catastrófico"),AND(Y11="Alta",AA11="Catastrófico"),AND(Y11="Muy Alta",AA11="Catastrófico")),"Extremo","")))),"") | AE11: Elaborar informes trimestrales de ejecución que reflejen el progreso y los resultados alcanzados en el proyecto. | AF11: Encagada de proyectos | AG11: 46055 | AH11: 46374
K12: =IF(NOT(ISERROR(MATCH(J12,_xlfn.ANCHORARRAY(#REF!),0))),#REF!&"Por favor no seleccionar los criterios de impacto",J12) -> 0 | O12: 4 | Q12: =IF(OR(R12="Preventivo",R12="Detectivo"),"Probabilidad",IF(R12="Correctivo","Impacto","")) | T12: =IF(AND(R12="Preventivo",S12="Automático"),"50%",IF(AND(R12="Preventivo",S12="Manual"),"40%",IF(AND(R12="Detectivo",S12="Automático"),"40%",IF(AND(R12="Detectivo",S12="Manual"),"30%",IF(AND(R12="Correctivo",S12="Automático"),"35%",IF(AND(R12="Correctivo",S12="Manual"),"25%","")))))) | X12: =IFERROR(IF(AND(Q11="Probabilidad",Q12="Probabilidad"),(Z11-(+Z11*T12)),IF(AND(Q11="Impacto",Q12="Probabilidad"),(Z10-(+Z10*T12)),IF(Q12="Impacto",Z11,""))),"") | Y12: =IFERROR(IF(X12="","",IF(X12<=0.2,"Muy Baja",IF(X12<=0.4,"Baja",IF(X12<=0.6,"Media",IF(X12<=0.8,"Alta","Muy Alta"))))),"") | Z12: =+X12 | AA12: =IFERROR(IF(AB12="","",IF(AB12<=0.2,"Leve",IF(AB12<=0.4,"Menor",IF(AB12<=0.6,"Moderado",IF(AB12<=0.8,"Mayor","Catastrófico"))))),"") | AB12: =IFERROR(IF(AND(Q11="Impacto",Q12="Impacto"),(AB11-(+AB11*T12)),IF(AND(Q11="Probabilidad",Q12="Impacto"),(AB10-(+AB10*T12)),IF(Q12="Probabilidad",AB11,""))),"") | AC12: =IFERROR(IF(OR(AND(Y12="Muy Baja",AA12="Leve"),AND(Y12="Muy Baja",AA12="Menor"),AND(Y12="Baja",AA12="Leve")),"Bajo",IF(OR(AND(Y12="Muy baja",AA12="Moderado"),AND(Y12="Baja",AA12="Menor"),AND(Y12="Baja",AA12="Moderado"),AND(Y12="Media",AA12="Leve"),AND(Y12="Media",AA12="Menor"),AND(Y12="Media",AA12="Moderado"),AND(Y12="Alta",AA12="Leve"),AND(Y12="Alta",AA12="Menor")),"Moderado",IF(OR(AND(Y12="Muy Baja",AA12="Mayor"),AND(Y12="Baja",AA12="Mayor"),AND(Y12="Media",AA12="Mayor"),AND(Y12="Alta",AA12="Moderado"),AND(Y12="Alta",AA12="Mayor"),AND(Y12="Muy Alta",AA12="Leve"),AND(Y12="Muy Alta",AA12="Menor"),AND(Y12="Muy Alta",AA12="Moderado"),AND(Y12="Muy Alta",AA12="Mayor")),"Alto",IF(OR(AND(Y12="Muy Baja",AA12="Catastrófico"),AND(Y12="Baja",AA12="Catastrófico"),AND(Y12="Media",AA12="Catastrófico"),AND(Y12="Alta",AA12="Catastrófico"),AND(Y12="Muy Alta",AA12="Catastrófico")),"Extremo","")))),"") | AE12: Coordinar y recibir dos visitas de seguimiento anuales para evaluar el avance y la efectividad de la ejecución del proyecto. | AF12: Encagada de proyectos | AG12: 46055 | AH12: 46374
K13: =IF(NOT(ISERROR(MATCH(J13,_xlfn.ANCHORARRAY(#REF!),0))),#REF!&"Por favor no seleccionar los criterios de impacto",J13) -> 0 | O13: 5 | Q13: =IF(OR(R13="Preventivo",R13="Detectivo"),"Probabilidad",IF(R13="Correctivo","Impacto","")) | T13: =IF(AND(R13="Preventivo",S13="Automático"),"50%",IF(AND(R13="Preventivo",S13="Manual"),"40%",IF(AND(R13="Detectivo",S13="Automático"),"40%",IF(AND(R13="Detectivo",S13="Manual"),"30%",IF(AND(R13="Correctivo",S13="Automático"),"35%",IF(AND(R13="Correctivo",S13="Manual"),"25%","")))))) | X13: =IFERROR(IF(AND(Q12="Probabilidad",Q13="Probabilidad"),(Z12-(+Z12*T13)),IF(AND(Q12="Impacto",Q13="Probabilidad"),(Z11-(+Z11*T13)),IF(Q13="Impacto",Z12,""))),"") | Y13: =IFERROR(IF(X13="","",IF(X13<=0.2,"Muy Baja",IF(X13<=0.4,"Baja",IF(X13<=0.6,"Media",IF(X13<=0.8,"Alta","Muy Alta"))))),"") | Z13: =+X13 | AA13: =IFERROR(IF(AB13="","",IF(AB13<=0.2,"Leve",IF(AB13<=0.4,"Menor",IF(AB13<=0.6,"Moderado",IF(AB13<=0.8,"Mayor","Catastrófico"))))),"") | AB13: =IFERROR(IF(AND(Q12="Impacto",Q13="Impacto"),(AB12-(+AB12*T13)),IF(AND(Q12="Probabilidad",Q13="Impacto"),(AB11-(+AB11*T13)),IF(Q13="Probabilidad",AB12,""))),"") | AC13: =IFERROR(IF(OR(AND(Y13="Muy Baja",AA13="Leve"),AND(Y13="Muy Baja",AA13="Menor"),AND(Y13="Baja",AA13="Leve")),"Bajo",IF(OR(AND(Y13="Muy baja",AA13="Moderado"),AND(Y13="Baja",AA13="Menor"),AND(Y13="Baja",AA13="Moderado"),AND(Y13="Media",AA13="Leve"),AND(Y13="Media",AA13="Menor"),AND(Y13="Media",AA13="Moderado"),AND(Y13="Alta",AA13="Leve"),AND(Y13="Alta",AA13="Menor")),"Moderado",IF(OR(AND(Y13="Muy Baja",AA13="Mayor"),AND(Y13="Baja",AA13="Mayor"),AND(Y13="Media",AA13="Mayor"),AND(Y13="Alta",AA13="Moderado"),AND(Y13="Alta",AA13="Mayor"),AND(Y13="Muy Alta",AA13="Leve"),AND(Y13="Muy Alta",AA13="Menor"),AND(Y13="Muy Alta",AA13="Moderado"),AND(Y13="Muy Alta",AA13="Mayor")),"Alto",IF(OR(AND(Y13="Muy Baja",AA13="Catastrófico"),AND(Y13="Baja",AA13="Catastrófico"),AND(Y13="Media",AA13="Catastrófico"),AND(Y13="Alta",AA13="Catastrófico"),AND(Y13="Muy Alta",AA13="Catastrófico")),"Extremo","")))),"") | AE13: Participar activamente en reuniones quincenales de seguimiento con el representante designado del MINTIC para informar sobre los avances y discutir posibles acciones correctivas o mejoras en el proceso de ejecución. | AF13: Encagada de proyectos | AG13: 46055 | AH13: 46374
K14: =IF(NOT(ISERROR(MATCH(J14,_xlfn.ANCHORARRAY(#REF!),0))),I19&"Por favor no seleccionar los criterios de impacto",J14) -> 0 | O14: 6 | Q14: =IF(OR(R14="Preventivo",R14="Detectivo"),"Probabilidad",IF(R14="Correctivo","Impacto","")) | T14: =IF(AND(R14="Preventivo",S14="Automático"),"50%",IF(AND(R14="Preventivo",S14="Manual"),"40%",IF(AND(R14="Detectivo",S14="Automático"),"40%",IF(AND(R14="Detectivo",S14="Manual"),"30%",IF(AND(R14="Correctivo",S14="Automático"),"35%",IF(AND(R14="Correctivo",S14="Manual"),"25%","")))))) | X14: =IFERROR(IF(AND(Q13="Probabilidad",Q14="Probabilidad"),(Z13-(+Z13*T14)),IF(AND(Q13="Impacto",Q14="Probabilidad"),(Z12-(+Z12*T14)),IF(Q14="Impacto",Z13,""))),"") | Y14: =IFERROR(IF(X14="","",IF(X14<=0.2,"Muy Baja",IF(X14<=0.4,"Baja",IF(X14<=0.6,"Media",IF(X14<=0.8,"Alta","Muy Alta"))))),"") | Z14: =+X14 | AA14: =IFERROR(IF(AB14="","",IF(AB14<=0.2,"Leve",IF(AB14<=0.4,"Menor",IF(AB14<=0.6,"Moderado",IF(AB14<=0.8,"Mayor","Catastrófico"))))),"") | AB14: =IFERROR(IF(AND(Q13="Impacto",Q14="Impacto"),(AB13-(+AB13*T14)),IF(AND(Q13="Probabilidad",Q14="Impacto"),(AB12-(+AB12*T14)),IF(Q14="Probabilidad",AB13,""))),"") | AC14: =IFERROR(IF(OR(AND(Y14="Muy Baja",AA14="Leve"),AND(Y14="Muy Baja",AA14="Menor"),AND(Y14="Baja",AA14="Leve")),"Bajo",IF(OR(AND(Y14="Muy baja",AA14="Moderado"),AND(Y14="Baja",AA14="Menor"),AND(Y14="Baja",AA14="Moderado"),AND(Y14="Media",AA14="Leve"),AND(Y14="Media",AA14="Menor"),AND(Y14="Media",AA14="Moderado"),AND(Y14="Alta",AA14="Leve"),AND(Y14="Alta",AA14="Menor")),"Moderado",IF(OR(AND(Y14="Muy Baja",AA14="Mayor"),AND(Y14="Baja",AA14="Mayor"),AND(Y14="Media",AA14="Mayor"),AND(Y14="Alta",AA14="Moderado"),AND(Y14="Alta",AA14="Mayor"),AND(Y14="Muy Alta",AA14="Leve"),AND(Y14="Muy Alta",AA14="Menor"),AND(Y14="Muy Alta",AA14="Moderado"),AND(Y14="Muy Alta",AA14="Mayor")),"Alto",IF(OR(AND(Y14="Muy Baja",AA14="Catastrófico"),AND(Y14="Baja",AA14="Catastrófico"),AND(Y14="Media",AA14="Catastrófico"),AND(Y14="Alta",AA14="Catastrófico"),AND(Y14="Muy Alta",AA14="Catastrófico")),"Extremo","")))),"") | AG14: 46055 | AH14: 46374
A15: 3 | B15: Gestión de TRO Digital | C15: Reputacional | D15: Posible incumplimiento en el reporte de Ley de Transparencia | E15: Debilidad en el cargue de información en la plataforma web de la página institucional. Incumplimiento de la matriz de ley de transparencia para el cargue de información por parte de los encargados de cada proceso No realizar seguimiento a los ítems establecidos dentro de la matriz ITA de la Procuraduría, una función que se debe realizar para validar que la información que se esta cargando en la página web sea la correcta. | F15: Ejecución y Administración de procesos | G15: 40 | H15: =IF(G15<=0,"",IF(G15<=2,"Muy Baja",IF(G15<=24,"Baja",IF(G15<=500,"Media",IF(G15<=5000,"Alta","Muy Alta"))))) -> Media | I15: =IF(H15="","",IF(H15="Muy Baja",0.2,IF(H15="Baja",0.4,IF(H15="Media",0.6,IF(H15="Alta",0.8,IF(H15="Muy Alta",1,)))))) -> 0.6 | J15: El riesgo afecta la imagen de de la entidad con efecto publicitario sostenido a nivel de sector administrativo, nivel departamental o municipal | K15: =IF(NOT(ISERROR(MATCH(J15,'Tabla Impacto'!$B$221:$B$223,0))),'Tabla Impacto'!$F$223&"Por favor no seleccionar los criterios de impacto(Afectación Económica o presupuestal y Pérdida Reputacional)",J15) -> El riesgo afecta la imagen de de la entidad con efecto publicitario sostenido a nivel de sector administrativo, nivel departamental o municipal | L15: =IF(OR(K15='Tabla Impacto'!$C$11,K15='Tabla Impacto'!$D$11),"Leve",IF(OR(K15='Tabla Impacto'!$C$12,K15='Tabla Impacto'!$D$12),"Menor",IF(OR(K15='Tabla Impacto'!$C$13,K15='Tabla Impacto'!$D$13),"Moderado",IF(OR(K15='Tabla Impacto'!$C$14,K15='Tabla Impacto'!$D$14),"Mayor",IF(OR(K15='Tabla Impacto'!$C$15,K15='Tabla Impacto'!$D$15),"Catastrófico",""))))) -> Mayor | M15: =IF(L15="","",IF(L15="Leve",0.2,IF(L15="Menor",0.4,IF(L15="Moderado",0.6,IF(L15="Mayor",0.8,IF(L15="Catastrófico",1,)))))) -> 0.8 | N15: =IF(OR(AND(H15="Muy Baja",L15="Leve"),AND(H15="Muy Baja",L15="Menor"),AND(H15="Baja",L15="Leve")),"Bajo",IF(OR(AND(H15="Muy baja",L15="Moderado"),AND(H15="Baja",L15="Menor"),AND(H15="Baja",L15="Moderado"),AND(H15="Media",L15="Leve"),AND(H15="Media",L15="Menor"),AND(H15="Media",L15="Moderado"),AND(H15="Alta",L15="Leve"),AND(H15="Alta",L15="Menor")),"Moderado",IF(OR(AND(H15="Muy Baja",L15="Mayor"),AND(H15="Baja",L15="Mayor"),AND(H15="Media",L15="Mayor"),AND(H15="Alta",L15="Moderado"),AND(H15="Alta",L15="Mayor"),AND(H15="Muy Alta",L15="Leve"),AND(H15="Muy Alta",L15="Menor"),AND(H15="Muy Alta",L15="Moderado"),AND(H15="Muy Alta",L15="Mayor")),"Alto",IF(OR(AND(H15="Muy Baja",L15="Catastrófico"),AND(H15="Baja",L15="Catastrófico"),AND(H15="Media",L15="Catastrófico"),AND(H15="Alta",L15="Catastrófico"),AND(H15="Muy Alta",L15="Catastrófico")),"Extremo","")))) -> Alto | O15: 1 | P15: La encargada de TRO Digital utiliza una matriz denominada "Ley de Transparencia por Departamentos", la cual relaciona los documentos o requerimientos originados en las diferentes áreas para ser cargados en el botón de transparencia. Esta matriz se envía por correo electrónico de manera trimestral. Este proceso cuenta con el apoyo del área de Planeación. | Q15: =IF(OR(R15="Preventivo",R15="Detectivo"),"Probabilidad",IF(R15="Correctivo","Impacto","")) -> Probabilidad | R15: Preventivo | S15: Manual | T15: =IF(AND(R15="Preventivo",S15="Automático"),"50%",IF(AND(R15="Preventivo",S15="Manual"),"40%",IF(AND(R15="Detectivo",S15="Automático"),"40%",IF(AND(R15="Detectivo",S15="Manual"),"30%",IF(AND(R15="Correctivo",S15="Automático"),"35%",IF(AND(R15="Correctivo",S15="Manual"),"25%","")))))) -> 40% | U15: Documentado | V15: Continua | W15: Con Registro | X15: =IFERROR(IF(Q15="Probabilidad",(I15-(+I15*T15)),IF(Q15="Impacto",I15,"")),"") -> 0.36 | Y15: =IFERROR(IF(X15="","",IF(X15<=0.2,"Muy Baja",IF(X15<=0.4,"Baja",IF(X15<=0.6,"Media",IF(X15<=0.8,"Alta","Muy Alta"))))),"") -> Baja | Z15: =+X15 -> 0.36 | AA15: =IFERROR(IF(AB15="","",IF(AB15<=0.2,"Leve",IF(AB15<=0.4,"Menor",IF(AB15<=0.6,"Moderado",IF(AB15<=0.8,"Mayor","Catastrófico"))))),"") -> Mayor | AB15: =IFERROR(IF(Q15="Impacto",(M15-(+M15*T15)),IF(Q15="Probabilidad",M15,"")),"") -> 0.8 | AC15: =IFERROR(IF(OR(AND(Y15="Muy Baja",AA15="Leve"),AND(Y15="Muy Baja",AA15="Menor"),AND(Y15="Baja",AA15="Leve")),"Bajo",IF(OR(AND(Y15="Muy baja",AA15="Moderado"),AND(Y15="Baja",AA15="Menor"),AND(Y15="Baja",AA15="Moderado"),AND(Y15="Media",AA15="Leve"),AND(Y15="Media",AA15="Menor"),AND(Y15="Media",AA15="Moderado"),AND(Y15="Alta",AA15="Leve"),AND(Y15="Alta",AA15="Menor")),"Moderado",IF(OR(AND(Y15="Muy Baja",AA15="Mayor"),AND(Y15="Baja",AA15="Mayor"),AND(Y15="Media",AA15="Mayor"),AND(Y15="Alta",AA15="Moderado"),AND(Y15="Alta",AA15="Mayor"),AND(Y15="Muy Alta",AA15="Leve"),AND(Y15="Muy Alta",AA15="Menor"),AND(Y15="Muy Alta",AA15="Moderado"),AND(Y15="Muy Alta",AA15="Mayor")),"Alto",IF(OR(AND(Y15="Muy Baja",AA15="Catastrófico"),AND(Y15="Baja",AA15="Catastrófico"),AND(Y15="Media",AA15="Catastrófico"),AND(Y15="Alta",AA15="Catastrófico"),AND(Y15="Muy Alta",AA15="Catastrófico")),"Extremo","")))),"") -> Alto | AD15: Reducir (mitigar) | AE15: Realizar una socialización de la matriz de Ley de Transparencia a los líderes de área para recordarles sus documentos y responsabilidades. | AF15: Jefe de TRO Digital | AG15: 46055 | AH15: 46374
K16: =IF(NOT(ISERROR(MATCH(J16,_xlfn.ANCHORARRAY(E19),0))),#REF!&"Por favor no seleccionar los criterios de impacto",J16) -> 0 | O16: 2 | Q16: =IF(OR(R16="Preventivo",R16="Detectivo"),"Probabilidad",IF(R16="Correctivo","Impacto","")) | T16: =IF(AND(R16="Preventivo",S16="Automático"),"50%",IF(AND(R16="Preventivo",S16="Manual"),"40%",IF(AND(R16="Detectivo",S16="Automático"),"40%",IF(AND(R16="Detectivo",S16="Manual"),"30%",IF(AND(R16="Correctivo",S16="Automático"),"35%",IF(AND(R16="Correctivo",S16="Manual"),"25%","")))))) | X16: =IFERROR(IF(AND(Q15="Probabilidad",Q16="Probabilidad"),(Z15-(+Z15*T16)),IF(Q16="Probabilidad",(I15-(+I15*T16)),IF(Q16="Impacto",Z15,""))),"") | Y16: =IFERROR(IF(X16="","",IF(X16<=0.2,"Muy Baja",IF(X16<=0.4,"Baja",IF(X16<=0.6,"Media",IF(X16<=0.8,"Alta","Muy Alta"))))),"") | Z16: =+X16 | AA16: =IFERROR(IF(AB16="","",IF(AB16<=0.2,"Leve",IF(AB16<=0.4,"Menor",IF(AB16<=0.6,"Moderado",IF(AB16<=0.8,"Mayor","Catastrófico"))))),"") | AB16: =IFERROR(IF(AND(Q15="Impacto",Q16="Impacto"),(AB15-(+AB15*T16)),IF(Q16="Impacto",(M15-(+M15*T16)),IF(Q16="Probabilidad",AB15,""))),"") | AC16: =IFERROR(IF(OR(AND(Y16="Muy Baja",AA16="Leve"),AND(Y16="Muy Baja",AA16="Menor"),AND(Y16="Baja",AA16="Leve")),"Bajo",IF(OR(AND(Y16="Muy baja",AA16="Moderado"),AND(Y16="Baja",AA16="Menor"),AND(Y16="Baja",AA16="Moderado"),AND(Y16="Media",AA16="Leve"),AND(Y16="Media",AA16="Menor"),AND(Y16="Media",AA16="Moderado"),AND(Y16="Alta",AA16="Leve"),AND(Y16="Alta",AA16="Menor")),"Moderado",IF(OR(AND(Y16="Muy Baja",AA16="Mayor"),AND(Y16="Baja",AA16="Mayor"),AND(Y16="Media",AA16="Mayor"),AND(Y16="Alta",AA16="Moderado"),AND(Y16="Alta",AA16="Mayor"),AND(Y16="Muy Alta",AA16="Leve"),AND(Y16="Muy Alta",AA16="Menor"),AND(Y16="Muy Alta",AA16="Moderado"),AND(Y16="Muy Alta",AA16="Mayor")),"Alto",IF(OR(AND(Y16="Muy Baja",AA16="Catastrófico"),AND(Y16="Baja",AA16="Catastrófico"),AND(Y16="Media",AA16="Catastrófico"),AND(Y16="Alta",AA16="Catastrófico"),AND(Y16="Muy Alta",AA16="Catastrófico")),"Extremo","")))),"") | AE16: Realizar trimestralmente un seguimiento al cargue de la información en el botón de transparencia de la página web. | AF16: Jefe de TRO Digital | AG16: 46055 | AH16: 46374
A17: 4 | B17: Gestión de TRO Digital | C17: Reputacional | D17: No realizar seguimiento o monitoreo al desempeño de las plataformas donde se encuentran las cuentas oficiales de Canal TRO Cambio de políticas de seguridad o caída de plataformas que impiden su desarrollo. | E17: Posible falla o intermitencia en las plataformas que se implementan para la generación de contenidos | F17: Fallas Tecnológicas | G17: 40 | H17: =IF(G17<=0,"",IF(G17<=2,"Muy Baja",IF(G17<=24,"Baja",IF(G17<=500,"Media",IF(G17<=5000,"Alta","Muy Alta"))))) -> Media | I17: =IF(H17="","",IF(H17="Muy Baja",0.2,IF(H17="Baja",0.4,IF(H17="Media",0.6,IF(H17="Alta",0.8,IF(H17="Muy Alta",1,)))))) -> 0.6 | J17: El riesgo afecta la imagen de alguna área de la organización | K17: =IF(NOT(ISERROR(MATCH(J17,'Tabla Impacto'!$B$221:$B$223,0))),'Tabla Impacto'!$F$223&"Por favor no seleccionar los criterios de impacto(Afectación Económica o presupuestal y Pérdida Reputacional)",J17) -> El riesgo afecta la imagen de alguna área de la organización | L17: =IF(OR(K17='Tabla Impacto'!$C$11,K17='Tabla Impacto'!$D$11),"Leve",IF(OR(K17='Tabla Impacto'!$C$12,K17='Tabla Impacto'!$D$12),"Menor",IF(OR(K17='Tabla Impacto'!$C$13,K17='Tabla Impacto'!$D$13),"Moderado",IF(OR(K17='Tabla Impacto'!$C$14,K17='Tabla Impacto'!$D$14),"Mayor",IF(OR(K17='Tabla Impacto'!$C$15,K17='Tabla Impacto'!$D$15),"Catastrófico",""))))) -> Leve | M17: =IF(L17="","",IF(L17="Leve",0.2,IF(L17="Menor",0.4,IF(L17="Moderado",0.6,IF(L17="Mayor",0.8,IF(L17="Catastrófico",1,)))))) -> 0.2 | N17: =IF(OR(AND(H17="Muy Baja",L17="Leve"),AND(H17="Muy Baja",L17="Menor"),AND(H17="Baja",L17="Leve")),"Bajo",IF(OR(AND(H17="Muy baja",L17="Moderado"),AND(H17="Baja",L17="Menor"),AND(H17="Baja",L17="Moderado"),AND(H17="Media",L17="Leve"),AND(H17="Media",L17="Menor"),AND(H17="Media",L17="Moderado"),AND(H17="Alta",L17="Leve"),AND(H17="Alta",L17="Menor")),"Moderado",IF(OR(AND(H17="Muy Baja",L17="Mayor"),AND(H17="Baja",L17="Mayor"),AND(H17="Media",L17="Mayor"),AND(H17="Alta",L17="Moderado"),AND(H17="Alta",L17="Mayor"),AND(H17="Muy Alta",L17="Leve"),AND(H17="Muy Alta",L17="Menor"),AND(H17="Muy Alta",L17="Moderado"),AND(H17="Muy Alta",L17="Mayor")),"Alto",IF(OR(AND(H17="Muy Baja",L17="Catastrófico"),AND(H17="Baja",L17="Catastrófico"),AND(H17="Media",L17="Catastrófico"),AND(H17="Alta",L17="Catastrófico"),AND(H17="Muy Alta",L17="Catastrófico")),"Extremo","")))) -> Moderado | O17: 1 | P17: La encargada de TRO Digital realiza una actualización diaria que se evidencia en el registro en la parte inferior de la página web. En caso de presentarse fallas se realiza un protocolo que inicia con el reporte al proveedor de la falla, siendo atendido el soporte en un plazo que va desde 1 a 24 horas, según la anomalía presentada | Q17: =IF(OR(R17="Preventivo",R17="Detectivo"),"Probabilidad",IF(R17="Correctivo","Impacto","")) -> Probabilidad | R17: Preventivo | S17: Manual | T17: =IF(AND(R17="Preventivo",S17="Automático"),"50%",IF(AND(R17="Preventivo",S17="Manual"),"40%",IF(AND(R17="Detectivo",S17="Automático"),"40%",IF(AND(R17="Detectivo",S17="Manual"),"30%",IF(AND(R17="Correctivo",S17="Automático"),"35%",IF(AND(R17="Correctivo",S17="Manual"),"25%","")))))) -> 40% | U17: Documentado | V17: Continua | W17: Con Registro | X17: =IFERROR(IF(Q17="Probabilidad",(I17-(+I17*T17)),IF(Q17="Impacto",I17,"")),"") -> 0.36 | Y17: =IFERROR(IF(X17="","",IF(X17<=0.2,"Muy Baja",IF(X17<=0.4,"Baja",IF(X17<=0.6,"Media",IF(X17<=0.8,"Alta","Muy Alta"))))),"") -> Baja | Z17: =+X17 -> 0.36 | AA17: =IFERROR(IF(AB17="","",IF(AB17<=0.2,"Leve",IF(AB17<=0.4,"Menor",IF(AB17<=0.6,"Moderado",IF(AB17<=0.8,"Mayor","Catastrófico"))))),"") -> Leve | AB17: =IFERROR(IF(Q17="Impacto",(M17-(+M17*T17)),IF(Q17="Probabilidad",M17,"")),"") -> 0.2 | AC17: =IFERROR(IF(OR(AND(Y17="Muy Baja",AA17="Leve"),AND(Y17="Muy Baja",AA17="Menor"),AND(Y17="Baja",AA17="Leve")),"Bajo",IF(OR(AND(Y17="Muy baja",AA17="Moderado"),AND(Y17="Baja",AA17="Menor"),AND(Y17="Baja",AA17="Moderado"),AND(Y17="Media",AA17="Leve"),AND(Y17="Media",AA17="Menor"),AND(Y17="Media",AA17="Moderado"),AND(Y17="Alta",AA17="Leve"),AND(Y17="Alta",AA17="Menor")),"Moderado",IF(OR(AND(Y17="Muy Baja",AA17="Mayor"),AND(Y17="Baja",AA17="Mayor"),AND(Y17="Media",AA17="Mayor"),AND(Y17="Alta",AA17="Moderado"),AND(Y17="Alta",AA17="Mayor"),AND(Y17="Muy Alta",AA17="Leve"),AND(Y17="Muy Alta",AA17="Menor"),AND(Y17="Muy Alta",AA17="Moderado"),AND(Y17="Muy Alta",AA17="Mayor")),"Alto",IF(OR(AND(Y17="Muy Baja",AA17="Catastrófico"),AND(Y17="Baja",AA17="Catastrófico"),AND(Y17="Media",AA17="Catastrófico"),AND(Y17="Alta",AA17="Catastrófico"),AND(Y17="Muy Alta",AA17="Catastrófico")),"Extremo","")))),"") -> Bajo | AD17: Evitar | AE17: Solicitar soporte al proveedor mediante correo electrónico o ticket de soporte. | AF17: Jefe de TRO Digital | AG17: 46055 | AH17: 46374
K18: =IF(NOT(ISERROR(MATCH(J18,_xlfn.ANCHORARRAY(E21),0))),#REF!&"Por favor no seleccionar los criterios de impacto",J18) -> 0 | O18: 2 | Q18: =IF(OR(R18="Preventivo",R18="Detectivo"),"Probabilidad",IF(R18="Correctivo","Impacto","")) | T18: =IF(AND(R18="Preventivo",S18="Automático"),"50%",IF(AND(R18="Preventivo",S18="Manual"),"40%",IF(AND(R18="Detectivo",S18="Automático"),"40%",IF(AND(R18="Detectivo",S18="Manual"),"30%",IF(AND(R18="Correctivo",S18="Automático"),"35%",IF(AND(R18="Correctivo",S18="Manual"),"25%","")))))) | X18: =IFERROR(IF(AND(Q17="Probabilidad",Q18="Probabilidad"),(Z17-(+Z17*T18)),IF(Q18="Probabilidad",(I17-(+I17*T18)),IF(Q18="Impacto",Z17,""))),"") | Y18: =IFERROR(IF(X18="","",IF(X18<=0.2,"Muy Baja",IF(X18<=0.4,"Baja",IF(X18<=0.6,"Media",IF(X18<=0.8,"Alta","Muy Alta"))))),"") | Z18: =+X18 | AA18: =IFERROR(IF(AB18="","",IF(AB18<=0.2,"Leve",IF(AB18<=0.4,"Menor",IF(AB18<=0.6,"Moderado",IF(AB18<=0.8,"Mayor","Catastrófico"))))),"") | AB18: =IFERROR(IF(AND(Q17="Impacto",Q18="Impacto"),(AB17-(+AB17*T18)),IF(Q18="Impacto",(M17-(+M17*T18)),IF(Q18="Probabilidad",AB17,""))),"") | AC18: =IFERROR(IF(OR(AND(Y18="Muy Baja",AA18="Leve"),AND(Y18="Muy Baja",AA18="Menor"),AND(Y18="Baja",AA18="Leve")),"Bajo",IF(OR(AND(Y18="Muy baja",AA18="Moderado"),AND(Y18="Baja",AA18="Menor"),AND(Y18="Baja",AA18="Moderado"),AND(Y18="Media",AA18="Leve"),AND(Y18="Media",AA18="Menor"),AND(Y18="Media",AA18="Moderado"),AND(Y18="Alta",AA18="Leve"),AND(Y18="Alta",AA18="Menor")),"Moderado",IF(OR(AND(Y18="Muy Baja",AA18="Mayor"),AND(Y18="Baja",AA18="Mayor"),AND(Y18="Media",AA18="Mayor"),AND(Y18="Alta",AA18="Moderado"),AND(Y18="Alta",AA18="Mayor"),AND(Y18="Muy Alta",AA18="Leve"),AND(Y18="Muy Alta",AA18="Menor"),AND(Y18="Muy Alta",AA18="Moderado"),AND(Y18="Muy Alta",AA18="Mayor")),"Alto",IF(OR(AND(Y18="Muy Baja",AA18="Catastrófico"),AND(Y18="Baja",AA18="Catastrófico"),AND(Y18="Media",AA18="Catastrófico"),AND(Y18="Alta",AA18="Catastrófico"),AND(Y18="Muy Alta",AA18="Catastrófico")),"Extremo","")))),"") | AE18: Realizar el reporte de la falla al área competente y dar seguimiento hasta su tratamiento y resolución | AF18: Jefe de TRO Digital | AG18: 46055 | AH18: 46374
A19: 5 | B19: Gestión Comunicaciones | C19: Económico y Reputacional | D19: Incumplimiento de las estrategias pactadas en el PEI Desconocimientos de los procedimientos realizados dentro del área de Comunicaciones y Mercadeo por parte de los colaboradores que la integran. Desconocer la percepción de la imagen de la Televisión Regional del Oriente por las partes interesadas | E19: Debilidad en el posicionamiento de imagen debido a la posible percepción desfavorable del público externo sobre las actividades y estrategias implementadas en el Canal TRO. | F19: Fraude Interno | G19: 60 | H19: =IF(G19<=0,"",IF(G19<=2,"Muy Baja",IF(G19<=24,"Baja",IF(G19<=500,"Media",IF(G19<=5000,"Alta","Muy Alta"))))) -> Media | I19: =IF(H19="","",IF(H19="Muy Baja",0.2,IF(H19="Baja",0.4,IF(H19="Media",0.6,IF(H19="Alta",0.8,IF(H19="Muy Alta",1,)))))) -> 0.6 | J19: El riesgo afecta la imagen de la entidad con algunos usuarios de relevancia frente al logro de los objetivos | K19: =IF(NOT(ISERROR(MATCH(J19,'Tabla Impacto'!$B$221:$B$223,0))),'Tabla Impacto'!$F$223&"Por favor no seleccionar los criterios de impacto(Afectación Económica o presupuestal y Pérdida Reputacional)",J19) -> El riesgo afecta la imagen de la entidad con algunos usuarios de relevancia frente al logro de los objetivos | L19: =IF(OR(K19='Tabla Impacto'!$C$11,K19='Tabla Impacto'!$D$11),"Leve",IF(OR(K19='Tabla Impacto'!$C$12,K19='Tabla Impacto'!$D$12),"Menor",IF(OR(K19='Tabla Impacto'!$C$13,K19='Tabla Impacto'!$D$13),"Moderado",IF(OR(K19='Tabla Impacto'!$C$14,K19='Tabla Impacto'!$D$14),"Mayor",IF(OR(K19='Tabla Impacto'!$C$15,K19='Tabla Impacto'!$D$15),"Catastrófico",""))))) -> Moderado | M19: =IF(L19="","",IF(L19="Leve",0.2,IF(L19="Menor",0.4,IF(L19="Moderado",0.6,IF(L19="Mayor",0.8,IF(L19="Catastrófico",1,)))))) -> 0.6 | N19: =IF(OR(AND(H19="Muy Baja",L19="Leve"),AND(H19="Muy Baja",L19="Menor"),AND(H19="Baja",L19="Leve")),"Bajo",IF(OR(AND(H19="Muy baja",L19="Moderado"),AND(H19="Baja",L19="Menor"),AND(H19="Baja",L19="Moderado"),AND(H19="Media",L19="Leve"),AND(H19="Media",L19="Menor"),AND(H19="Media",L19="Moderado"),AND(H19="Alta",L19="Leve"),AND(H19="Alta",L19="Menor")),"Moderado",IF(OR(AND(H19="Muy Baja",L19="Mayor"),AND(H19="Baja",L19="Mayor"),AND(H19="Media",L19="Mayor"),AND(H19="Alta",L19="Moderado"),AND(H19="Alta",L19="Mayor"),AND(H19="Muy Alta",L19="Leve"),AND(H19="Muy Alta",L19="Menor"),AND(H19="Muy Alta",L19="Moderado"),AND(H19="Muy Alta",L19="Mayor")),"Alto",IF(OR(AND(H19="Muy Baja",L19="Catastrófico"),AND(H19="Baja",L19="Catastrófico"),AND(H19="Media",L19="Catastrófico"),AND(H19="Alta",L19="Catastrófico"),AND(H19="Muy Alta",L19="Catastrófico")),"Extremo","")))) -> Moderado | O19: 1 | P19: El encargado de Comunicaciones y su equipo ejecutan las estrategias establecidas en el Plan Estratégico Institucional (PEI), elaborando informes trimestrales sobre el avance obtenido en cada una de las actividades ejecutadas. | Q19: =IF(OR(R19="Preventivo",R19="Detectivo"),"Probabilidad",IF(R19="Correctivo","Impacto","")) -> Probabilidad | R19: Preventivo | S19: Manual | T19: =IF(AND(R19="Preventivo",S19="Automático"),"50%",IF(AND(R19="Preventivo",S19="Manual"),"40%",IF(AND(R19="Detectivo",S19="Automático"),"40%",IF(AND(R19="Detectivo",S19="Manual"),"30%",IF(AND(R19="Correctivo",S19="Automático"),"35%",IF(AND(R19="Correctivo",S19="Manual"),"25%","")))))) -> 40% | U19: Documentado | V19: Continua | W19: Con Registro | X19: =IFERROR(IF(Q19="Probabilidad",(I19-(+I19*T19)),IF(Q19="Impacto",I19,"")),"") -> 0.36 | Y19: =IFERROR(IF(X19="","",IF(X19<=0.2,"Muy Baja",IF(X19<=0.4,"Baja",IF(X19<=0.6,"Media",IF(X19<=0.8,"Alta","Muy Alta"))))),"") -> Baja | Z19: =+X19 -> 0.36 | AA19: =IFERROR(IF(AB19="","",IF(AB19<=0.2,"Leve",IF(AB19<=0.4,"Menor",IF(AB19<=0.6,"Moderado",IF(AB19<=0.8,"Mayor","Catastrófico"))))),"") -> Moderado | AB19: =IFERROR(IF(Q19="Impacto",(M19-(+M19*T19)),IF(Q19="Probabilidad",M19,"")),"") -> 0.6 | AC19: =IFERROR(IF(OR(AND(Y19="Muy Baja",AA19="Leve"),AND(Y19="Muy Baja",AA19="Menor"),AND(Y19="Baja",AA19="Leve")),"Bajo",IF(OR(AND(Y19="Muy baja",AA19="Moderado"),AND(Y19="Baja",AA19="Menor"),AND(Y19="Baja",AA19="Moderado"),AND(Y19="Media",AA19="Leve"),AND(Y19="Media",AA19="Menor"),AND(Y19="Media",AA19="Moderado"),AND(Y19="Alta",AA19="Leve"),AND(Y19="Alta",AA19="Menor")),"Moderado",IF(OR(AND(Y19="Muy Baja",AA19="Mayor"),AND(Y19="Baja",AA19="Mayor"),AND(Y19="Media",AA19="Mayor"),AND(Y19="Alta",AA19="Moderado"),AND(Y19="Alta",AA19="Mayor"),AND(Y19="Muy Alta",AA19="Leve"),AND(Y19="Muy Alta",AA19="Menor"),AND(Y19="Muy Alta",AA19="Moderado"),AND(Y19="Muy Alta",AA19="Mayor")),"Alto",IF(OR(AND(Y19="Muy Baja",AA19="Catastrófico"),AND(Y19="Baja",AA19="Catastrófico"),AND(Y19="Media",AA19="Catastrófico"),AND(Y19="Alta",AA19="Catastrófico"),AND(Y19="Muy Alta",AA19="Catastrófico")),"Extremo","")))),"") -> Moderado | AD19: Evitar | AE19: Realizar trimestralmente un informe de seguimiento del PEI para monitorear y evaluar el avance de las estrategias de comunicaciones implementadas. | AF19: Jefe de Comunicaciones | AG19: 46055 | AH19: 46374
K20: =IF(NOT(ISERROR(MATCH(J20,_xlfn.ANCHORARRAY(E23),0))),I25&"Por favor no seleccionar los criterios de impacto",J20) -> 0 | O20: 2 | P20: El encargado de Comunicaciones y su equipo actualizan y revisan la documentación de la Gestión de Comunicaciones, como los procedimientos y políticas, de manera anual o según sea necesario. | Q20: =IF(OR(R20="Preventivo",R20="Detectivo"),"Probabilidad",IF(R20="Correctivo","Impacto","")) -> Probabilidad | R20: Preventivo | S20: Manual | T20: =IF(AND(R20="Preventivo",S20="Automático"),"50%",IF(AND(R20="Preventivo",S20="Manual"),"40%",IF(AND(R20="Detectivo",S20="Automático"),"40%",IF(AND(R20="Detectivo",S20="Manual"),"30%",IF(AND(R20="Correctivo",S20="Automático"),"35%",IF(AND(R20="Correctivo",S20="Manual"),"25%","")))))) -> 40% | U20: Documentado | V20: Continua | W20: Con Registro | X20: =IFERROR(IF(Q20="Probabilidad",(I20-(+I20*T20)),IF(Q20="Impacto",I20,"")),"") -> 0 | Y20: =IFERROR(IF(X20="","",IF(X20<=0.2,"Muy Baja",IF(X20<=0.4,"Baja",IF(X20<=0.6,"Media",IF(X20<=0.8,"Alta","Muy Alta"))))),"") -> Muy Baja | Z20: =+X20 -> 0 | AA20: =IFERROR(IF(AB20="","",IF(AB20<=0.2,"Leve",IF(AB20<=0.4,"Menor",IF(AB20<=0.6,"Moderado",IF(AB20<=0.8,"Mayor","Catastrófico"))))),"") -> Leve | AB20: =IFERROR(IF(Q20="Impacto",(M20-(+M20*T20)),IF(Q20="Probabilidad",M20,"")),"") -> 0 | AC20: =IFERROR(IF(OR(AND(Y20="Muy Baja",AA20="Leve"),AND(Y20="Muy Baja",AA20="Menor"),AND(Y20="Baja",AA20="Leve")),"Bajo",IF(OR(AND(Y20="Muy baja",AA20="Moderado"),AND(Y20="Baja",AA20="Menor"),AND(Y20="Baja",AA20="Moderado"),AND(Y20="Media",AA20="Leve"),AND(Y20="Media",AA20="Menor"),AND(Y20="Media",AA20="Moderado"),AND(Y20="Alta",AA20="Leve"),AND(Y20="Alta",AA20="Menor")),"Moderado",IF(OR(AND(Y20="Muy Baja",AA20="Mayor"),AND(Y20="Baja",AA20="Mayor"),AND(Y20="Media",AA20="Mayor"),AND(Y20="Alta",AA20="Moderado"),AND(Y20="Alta",AA20="Mayor"),AND(Y20="Muy Alta",AA20="Leve"),AND(Y20="Muy Alta",AA20="Menor"),AND(Y20="Muy Alta",AA20="Moderado"),AND(Y20="Muy Alta",AA20="Mayor")),"Alto",IF(OR(AND(Y20="Muy Baja",AA20="Catastrófico"),AND(Y20="Baja",AA20="Catastrófico"),AND(Y20="Media",AA20="Catastrófico"),AND(Y20="Alta",AA20="Catastrófico"),AND(Y20="Muy Alta",AA20="Catastrófico")),"Extremo","")))),"") -> Bajo | AD20: Evitar | AE20: Actualizar y revisar la documentación de la Gestión de Comunicaciones anualmente o según sea necesario, asegurando su pertinencia y eficacia. | AF20: Jefe de Comunicaciones | AG20: 46055 | AH20: 46374
A21: 6 | B21: Gestión Comunicaciones | C21: Económico y Reputacional | D21: Desconocimiento de los tiempos de respuesta de Ley por parte de las áreas involucradas en el proceso PQRSD Falta de un software para la asignación de las PQRSD con el fin de realizar trazabilidad. | E21: Posibilidad de responder extemporáneamente a las PQRSD (Peticiones, Quejas, Reclamos y Sugerencias) que ingresen al Canal TRO. | F21: Fraude Interno | G21: 5000 | H21: =IF(G21<=0,"",IF(G21<=2,"Muy Baja",IF(G21<=24,"Baja",IF(G21<=500,"Media",IF(G21<=5000,"Alta","Muy Alta"))))) -> Alta | I21: =IF(H21="","",IF(H21="Muy Baja",0.2,IF(H21="Baja",0.4,IF(H21="Media",0.6,IF(H21="Alta",0.8,IF(H21="Muy Alta",1,)))))) -> 0.8 | J21: Entre 10 y 50 SMLMV | K21: =IF(NOT(ISERROR(MATCH(J21,'Tabla Impacto'!$B$221:$B$223,0))),'Tabla Impacto'!$F$223&"Por favor no seleccionar los criterios de impacto(Afectación Económica o presupuestal y Pérdida Reputacional)",J21) -> Entre 10 y 50 SMLMV | L21: =IF(OR(K21='Tabla Impacto'!$C$11,K21='Tabla Impacto'!$D$11),"Leve",IF(OR(K21='Tabla Impacto'!$C$12,K21='Tabla Impacto'!$D$12),"Menor",IF(OR(K21='Tabla Impacto'!$C$13,K21='Tabla Impacto'!$D$13),"Moderado",IF(OR(K21='Tabla Impacto'!$C$14,K21='Tabla Impacto'!$D$14),"Mayor",IF(OR(K21='Tabla Impacto'!$C$15,K21='Tabla Impacto'!$D$15),"Catastrófico",""))))) -> Menor | M21: =IF(L21="","",IF(L21="Leve",0.2,IF(L21="Menor",0.4,IF(L21="Moderado",0.6,IF(L21="Mayor",0.8,IF(L21="Catastrófico",1,)))))) -> 0.4 | N21: =IF(OR(AND(H21="Muy Baja",L21="Leve"),AND(H21="Muy Baja",L21="Menor"),AND(H21="Baja",L21="Leve")),"Bajo",IF(OR(AND(H21="Muy baja",L21="Moderado"),AND(H21="Baja",L21="Menor"),AND(H21="Baja",L21="Moderado"),AND(H21="Media",L21="Leve"),AND(H21="Media",L21="Menor"),AND(H21="Media",L21="Moderado"),AND(H21="Alta",L21="Leve"),AND(H21="Alta",L21="Menor")),"Moderado",IF(OR(AND(H21="Muy Baja",L21="Mayor"),AND(H21="Baja",L21="Mayor"),AND(H21="Media",L21="Mayor"),AND(H21="Alta",L21="Moderado"),AND(H21="Alta",L21="Mayor"),AND(H21="Muy Alta",L21="Leve"),AND(H21="Muy Alta",L21="Menor"),AND(H21="Muy Alta",L21="Moderado"),AND(H21="Muy Alta",L21="Mayor")),"Alto",IF(OR(AND(H21="Muy Baja",L21="Catastrófico"),AND(H21="Baja",L21="Catastrófico"),AND(H21="Media",L21="Catastrófico"),AND(H21="Alta",L21="Catastrófico"),AND(H21="Muy Alta",L21="Catastrófico")),"Extremo","")))) -> Moderado | O21: 1 | P21: La Alta Gerencia realiza la asignación de las PQRSD a las áreas responsables a través del software institucional, el cual genera notificaciones automáticas a los colaboradores designados. El encargado de PQRSD realiza seguimiento al cumplimiento de los términos de respuesta mediante el monitoreo mensual del formato E-GC-P02-F03 y la verificación de la trazabilidad en el sistema. En caso de detectar inconsistencias o incumplimientos en la gestión de las solicitudes, debe informar inmediatamente al Secretario General para tomar las medidas correctivas pertinentes. | Q21: =IF(OR(R21="Preventivo",R21="Detectivo"),"Probabilidad",IF(R21="Correctivo","Impacto","")) -> Probabilidad | R21: Preventivo | S21: Manual | T21: =IF(AND(R21="Preventivo",S21="Automático"),"50%",IF(AND(R21="Preventivo",S21="Manual"),"40%",IF(AND(R21="Detectivo",S21="Automático"),"40%",IF(AND(R21="Detectivo",S21="Manual"),"30%",IF(AND(R21="Correctivo",S21="Automático"),"35%",IF(AND(R21="Correctivo",S21="Manual"),"25%","")))))) -> 40% | U21: Documentado | V21: Continua | W21: Con Registro | X21: =IFERROR(IF(Q21="Probabilidad",(I21-(+I21*T21)),IF(Q21="Impacto",I21,"")),"") -> 0.48 | Y21: =IFERROR(IF(X21="","",IF(X21<=0.2,"Muy Baja",IF(X21<=0.4,"Baja",IF(X21<=0.6,"Media",IF(X21<=0.8,"Alta","Muy Alta"))))),"") -> Media | Z21: =+X21 -> 0.48 | AA21: =IFERROR(IF(AB21="","",IF(AB21<=0.2,"Leve",IF(AB21<=0.4,"Menor",IF(AB21<=0.6,"Moderado",IF(AB21<=0.8,"Mayor","Catastrófico"))))),"") -> Menor | AB21: =IFERROR(IF(Q21="Impacto",(M21-(+M21*T21)),IF(Q21="Probabilidad",M21,"")),"") -> 0.4 | AC21: =IFERROR(IF(OR(AND(Y21="Muy Baja",AA21="Leve"),AND(Y21="Muy Baja",AA21="Menor"),AND(Y21="Baja",AA21="Leve")),"Bajo",IF(OR(AND(Y21="Muy baja",AA21="Moderado"),AND(Y21="Baja",AA21="Menor"),AND(Y21="Baja",AA21="Moderado"),AND(Y21="Media",AA21="Leve"),AND(Y21="Media",AA21="Menor"),AND(Y21="Media",AA21="Moderado"),AND(Y21="Alta",AA21="Leve"),AND(Y21="Alta",AA21="Menor")),"Moderado",IF(OR(AND(Y21="Muy Baja",AA21="Mayor"),AND(Y21="Baja",AA21="Mayor"),AND(Y21="Media",AA21="Mayor"),AND(Y21="Alta",AA21="Moderado"),AND(Y21="Alta",AA21="Mayor"),AND(Y21="Muy Alta",AA21="Leve"),AND(Y21="Muy Alta",AA21="Menor"),AND(Y21="Muy Alta",AA21="Moderado"),AND(Y21="Muy Alta",AA21="Mayor")),"Alto",IF(OR(AND(Y21="Muy Baja",AA21="Catastrófico"),AND(Y21="Baja",AA21="Catastrófico"),AND(Y21="Media",AA21="Catastrófico"),AND(Y21="Alta",AA21="Catastrófico"),AND(Y21="Muy Alta",AA21="Catastrófico")),"Extremo","")))),"") -> Moderado | AD21: Evitar | AE21: Realizar seguimiento semanal a la gestión de las PQRSD en el software institucional, verificando el estado de cada solicitud asignada y registrando observaciones en el formato E-GC-P02-F03. Ante cualquier inconsistencia o incumplimiento detectado, la encargada de PQRSD deberá informar de inmediato al Secretario General para garantizar la trazabilidad y oportunidad en las respuestas | AF21: Jefe de Comunicaciones | AG21: 46055 | AH21: 46374
K22: =IF(NOT(ISERROR(MATCH(J22,_xlfn.ANCHORARRAY(E26),0))),#REF!&"Por favor no seleccionar los criterios de impacto",J22) -> 0 | O22: 2 | Q22: =IF(OR(R22="Preventivo",R22="Detectivo"),"Probabilidad",IF(R22="Correctivo","Impacto","")) | T22: =IF(AND(R22="Preventivo",S22="Automático"),"50%",IF(AND(R22="Preventivo",S22="Manual"),"40%",IF(AND(R22="Detectivo",S22="Automático"),"40%",IF(AND(R22="Detectivo",S22="Manual"),"30%",IF(AND(R22="Correctivo",S22="Automático"),"35%",IF(AND(R22="Correctivo",S22="Manual"),"25%","")))))) | X22: =IFERROR(IF(AND(Q21="Probabilidad",Q22="Probabilidad"),(Z21-(+Z21*T22)),IF(Q22="Probabilidad",(I21-(+I21*T22)),IF(Q22="Impacto",Z21,""))),"") | Y22: =IFERROR(IF(X22="","",IF(X22<=0.2,"Muy Baja",IF(X22<=0.4,"Baja",IF(X22<=0.6,"Media",IF(X22<=0.8,"Alta","Muy Alta"))))),"") | Z22: =+X22 | AA22: =IFERROR(IF(AB22="","",IF(AB22<=0.2,"Leve",IF(AB22<=0.4,"Menor",IF(AB22<=0.6,"Moderado",IF(AB22<=0.8,"Mayor","Catastrófico"))))),"") | AB22: =IFERROR(IF(AND(Q21="Impacto",Q22="Impacto"),(AB21-(+AB21*T22)),IF(Q22="Impacto",(M21-(+M21*T22)),IF(Q22="Probabilidad",AB21,""))),"") | AC22: =IFERROR(IF(OR(AND(Y22="Muy Baja",AA22="Leve"),AND(Y22="Muy Baja",AA22="Menor"),AND(Y22="Baja",AA22="Leve")),"Bajo",IF(OR(AND(Y22="Muy baja",AA22="Moderado"),AND(Y22="Baja",AA22="Menor"),AND(Y22="Baja",AA22="Moderado"),AND(Y22="Media",AA22="Leve"),AND(Y22="Media",AA22="Menor"),AND(Y22="Media",AA22="Moderado"),AND(Y22="Alta",AA22="Leve"),AND(Y22="Alta",AA22="Menor")),"Moderado",IF(OR(AND(Y22="Muy Baja",AA22="Mayor"),AND(Y22="Baja",AA22="Mayor"),AND(Y22="Media",AA22="Mayor"),AND(Y22="Alta",AA22="Moderado"),AND(Y22="Alta",AA22="Mayor"),AND(Y22="Muy Alta",AA22="Leve"),AND(Y22="Muy Alta",AA22="Menor"),AND(Y22="Muy Alta",AA22="Moderado"),AND(Y22="Muy Alta",AA22="Mayor")),"Alto",IF(OR(AND(Y22="Muy Baja",AA22="Catastrófico"),AND(Y22="Baja",AA22="Catastrófico"),AND(Y22="Media",AA22="Catastrófico"),AND(Y22="Alta",AA22="Catastrófico"),AND(Y22="Muy Alta",AA22="Catastrófico")),"Extremo","")))),"") | AG22: 46055 | AH22: 46374
A23: 7 | B23: Gestión Comercialización y Ventas | C23: Reputacional | D23: Disminución de la pauta publicitaria por poca captación de clientes No contar con estrategias de mercadeo que visibilice el Canal TRO Debilidad en el servicio Post venta. Debilidad en la fuerza de ventas por poco compromiso por parte de los asesores en la captación de clientes. | E23: Posibilidad de Incumplimiento de las metas comerciales proyectadas para la vigencia | F23: Ejecución y Administración de procesos | G23: 40 | H23: =IF(G23<=0,"",IF(G23<=2,"Muy Baja",IF(G23<=24,"Baja",IF(G23<=500,"Media",IF(G23<=5000,"Alta","Muy Alta"))))) -> Media | I23: =IF(H23="","",IF(H23="Muy Baja",0.2,IF(H23="Baja",0.4,IF(H23="Media",0.6,IF(H23="Alta",0.8,IF(H23="Muy Alta",1,)))))) -> 0.6 | J23: El riesgo afecta la imagen de la entidad internamente, de conocimiento general, nivel interno, de junta dircetiva y accionistas y/o de provedores | K23: =IF(NOT(ISERROR(MATCH(J23,'Tabla Impacto'!$B$221:$B$223,0))),'Tabla Impacto'!$F$223&"Por favor no seleccionar los criterios de impacto(Afectación Económica o presupuestal y Pérdida Reputacional)",J23) -> El riesgo afecta la imagen de la entidad internamente, de conocimiento general, nivel interno, de junta dircetiva y accionistas y/o de provedores | L23: =IF(OR(K23='Tabla Impacto'!$C$11,K23='Tabla Impacto'!$D$11),"Leve",IF(OR(K23='Tabla Impacto'!$C$12,K23='Tabla Impacto'!$D$12),"Menor",IF(OR(K23='Tabla Impacto'!$C$13,K23='Tabla Impacto'!$D$13),"Moderado",IF(OR(K23='Tabla Impacto'!$C$14,K23='Tabla Impacto'!$D$14),"Mayor",IF(OR(K23='Tabla Impacto'!$C$15,K23='Tabla Impacto'!$D$15),"Catastrófico",""))))) -> Menor | M23: =IF(L23="","",IF(L23="Leve",0.2,IF(L23="Menor",0.4,IF(L23="Moderado",0.6,IF(L23="Mayor",0.8,IF(L23="Catastrófico",1,)))))) -> 0.4 | N23: =IF(OR(AND(H23="Muy Baja",L23="Leve"),AND(H23="Muy Baja",L23="Menor"),AND(H23="Baja",L23="Leve")),"Bajo",IF(OR(AND(H23="Muy baja",L23="Moderado"),AND(H23="Baja",L23="Menor"),AND(H23="Baja",L23="Moderado"),AND(H23="Media",L23="Leve"),AND(H23="Media",L23="Menor"),AND(H23="Media",L23="Moderado"),AND(H23="Alta",L23="Leve"),AND(H23="Alta",L23="Menor")),"Moderado",IF(OR(AND(H23="Muy Baja",L23="Mayor"),AND(H23="Baja",L23="Mayor"),AND(H23="Media",L23="Mayor"),AND(H23="Alta",L23="Moderado"),AND(H23="Alta",L23="Mayor"),AND(H23="Muy Alta",L23="Leve"),AND(H23="Muy Alta",L23="Menor"),AND(H23="Muy Alta",L23="Moderado"),AND(H23="Muy Alta",L23="Mayor")),"Alto",IF(OR(AND(H23="Muy Baja",L23="Catastrófico"),AND(H23="Baja",L23="Catastrófico"),AND(H23="Media",L23="Catastrófico"),AND(H23="Alta",L23="Catastrófico"),AND(H23="Muy Alta",L23="Catastrófico")),"Extremo","")))) -> Moderado | O23: 1 | P23: La encargada del área comercial junto con el equipo de contratistas del Portafolio de Servicios, realizan el seguimiento a los clientes en la base de datos establecida, dejando trazabilidad de las propuestas que se han presentado cada vez que se requiera. | Q23: =IF(OR(R23="Preventivo",R23="Detectivo"),"Probabilidad",IF(R23="Correctivo","Impacto","")) -> Probabilidad | R23: Preventivo | S23: Manual | T23: =IF(AND(R23="Preventivo",S23="Automático"),"50%",IF(AND(R23="Preventivo",S23="Manual"),"40%",IF(AND(R23="Detectivo",S23="Automático"),"40%",IF(AND(R23="Detectivo",S23="Manual"),"30%",IF(AND(R23="Correctivo",S23="Automático"),"35%",IF(AND(R23="Correctivo",S23="Manual"),"25%","")))))) -> 40% | U23: Documentado | V23: Continua | W23: Con Registro | X23: =IFERROR(IF(Q23="Probabilidad",(I23-(+I23*T23)),IF(Q23="Impacto",I23,"")),"") -> 0.36 | Y23: =IFERROR(IF(X23="","",IF(X23<=0.2,"Muy Baja",IF(X23<=0.4,"Baja",IF(X23<=0.6,"Media",IF(X23<=0.8,"Alta","Muy Alta"))))),"") -> Baja | Z23: =+X23 -> 0.36 | AA23: =IFERROR(IF(AB23="","",IF(AB23<=0.2,"Leve",IF(AB23<=0.4,"Menor",IF(AB23<=0.6,"Moderado",IF(AB23<=0.8,"Mayor","Catastrófico"))))),"") -> Menor | AB23: =IFERROR(IF(Q23="Impacto",(M23-(+M23*T23)),IF(Q23="Probabilidad",M23,"")),"") -> 0.4 | AC23: =IFERROR(IF(OR(AND(Y23="Muy Baja",AA23="Leve"),AND(Y23="Muy Baja",AA23="Menor"),AND(Y23="Baja",AA23="Leve")),"Bajo",IF(OR(AND(Y23="Muy baja",AA23="Moderado"),AND(Y23="Baja",AA23="Menor"),AND(Y23="Baja",AA23="Moderado"),AND(Y23="Media",AA23="Leve"),AND(Y23="Media",AA23="Menor"),AND(Y23="Media",AA23="Moderado"),AND(Y23="Alta",AA23="Leve"),AND(Y23="Alta",AA23="Menor")),"Moderado",IF(OR(AND(Y23="Muy Baja",AA23="Mayor"),AND(Y23="Baja",AA23="Mayor"),AND(Y23="Media",AA23="Mayor"),AND(Y23="Alta",AA23="Moderado"),AND(Y23="Alta",AA23="Mayor"),AND(Y23="Muy Alta",AA23="Leve"),AND(Y23="Muy Alta",AA23="Menor"),AND(Y23="Muy Alta",AA23="Moderado"),AND(Y23="Muy Alta",AA23="Mayor")),"Alto",IF(OR(AND(Y23="Muy Baja",AA23="Catastrófico"),AND(Y23="Baja",AA23="Catastrófico"),AND(Y23="Media",AA23="Catastrófico"),AND(Y23="Alta",AA23="Catastrófico"),AND(Y23="Muy Alta",AA23="Catastrófico")),"Extremo","")))),"") -> Moderado | AD23: Evitar | AE23: Mantener anualmente la base de datos actualizada mediante el seguimiento a los clientes, realizando una revisión para eliminar datos obsoletos, corregir errores y actualizar la información relevante, asegurando su precisión y utilidad en las operaciones comerciales. | AF23: Encargada de Comercialización y ventas | AG23: 46055 | AH23: 46374
K24: =IF(NOT(ISERROR(MATCH(J24,_xlfn.ANCHORARRAY(E27),0))),#REF!&"Por favor no seleccionar los criterios de impacto",J24) -> 0 | O24: 2 | P24: La encargada del área comercial realiza de manera mensual la generación de paquetes promocionales para la captación de clientes. | Q24: =IF(OR(R24="Preventivo",R24="Detectivo"),"Probabilidad",IF(R24="Correctivo","Impacto","")) -> Probabilidad | R24: Preventivo | S24: Manual | T24: =IF(AND(R24="Preventivo",S24="Automático"),"50%",IF(AND(R24="Preventivo",S24="Manual"),"40%",IF(AND(R24="Detectivo",S24="Automático"),"40%",IF(AND(R24="Detectivo",S24="Manual"),"30%",IF(AND(R24="Correctivo",S24="Automático"),"35%",IF(AND(R24="Correctivo",S24="Manual"),"25%","")))))) -> 40% | U24: Documentado | V24: Continua | W24: Con Registro | X24: =IFERROR(IF(Q24="Probabilidad",(I24-(+I24*T24)),IF(Q24="Impacto",I24,"")),"") -> 0 | Y24: =IFERROR(IF(X24="","",IF(X24<=0.2,"Muy Baja",IF(X24<=0.4,"Baja",IF(X24<=0.6,"Media",IF(X24<=0.8,"Alta","Muy Alta"))))),"") -> Muy Baja | Z24: =+X24 -> 0 | AA24: =IFERROR(IF(AB24="","",IF(AB24<=0.2,"Leve",IF(AB24<=0.4,"Menor",IF(AB24<=0.6,"Moderado",IF(AB24<=0.8,"Mayor","Catastrófico"))))),"") -> Leve | AB24: =IFERROR(IF(Q24="Impacto",(M24-(+M24*T24)),IF(Q24="Probabilidad",M24,"")),"") -> 0 | AC24: =IFERROR(IF(OR(AND(Y24="Muy Baja",AA24="Leve"),AND(Y24="Muy Baja",AA24="Menor"),AND(Y24="Baja",AA24="Leve")),"Bajo",IF(OR(AND(Y24="Muy baja",AA24="Moderado"),AND(Y24="Baja",AA24="Menor"),AND(Y24="Baja",AA24="Moderado"),AND(Y24="Media",AA24="Leve"),AND(Y24="Media",AA24="Menor"),AND(Y24="Media",AA24="Moderado"),AND(Y24="Alta",AA24="Leve"),AND(Y24="Alta",AA24="Menor")),"Moderado",IF(OR(AND(Y24="Muy Baja",AA24="Mayor"),AND(Y24="Baja",AA24="Mayor"),AND(Y24="Media",AA24="Mayor"),AND(Y24="Alta",AA24="Moderado"),AND(Y24="Alta",AA24="Mayor"),AND(Y24="Muy Alta",AA24="Leve"),AND(Y24="Muy Alta",AA24="Menor"),AND(Y24="Muy Alta",AA24="Moderado"),AND(Y24="Muy Alta",AA24="Mayor")),"Alto",IF(OR(AND(Y24="Muy Baja",AA24="Catastrófico"),AND(Y24="Baja",AA24="Catastrófico"),AND(Y24="Media",AA24="Catastrófico"),AND(Y24="Alta",AA24="Catastrófico"),AND(Y24="Muy Alta",AA24="Catastrófico")),"Extremo","")))),"") -> Bajo | AD24: Evitar | AE24: Realizar mensualmente estrategias comerciales con el fin de aumentar la captación de clientes, mejorar la fidelización y aumentar las ventas, asegurando un enfoque constante en el crecimiento y el éxito del negocio. | AF24: Encargada de Comercialización y ventas | AG24: 46055 | AH24: 46374
K25: =IF(NOT(ISERROR(MATCH(J25,_xlfn.ANCHORARRAY(#REF!),0))),#REF!&"Por favor no seleccionar los criterios de impacto",J25) -> 0 | O25: 3 | P25: La encargada del área comercial coordina la aplicación de encuestas para evaluar la satisfacción del servicio prestado cada vez que se completa una orden de publicidad. | Q25: =IF(OR(R25="Preventivo",R25="Detectivo"),"Probabilidad",IF(R25="Correctivo","Impacto","")) -> Probabilidad | R25: Preventivo | S25: Manual | T25: =IF(AND(R25="Preventivo",S25="Automático"),"50%",IF(AND(R25="Preventivo",S25="Manual"),"40%",IF(AND(R25="Detectivo",S25="Automático"),"40%",IF(AND(R25="Detectivo",S25="Manual"),"30%",IF(AND(R25="Correctivo",S25="Automático"),"35%",IF(AND(R25="Correctivo",S25="Manual"),"25%","")))))) -> 40% | U25: Documentado | V25: Continua | W25: Con Registro | X25: =IFERROR(IF(Q25="Probabilidad",(I25-(+I25*T25)),IF(Q25="Impacto",I25,"")),"") -> 0 | Y25: =IFERROR(IF(X25="","",IF(X25<=0.2,"Muy Baja",IF(X25<=0.4,"Baja",IF(X25<=0.6,"Media",IF(X25<=0.8,"Alta","Muy Alta"))))),"") -> Muy Baja | Z25: =+X25 -> 0 | AA25: =IFERROR(IF(AB25="","",IF(AB25<=0.2,"Leve",IF(AB25<=0.4,"Menor",IF(AB25<=0.6,"Moderado",IF(AB25<=0.8,"Mayor","Catastrófico"))))),"") -> Leve | AB25: =IFERROR(IF(Q25="Impacto",(M25-(+M25*T25)),IF(Q25="Probabilidad",M25,"")),"") -> 0 | AC25: =IFERROR(IF(OR(AND(Y25="Muy Baja",AA25="Leve"),AND(Y25="Muy Baja",AA25="Menor"),AND(Y25="Baja",AA25="Leve")),"Bajo",IF(OR(AND(Y25="Muy baja",AA25="Moderado"),AND(Y25="Baja",AA25="Menor"),AND(Y25="Baja",AA25="Moderado"),AND(Y25="Media",AA25="Leve"),AND(Y25="Media",AA25="Menor"),AND(Y25="Media",AA25="Moderado"),AND(Y25="Alta",AA25="Leve"),AND(Y25="Alta",AA25="Menor")),"Moderado",IF(OR(AND(Y25="Muy Baja",AA25="Mayor"),AND(Y25="Baja",AA25="Mayor"),AND(Y25="Media",AA25="Mayor"),AND(Y25="Alta",AA25="Moderado"),AND(Y25="Alta",AA25="Mayor"),AND(Y25="Muy Alta",AA25="Leve"),AND(Y25="Muy Alta",AA25="Menor"),AND(Y25="Muy Alta",AA25="Moderado"),AND(Y25="Muy Alta",AA25="Mayor")),"Alto",IF(OR(AND(Y25="Muy Baja",AA25="Catastrófico"),AND(Y25="Baja",AA25="Catastrófico"),AND(Y25="Media",AA25="Catastrófico"),AND(Y25="Alta",AA25="Catastrófico"),AND(Y25="Muy Alta",AA25="Catastrófico")),"Extremo","")))),"") -> Bajo | AD25: Evitar | AE25: Realizar semestralmente la aplicación de encuestas de satisfacción a clientes con el fin de evaluar la calidad del servicio. Posteriormente, llevar a cabo una retroalimentación interna y externa basada en los resultados de las encuestas para implementar mejoras continuas y garantizar la satisfacción del cliente. | AF25: Encargada de Comercialización y ventas | AG25: 46055 | AH25: 46374
A26: 8 | B26: Gestión de Producción | C26: Económico y Reputacional | D26: Falta de adherencia a los lineamientos del Manual de Estilo de la entidad en el desarrollo de los programas entregados para emisión. Omisión en la creación de un Archivo Audiovisual para las producciones propias. Ausencia de formulación de proyectos innovadores destinados a promover y difundir la cultura de la región de influencia del Canal. | E26: Probabilidad de Emitir productos de mala calidad. | F26: Ejecución y Administración de procesos | G26: 40 | H26: =IF(G26<=0,"",IF(G26<=2,"Muy Baja",IF(G26<=24,"Baja",IF(G26<=500,"Media",IF(G26<=5000,"Alta","Muy Alta"))))) -> Media | I26: =IF(H26="","",IF(H26="Muy Baja",0.2,IF(H26="Baja",0.4,IF(H26="Media",0.6,IF(H26="Alta",0.8,IF(H26="Muy Alta",1,)))))) -> 0.6 | J26: El riesgo afecta la imagen de de la entidad con efecto publicitario sostenido a nivel de sector administrativo, nivel departamental o municipal | K26: =IF(NOT(ISERROR(MATCH(J26,'Tabla Impacto'!$B$221:$B$223,0))),'Tabla Impacto'!$F$223&"Por favor no seleccionar los criterios de impacto(Afectación Económica o presupuestal y Pérdida Reputacional)",J26) -> El riesgo afecta la imagen de de la entidad con efecto publicitario sostenido a nivel de sector administrativo, nivel departamental o municipal | L26: =IF(OR(K26='Tabla Impacto'!$C$11,K26='Tabla Impacto'!$D$11),"Leve",IF(OR(K26='Tabla Impacto'!$C$12,K26='Tabla Impacto'!$D$12),"Menor",IF(OR(K26='Tabla Impacto'!$C$13,K26='Tabla Impacto'!$D$13),"Moderado",IF(OR(K26='Tabla Impacto'!$C$14,K26='Tabla Impacto'!$D$14),"Mayor",IF(OR(K26='Tabla Impacto'!$C$15,K26='Tabla Impacto'!$D$15),"Catastrófico",""))))) -> Mayor | M26: =IF(L26="","",IF(L26="Leve",0.2,IF(L26="Menor",0.4,IF(L26="Moderado",0.6,IF(L26="Mayor",0.8,IF(L26="Catastrófico",1,)))))) -> 0.8 | N26: =IF(OR(AND(H26="Muy Baja",L26="Leve"),AND(H26="Muy Baja",L26="Menor"),AND(H26="Baja",L26="Leve")),"Bajo",IF(OR(AND(H26="Muy baja",L26="Moderado"),AND(H26="Baja",L26="Menor"),AND(H26="Baja",L26="Moderado"),AND(H26="Media",L26="Leve"),AND(H26="Media",L26="Menor"),AND(H26="Media",L26="Moderado"),AND(H26="Alta",L26="Leve"),AND(H26="Alta",L26="Menor")),"Moderado",IF(OR(AND(H26="Muy Baja",L26="Mayor"),AND(H26="Baja",L26="Mayor"),AND(H26="Media",L26="Mayor"),AND(H26="Alta",L26="Moderado"),AND(H26="Alta",L26="Mayor"),AND(H26="Muy Alta",L26="Leve"),AND(H26="Muy Alta",L26="Menor"),AND(H26="Muy Alta",L26="Moderado"),AND(H26="Muy Alta",L26="Mayor")),"Alto",IF(OR(AND(H26="Muy Baja",L26="Catastrófico"),AND(H26="Baja",L26="Catastrófico"),AND(H26="Media",L26="Catastrófico"),AND(H26="Alta",L26="Catastrófico"),AND(H26="Muy Alta",L26="Catastrófico")),"Extremo","")))) -> Alto | O26: 1 | P26: La encargada de Producción realiza comités periódicos de control y de evaluación de la producción propia del Canal TRO y de terceros, para esto se establece una fecha que se convoca a través de una circular informativa, para garantizar el cumplimiento de este lineamiento, quedando registro en el formato Acta de Comité los compromisos y mejoras del mismo. Este comité se hace mínimo una vez al semestre. | Q26: =IF(OR(R26="Preventivo",R26="Detectivo"),"Probabilidad",IF(R26="Correctivo","Impacto","")) -> Probabilidad | R26: Preventivo | S26: Manual | T26: =IF(AND(R26="Preventivo",S26="Automático"),"50%",IF(AND(R26="Preventivo",S26="Manual"),"40%",IF(AND(R26="Detectivo",S26="Automático"),"40%",IF(AND(R26="Detectivo",S26="Manual"),"30%",IF(AND(R26="Correctivo",S26="Automático"),"35%",IF(AND(R26="Correctivo",S26="Manual"),"25%","")))))) -> 40% | U26: Documentado | V26: Continua | W26: Con Registro | X26: =IFERROR(IF(Q26="Probabilidad",(I26-(+I26*T26)),IF(Q26="Impacto",I26,"")),"") -> 0.36 | Y26: =IFERROR(IF(X26="","",IF(X26<=0.2,"Muy Baja",IF(X26<=0.4,"Baja",IF(X26<=0.6,"Media",IF(X26<=0.8,"Alta","Muy Alta"))))),"") -> Baja | Z26: =+X26 -> 0.36 | AA26: =IFERROR(IF(AB26="","",IF(AB26<=0.2,"Leve",IF(AB26<=0.4,"Menor",IF(AB26<=0.6,"Moderado",IF(AB26<=0.8,"Mayor","Catastrófico"))))),"") -> Mayor | AB26: =IFERROR(IF(Q26="Impacto",(M26-(+M26*T26)),IF(Q26="Probabilidad",M26,"")),"") -> 0.8 | AC26: =IFERROR(IF(OR(AND(Y26="Muy Baja",AA26="Leve"),AND(Y26="Muy Baja",AA26="Menor"),AND(Y26="Baja",AA26="Leve")),"Bajo",IF(OR(AND(Y26="Muy baja",AA26="Moderado"),AND(Y26="Baja",AA26="Menor"),AND(Y26="Baja",AA26="Moderado"),AND(Y26="Media",AA26="Leve"),AND(Y26="Media",AA26="Menor"),AND(Y26="Media",AA26="Moderado"),AND(Y26="Alta",AA26="Leve"),AND(Y26="Alta",AA26="Menor")),"Moderado",IF(OR(AND(Y26="Muy Baja",AA26="Mayor"),AND(Y26="Baja",AA26="Mayor"),AND(Y26="Media",AA26="Mayor"),AND(Y26="Alta",AA26="Moderado"),AND(Y26="Alta",AA26="Mayor"),AND(Y26="Muy Alta",AA26="Leve"),AND(Y26="Muy Alta",AA26="Menor"),AND(Y26="Muy Alta",AA26="Moderado"),AND(Y26="Muy Alta",AA26="Mayor")),"Alto",IF(OR(AND(Y26="Muy Baja",AA26="Catastrófico"),AND(Y26="Baja",AA26="Catastrófico"),AND(Y26="Media",AA26="Catastrófico"),AND(Y26="Alta",AA26="Catastrófico"),AND(Y26="Muy Alta",AA26="Catastrófico")),"Extremo","")))),"") -> Alto | AD26: Evitar | AE26: Realizar semestralmente comités de control y evaluación de la producción propia del Canal TRO y de terceros, dejando evidencia en actas correspondientes. | AF26: Directora de Programación y producción | AG26: 46055 | AH26: 46374
A27: 9 | B27: Gestión de Producción | C27: Económico y Reputacional | D27: Problemas con la corriente eléctrica Desastres naturales Fallas en la conectividad de la señal inestabilidad en la conectividad de la señal, la cual puede verse afectada por diversos factores como problemas técnicos, interferencias externas o saturación de la red. | E27: Posibilidad de enfrentar dificultades para llevar a cabo la emisión del contenido del canal durante transmisiones en vivo desde el espacio exterior o el estudio. | F27: Fallas Tecnológicas | G27: 100 | H27: =IF(G27<=0,"",IF(G27<=2,"Muy Baja",IF(G27<=24,"Baja",IF(G27<=500,"Media",IF(G27<=5000,"Alta","Muy Alta"))))) -> Media | I27: =IF(H27="","",IF(H27="Muy Baja",0.2,IF(H27="Baja",0.4,IF(H27="Media",0.6,IF(H27="Alta",0.8,IF(H27="Muy Alta",1,)))))) -> 0.6 | J27: El riesgo afecta la imagen de de la entidad con efecto publicitario sostenido a nivel de sector administrativo, nivel departamental o municipal | K27: =IF(NOT(ISERROR(MATCH(J27,'Tabla Impacto'!$B$221:$B$223,0))),'Tabla Impacto'!$F$223&"Por favor no seleccionar los criterios de impacto(Afectación Económica o presupuestal y Pérdida Reputacional)",J27) -> El riesgo afecta la imagen de de la entidad con efecto publicitario sostenido a nivel de sector administrativo, nivel departamental o municipal | L27: =IF(OR(K27='Tabla Impacto'!$C$11,K27='Tabla Impacto'!$D$11),"Leve",IF(OR(K27='Tabla Impacto'!$C$12,K27='Tabla Impacto'!$D$12),"Menor",IF(OR(K27='Tabla Impacto'!$C$13,K27='Tabla Impacto'!$D$13),"Moderado",IF(OR(K27='Tabla Impacto'!$C$14,K27='Tabla Impacto'!$D$14),"Mayor",IF(OR(K27='Tabla Impacto'!$C$15,K27='Tabla Impacto'!$D$15),"Catastrófico",""))))) -> Mayor | M27: =IF(L27="","",IF(L27="Leve",0.2,IF(L27="Menor",0.4,IF(L27="Moderado",0.6,IF(L27="Mayor",0.8,IF(L27="Catastrófico",1,)))))) -> 0.8 | N27: =IF(OR(AND(H27="Muy Baja",L27="Leve"),AND(H27="Muy Baja",L27="Menor"),AND(H27="Baja",L27="Leve")),"Bajo",IF(OR(AND(H27="Muy baja",L27="Moderado"),AND(H27="Baja",L27="Menor"),AND(H27="Baja",L27="Moderado"),AND(H27="Media",L27="Leve"),AND(H27="Media",L27="Menor"),AND(H27="Media",L27="Moderado"),AND(H27="Alta",L27="Leve"),AND(H27="Alta",L27="Menor")),"Moderado",IF(OR(AND(H27="Muy Baja",L27="Mayor"),AND(H27="Baja",L27="Mayor"),AND(H27="Media",L27="Mayor"),AND(H27="Alta",L27="Moderado"),AND(H27="Alta",L27="Mayor"),AND(H27="Muy Alta",L27="Leve"),AND(H27="Muy Alta",L27="Menor"),AND(H27="Muy Alta",L27="Moderado"),AND(H27="Muy Alta",L27="Mayor")),"Alto",IF(OR(AND(H27="Muy Baja",L27="Catastrófico"),AND(H27="Baja",L27="Catastrófico"),AND(H27="Media",L27="Catastrófico"),AND(H27="Alta",L27="Catastrófico"),AND(H27="Muy Alta",L27="Catastrófico")),"Extremo","")))) -> Alto | O27: 1 | P27: El productor general del canal debe hacer seguimiento al informes de general de preproducción que deben ser entregados por el productor encargado antes de cada producción, estos seguimientos se realizan como mínimo dos veces al mes siendo este el promedio de transmisiones mensuales. La evidencia que queda de este proceso es el formato Informe general de preproducción incluido en el Sistema Integrado de Gestión del canal con código: M-PP-P01-F03. | Q27: =IF(OR(R27="Preventivo",R27="Detectivo"),"Probabilidad",IF(R27="Correctivo","Impacto","")) -> Probabilidad | R27: Preventivo | S27: Manual | T27: =IF(AND(R27="Preventivo",S27="Automático"),"50%",IF(AND(R27="Preventivo",S27="Manual"),"40%",IF(AND(R27="Detectivo",S27="Automático"),"40%",IF(AND(R27="Detectivo",S27="Manual"),"30%",IF(AND(R27="Correctivo",S27="Automático"),"35%",IF(AND(R27="Correctivo",S27="Manual"),"25%","")))))) -> 40% | U27: Documentado | V27: Continua | W27: Con Registro | X27: =IFERROR(IF(Q27="Probabilidad",(I27-(+I27*T27)),IF(Q27="Impacto",I27,"")),"") -> 0.36 | Y27: =IFERROR(IF(X27="","",IF(X27<=0.2,"Muy Baja",IF(X27<=0.4,"Baja",IF(X27<=0.6,"Media",IF(X27<=0.8,"Alta","Muy Alta"))))),"") -> Baja | Z27: =+X27 -> 0.36 | AA27: =IFERROR(IF(AB27="","",IF(AB27<=0.2,"Leve",IF(AB27<=0.4,"Menor",IF(AB27<=0.6,"Moderado",IF(AB27<=0.8,"Mayor","Catastrófico"))))),"") -> Mayor | AB27: =IFERROR(IF(Q27="Impacto",(M27-(+M27*T27)),IF(Q27="Probabilidad",M27,"")),"") -> 0.8 | AC27: =IFERROR(IF(OR(AND(Y27="Muy Baja",AA27="Leve"),AND(Y27="Muy Baja",AA27="Menor"),AND(Y27="Baja",AA27="Leve")),"Bajo",IF(OR(AND(Y27="Muy baja",AA27="Moderado"),AND(Y27="Baja",AA27="Menor"),AND(Y27="Baja",AA27="Moderado"),AND(Y27="Media",AA27="Leve"),AND(Y27="Media",AA27="Menor"),AND(Y27="Media",AA27="Moderado"),AND(Y27="Alta",AA27="Leve"),AND(Y27="Alta",AA27="Menor")),"Moderado",IF(OR(AND(Y27="Muy Baja",AA27="Mayor"),AND(Y27="Baja",AA27="Mayor"),AND(Y27="Media",AA27="Mayor"),AND(Y27="Alta",AA27="Moderado"),AND(Y27="Alta",AA27="Mayor"),AND(Y27="Muy Alta",AA27="Leve"),AND(Y27="Muy Alta",AA27="Menor"),AND(Y27="Muy Alta",AA27="Moderado"),AND(Y27="Muy Alta",AA27="Mayor")),"Alto",IF(OR(AND(Y27="Muy Baja",AA27="Catastrófico"),AND(Y27="Baja",AA27="Catastrófico"),AND(Y27="Media",AA27="Catastrófico"),AND(Y27="Alta",AA27="Catastrófico"),AND(Y27="Muy Alta",AA27="Catastrófico")),"Extremo","")))),"") -> Alto | AD27: Evitar | AE27: Realizar seguimientos a los informes generales de preproducción entregados por el productor encargado antes de cada producción, programados cada dos meses, coincidiendo con el promedio de transmisiones mensuales. | AF27: Directora de Programación y producción | AG27: 46055 | AH27: 46374
A28: 10 | B28: Gestión de Programación | C28: Económico y Reputacional | D28: No generar de manera oportuna la planificación de la parrilla de programación semanal. Entrega de las piezas para realización de auto promocionales por fuera de las fechas de estreno y emisión de contenido. Falta de gestión por parte del área de comunicaciones y mercadeo y de la Dirección de Programación y Producción para la firma de alianzas con medios externos. No generar la piezas de manera oportuna de los estrenos de programación antes de su emisión, conforme a la planificación semanal y de estrenos de las parrillas para su difusión en plataformas Digitales o Redes Sociales oficiales de la entidad. Desconocimiento de aplicación de Resolución de Comité de Evaluación de Contenidos. | E28: Posibilidad de que la Parrilla de programación no sea dinámica y atractiva a los televidentes de la región | F28: Ejecución y Administración de procesos | G28: 60 | H28: =IF(G28<=0,"",IF(G28<=2,"Muy Baja",IF(G28<=24,"Baja",IF(G28<=500,"Media",IF(G28<=5000,"Alta","Muy Alta"))))) -> Media | I28: =IF(H28="","",IF(H28="Muy Baja",0.2,IF(H28="Baja",0.4,IF(H28="Media",0.6,IF(H28="Alta",0.8,IF(H28="Muy Alta",1,)))))) -> 0.6 | J28: Entre 100 y 500 SMLMV | K28: =IF(NOT(ISERROR(MATCH(J28,'Tabla Impacto'!$B$221:$B$223,0))),'Tabla Impacto'!$F$223&"Por favor no seleccionar los criterios de impacto(Afectación Económica o presupuestal y Pérdida Reputacional)",J28) -> Entre 100 y 500 SMLMV | L28: =IF(OR(K28='Tabla Impacto'!$C$11,K28='Tabla Impacto'!$D$11),"Leve",IF(OR(K28='Tabla Impacto'!$C$12,K28='Tabla Impacto'!$D$12),"Menor",IF(OR(K28='Tabla Impacto'!$C$13,K28='Tabla Impacto'!$D$13),"Moderado",IF(OR(K28='Tabla Impacto'!$C$14,K28='Tabla Impacto'!$D$14),"Mayor",IF(OR(K28='Tabla Impacto'!$C$15,K28='Tabla Impacto'!$D$15),"Catastrófico",""))))) -> Mayor | M28: =IF(L28="","",IF(L28="Leve",0.2,IF(L28="Menor",0.4,IF(L28="Moderado",0.6,IF(L28="Mayor",0.8,IF(L28="Catastrófico",1,)))))) -> 0.8 | N28: =IF(OR(AND(H28="Muy Baja",L28="Leve"),AND(H28="Muy Baja",L28="Menor"),AND(H28="Baja",L28="Leve")),"Bajo",IF(OR(AND(H28="Muy baja",L28="Moderado"),AND(H28="Baja",L28="Menor"),AND(H28="Baja",L28="Moderado"),AND(H28="Media",L28="Leve"),AND(H28="Media",L28="Menor"),AND(H28="Media",L28="Moderado"),AND(H28="Alta",L28="Leve"),AND(H28="Alta",L28="Menor")),"Moderado",IF(OR(AND(H28="Muy Baja",L28="Mayor"),AND(H28="Baja",L28="Mayor"),AND(H28="Media",L28="Mayor"),AND(H28="Alta",L28="Moderado"),AND(H28="Alta",L28="Mayor"),AND(H28="Muy Alta",L28="Leve"),AND(H28="Muy Alta",L28="Menor"),AND(H28="Muy Alta",L28="Moderado"),AND(H28="Muy Alta",L28="Mayor")),"Alto",IF(OR(AND(H28="Muy Baja",L28="Catastrófico"),AND(H28="Baja",L28="Catastrófico"),AND(H28="Media",L28="Catastrófico"),AND(H28="Alta",L28="Catastrófico"),AND(H28="Muy Alta",L28="Catastrófico")),"Extremo","")))) -> Alto | O28: 1 | P28: El encargado de Programación realiza un seguimiento continuo a la formulación de los proyectos presentados al FUTIC y a la estrategia de programación mensual establecida por la dirección. Esto se puede evidenciar mediante la creación de un registro de seguimiento de proyectos y estrategias de programación, donde se documenten las fechas de presentación de proyectos, revisiones y aprobaciones de estrategias mensuales. | Q28: =IF(OR(R28="Preventivo",R28="Detectivo"),"Probabilidad",IF(R28="Correctivo","Impacto","")) -> Probabilidad | R28: Preventivo | S28: Manual | T28: =IF(AND(R28="Preventivo",S28="Automático"),"50%",IF(AND(R28="Preventivo",S28="Manual"),"40%",IF(AND(R28="Detectivo",S28="Automático"),"40%",IF(AND(R28="Detectivo",S28="Manual"),"30%",IF(AND(R28="Correctivo",S28="Automático"),"35%",IF(AND(R28="Correctivo",S28="Manual"),"25%","")))))) -> 40% | U28: Documentado | V28: Continua | W28: Con Registro | X28: =IFERROR(IF(Q28="Probabilidad",(I28-(+I28*T28)),IF(Q28="Impacto",I28,"")),"") -> 0.36 | Y28: =IFERROR(IF(X28="","",IF(X28<=0.2,"Muy Baja",IF(X28<=0.4,"Baja",IF(X28<=0.6,"Media",IF(X28<=0.8,"Alta","Muy Alta"))))),"") -> Baja | Z28: =+X28 -> 0.36 | AA28: =IFERROR(IF(AB28="","",IF(AB28<=0.2,"Leve",IF(AB28<=0.4,"Menor",IF(AB28<=0.6,"Moderado",IF(AB28<=0.8,"Mayor","Catastrófico"))))),"") -> Mayor | AB28: =IFERROR(IF(Q28="Impacto",(M28-(+M28*T28)),IF(Q28="Probabilidad",M28,"")),"") -> 0.8 | AC28: =IFERROR(IF(OR(AND(Y28="Muy Baja",AA28="Leve"),AND(Y28="Muy Baja",AA28="Menor"),AND(Y28="Baja",AA28="Leve")),"Bajo",IF(OR(AND(Y28="Muy baja",AA28="Moderado"),AND(Y28="Baja",AA28="Menor"),AND(Y28="Baja",AA28="Moderado"),AND(Y28="Media",AA28="Leve"),AND(Y28="Media",AA28="Menor"),AND(Y28="Media",AA28="Moderado"),AND(Y28="Alta",AA28="Leve"),AND(Y28="Alta",AA28="Menor")),"Moderado",IF(OR(AND(Y28="Muy Baja",AA28="Mayor"),AND(Y28="Baja",AA28="Mayor"),AND(Y28="Media",AA28="Mayor"),AND(Y28="Alta",AA28="Moderado"),AND(Y28="Alta",AA28="Mayor"),AND(Y28="Muy Alta",AA28="Leve"),AND(Y28="Muy Alta",AA28="Menor"),AND(Y28="Muy Alta",AA28="Moderado"),AND(Y28="Muy Alta",AA28="Mayor")),"Alto",IF(OR(AND(Y28="Muy Baja",AA28="Catastrófico"),AND(Y28="Baja",AA28="Catastrófico"),AND(Y28="Media",AA28="Catastrófico"),AND(Y28="Alta",AA28="Catastrófico"),AND(Y28="Muy Alta",AA28="Catastrófico")),"Extremo","")))),"") -> Alto | AD28: Evitar | AE28: Realizar cada vez que se requiere un comité de producción y programación con su respectiva acta , donde se registrarán los detalles y conclusiones discutidos durante la reunión. | AF28: Directora de Programación y producción | AG28: 46055 | AH28: 46374
A29: 11 | B29: Gestión de Programación | C29: Económico y Reputacional | D29: Falta de recursos financieros. Información desactualizada e incoherente. Desconocimiento de los cambios en las políticas nacionales. Fallas en la coordinación y formulación de planes de compras, capacitación, PES, inversión y presupuesto. Falta de compromiso del personal. | E29: Posibilidad de ocurrencia de fallas en la ejecución y seguimiento de planes y proyectos. | F29: Ejecución y Administración de procesos | G29: 40 | H29: =IF(G29<=0,"",IF(G29<=2,"Muy Baja",IF(G29<=24,"Baja",IF(G29<=500,"Media",IF(G29<=5000,"Alta","Muy Alta"))))) -> Media | I29: =IF(H29="","",IF(H29="Muy Baja",0.2,IF(H29="Baja",0.4,IF(H29="Media",0.6,IF(H29="Alta",0.8,IF(H29="Muy Alta",1,)))))) -> 0.6 | J29: El riesgo afecta la imagen de alguna área de la organización | K29: =IF(NOT(ISERROR(MATCH(J29,'Tabla Impacto'!$B$221:$B$223,0))),'Tabla Impacto'!$F$223&"Por favor no seleccionar los criterios de impacto(Afectación Económica o presupuestal y Pérdida Reputacional)",J29) -> El riesgo afecta la imagen de alguna área de la organización | L29: =IF(OR(K29='Tabla Impacto'!$C$11,K29='Tabla Impacto'!$D$11),"Leve",IF(OR(K29='Tabla Impacto'!$C$12,K29='Tabla Impacto'!$D$12),"Menor",IF(OR(K29='Tabla Impacto'!$C$13,K29='Tabla Impacto'!$D$13),"Moderado",IF(OR(K29='Tabla Impacto'!$C$14,K29='Tabla Impacto'!$D$14),"Mayor",IF(OR(K29='Tabla Impacto'!$C$15,K29='Tabla Impacto'!$D$15),"Catastrófico",""))))) -> Leve | M29: =IF(L29="","",IF(L29="Leve",0.2,IF(L29="Menor",0.4,IF(L29="Moderado",0.6,IF(L29="Mayor",0.8,IF(L29="Catastrófico",1,)))))) -> 0.2 | N29: =IF(OR(AND(H29="Muy Baja",L29="Leve"),AND(H29="Muy Baja",L29="Menor"),AND(H29="Baja",L29="Leve")),"Bajo",IF(OR(AND(H29="Muy baja",L29="Moderado"),AND(H29="Baja",L29="Menor"),AND(H29="Baja",L29="Moderado"),AND(H29="Media",L29="Leve"),AND(H29="Media",L29="Menor"),AND(H29="Media",L29="Moderado"),AND(H29="Alta",L29="Leve"),AND(H29="Alta",L29="Menor")),"Moderado",IF(OR(AND(H29="Muy Baja",L29="Mayor"),AND(H29="Baja",L29="Mayor"),AND(H29="Media",L29="Mayor"),AND(H29="Alta",L29="Moderado"),AND(H29="Alta",L29="Mayor"),AND(H29="Muy Alta",L29="Leve"),AND(H29="Muy Alta",L29="Menor"),AND(H29="Muy Alta",L29="Moderado"),AND(H29="Muy Alta",L29="Mayor")),"Alto",IF(OR(AND(H29="Muy Baja",L29="Catastrófico"),AND(H29="Baja",L29="Catastrófico"),AND(H29="Media",L29="Catastrófico"),AND(H29="Alta",L29="Catastrófico"),AND(H29="Muy Alta",L29="Catastrófico")),"Extremo","")))) -> Moderado | O29: 1 | P29: La Dirección de Programación participa activamente en la formulación mensual, trimestral y anual del seguimiento a los informes requeridos por el MINTIC. La encargada de programación debe colaborar estrechamente con el área de proyectos, responsable de generar los informes, para asegurar que se cumplan los plazos establecidos y que la información proporcionada sea precisa y completa.. | Q29: =IF(OR(R29="Preventivo",R29="Detectivo"),"Probabilidad",IF(R29="Correctivo","Impacto","")) -> Probabilidad | R29: Preventivo | S29: Manual | T29: =IF(AND(R29="Preventivo",S29="Automático"),"50%",IF(AND(R29="Preventivo",S29="Manual"),"40%",IF(AND(R29="Detectivo",S29="Automático"),"40%",IF(AND(R29="Detectivo",S29="Manual"),"30%",IF(AND(R29="Correctivo",S29="Automático"),"35%",IF(AND(R29="Correctivo",S29="Manual"),"25%","")))))) -> 40% | U29: Documentado | V29: Continua | W29: Con Registro | X29: =IFERROR(IF(Q29="Probabilidad",(I29-(+I29*T29)),IF(Q29="Impacto",I29,"")),"") -> 0.36 | Y29: =IFERROR(IF(X29="","",IF(X29<=0.2,"Muy Baja",IF(X29<=0.4,"Baja",IF(X29<=0.6,"Media",IF(X29<=0.8,"Alta","Muy Alta"))))),"") -> Baja | Z29: =+X29 -> 0.36 | AA29: =IFERROR(IF(AB29="","",IF(AB29<=0.2,"Leve",IF(AB29<=0.4,"Menor",IF(AB29<=0.6,"Moderado",IF(AB29<=0.8,"Mayor","Catastrófico"))))),"") -> Leve | AB29: =IFERROR(IF(Q29="Impacto",(M29-(+M29*T29)),IF(Q29="Probabilidad",M29,"")),"") -> 0.2 | AC29: =IFERROR(IF(OR(AND(Y29="Muy Baja",AA29="Leve"),AND(Y29="Muy Baja",AA29="Menor"),AND(Y29="Baja",AA29="Leve")),"Bajo",IF(OR(AND(Y29="Muy baja",AA29="Moderado"),AND(Y29="Baja",AA29="Menor"),AND(Y29="Baja",AA29="Moderado"),AND(Y29="Media",AA29="Leve"),AND(Y29="Media",AA29="Menor"),AND(Y29="Media",AA29="Moderado"),AND(Y29="Alta",AA29="Leve"),AND(Y29="Alta",AA29="Menor")),"Moderado",IF(OR(AND(Y29="Muy Baja",AA29="Mayor"),AND(Y29="Baja",AA29="Mayor"),AND(Y29="Media",AA29="Mayor"),AND(Y29="Alta",AA29="Moderado"),AND(Y29="Alta",AA29="Mayor"),AND(Y29="Muy Alta",AA29="Leve"),AND(Y29="Muy Alta",AA29="Menor"),AND(Y29="Muy Alta",AA29="Moderado"),AND(Y29="Muy Alta",AA29="Mayor")),"Alto",IF(OR(AND(Y29="Muy Baja",AA29="Catastrófico"),AND(Y29="Baja",AA29="Catastrófico"),AND(Y29="Media",AA29="Catastrófico"),AND(Y29="Alta",AA29="Catastrófico"),AND(Y29="Muy Alta",AA29="Catastrófico")),"Extremo","")))),"") -> Bajo | AD29: Evitar | AE29: Realizar, ya sea a través de correo electrónico o de manera física, el registro de informes de ejecución sobre inversión y presupuesto de programación propia, externa y otros planes, es una tarea a cargo del encargado de Programación. | AF29: Directora de Programación y producción | AG29: 46055 | AH29: 46374
A30: 12 | B30: Gestión de Programación | C30: Económico y Reputacional | D30: Desconocimiento del operador. Inadecuado seguimiento al cumplimiento de la normativa en la emisión. Perfil profesional inadecuado. | E30: Posibilidad de incumplimiento de los requisitos de la parrilla de programación establecidos por la normativa emitida por la CRC. | F30: Ejecución y Administración de procesos | G30: 60 | H30: =IF(G30<=0,"",IF(G30<=2,"Muy Baja",IF(G30<=24,"Baja",IF(G30<=500,"Media",IF(G30<=5000,"Alta","Muy Alta"))))) -> Media | I30: =IF(H30="","",IF(H30="Muy Baja",0.2,IF(H30="Baja",0.4,IF(H30="Media",0.6,IF(H30="Alta",0.8,IF(H30="Muy Alta",1,)))))) -> 0.6 | J30: Entre 10 y 50 SMLMV | K30: =IF(NOT(ISERROR(MATCH(J30,'Tabla Impacto'!$B$221:$B$223,0))),'Tabla Impacto'!$F$223&"Por favor no seleccionar los criterios de impacto(Afectación Económica o presupuestal y Pérdida Reputacional)",J30) -> Entre 10 y 50 SMLMV | L30: =IF(OR(K30='Tabla Impacto'!$C$11,K30='Tabla Impacto'!$D$11),"Leve",IF(OR(K30='Tabla Impacto'!$C$12,K30='Tabla Impacto'!$D$12),"Menor",IF(OR(K30='Tabla Impacto'!$C$13,K30='Tabla Impacto'!$D$13),"Moderado",IF(OR(K30='Tabla Impacto'!$C$14,K30='Tabla Impacto'!$D$14),"Mayor",IF(OR(K30='Tabla Impacto'!$C$15,K30='Tabla Impacto'!$D$15),"Catastrófico",""))))) -> Menor | M30: =IF(L30="","",IF(L30="Leve",0.2,IF(L30="Menor",0.4,IF(L30="Moderado",0.6,IF(L30="Mayor",0.8,IF(L30="Catastrófico",1,)))))) -> 0.4 | N30: =IF(OR(AND(H30="Muy Baja",L30="Leve"),AND(H30="Muy Baja",L30="Menor"),AND(H30="Baja",L30="Leve")),"Bajo",IF(OR(AND(H30="Muy baja",L30="Moderado"),AND(H30="Baja",L30="Menor"),AND(H30="Baja",L30="Moderado"),AND(H30="Media",L30="Leve"),AND(H30="Media",L30="Menor"),AND(H30="Media",L30="Moderado"),AND(H30="Alta",L30="Leve"),AND(H30="Alta",L30="Menor")),"Moderado",IF(OR(AND(H30="Muy Baja",L30="Mayor"),AND(H30="Baja",L30="Mayor"),AND(H30="Media",L30="Mayor"),AND(H30="Alta",L30="Moderado"),AND(H30="Alta",L30="Mayor"),AND(H30="Muy Alta",L30="Leve"),AND(H30="Muy Alta",L30="Menor"),AND(H30="Muy Alta",L30="Moderado"),AND(H30="Muy Alta",L30="Mayor")),"Alto",IF(OR(AND(H30="Muy Baja",L30="Catastrófico"),AND(H30="Baja",L30="Catastrófico"),AND(H30="Media",L30="Catastrófico"),AND(H30="Alta",L30="Catastrófico"),AND(H30="Muy Alta",L30="Catastrófico")),"Extremo","")))) -> Moderado | O30: 1 | P30: La Encargada de Programación de manera trimestral envía reportes ante la CRC en el marco de la normativa del cumplimiento de cuota de pantalla, mensajes institucionales, closed capitón y lenguaje de señas y PQRSD como lo establece la resolución 6383 del año 2021 y la resolución 6607 del año 2022 de entrega de informes. | Q30: =IF(OR(R30="Preventivo",R30="Detectivo"),"Probabilidad",IF(R30="Correctivo","Impacto","")) -> Probabilidad | R30: Preventivo | S30: Manual | T30: =IF(AND(R30="Preventivo",S30="Automático"),"50%",IF(AND(R30="Preventivo",S30="Manual"),"40%",IF(AND(R30="Detectivo",S30="Automático"),"40%",IF(AND(R30="Detectivo",S30="Manual"),"30%",IF(AND(R30="Correctivo",S30="Automático"),"35%",IF(AND(R30="Correctivo",S30="Manual"),"25%","")))))) -> 40% | U30: Documentado | V30: Continua | W30: Con Registro | X30: =IFERROR(IF(Q30="Probabilidad",(I30-(+I30*T30)),IF(Q30="Impacto",I30,"")),"") -> 0.36 | Y30: =IFERROR(IF(X30="","",IF(X30<=0.2,"Muy Baja",IF(X30<=0.4,"Baja",IF(X30<=0.6,"Media",IF(X30<=0.8,"Alta","Muy Alta"))))),"") -> Baja | Z30: =+X30 -> 0.36 | AA30: =IFERROR(IF(AB30="","",IF(AB30<=0.2,"Leve",IF(AB30<=0.4,"Menor",IF(AB30<=0.6,"Moderado",IF(AB30<=0.8,"Mayor","Catastrófico"))))),"") -> Menor | AB30: =IFERROR(IF(Q30="Impacto",(M30-(+M30*T30)),IF(Q30="Probabilidad",M30,"")),"") -> 0.4 | AC30: =IFERROR(IF(OR(AND(Y30="Muy Baja",AA30="Leve"),AND(Y30="Muy Baja",AA30="Menor"),AND(Y30="Baja",AA30="Leve")),"Bajo",IF(OR(AND(Y30="Muy baja",AA30="Moderado"),AND(Y30="Baja",AA30="Menor"),AND(Y30="Baja",AA30="Moderado"),AND(Y30="Media",AA30="Leve"),AND(Y30="Media",AA30="Menor"),AND(Y30="Media",AA30="Moderado"),AND(Y30="Alta",AA30="Leve"),AND(Y30="Alta",AA30="Menor")),"Moderado",IF(OR(AND(Y30="Muy Baja",AA30="Mayor"),AND(Y30="Baja",AA30="Mayor"),AND(Y30="Media",AA30="Mayor"),AND(Y30="Alta",AA30="Moderado"),AND(Y30="Alta",AA30="Mayor"),AND(Y30="Muy Alta",AA30="Leve"),AND(Y30="Muy Alta",AA30="Menor"),AND(Y30="Muy Alta",AA30="Moderado"),AND(Y30="Muy Alta",AA30="Mayor")),"Alto",IF(OR(AND(Y30="Muy Baja",AA30="Catastrófico"),AND(Y30="Baja",AA30="Catastrófico"),AND(Y30="Media",AA30="Catastrófico"),AND(Y30="Alta",AA30="Catastrófico"),AND(Y30="Muy Alta",AA30="Catastrófico")),"Extremo","")))),"") -> Moderado | AD30: Evitar | AE30: Enviar Trimestralmente a la CRC los reportes a la CRC del cumplimiento de cuota de pantalla, mensajes institucionales, closed captión y lenguaje de señas y PQRSD como lo establece la resolución vigente | AF30: Directora de Programación y producción | AG30: 46055 | AH30: 46374
K31: =IF(NOT(ISERROR(MATCH(J31,_xlfn.ANCHORARRAY(E34),0))),#REF!&"Por favor no seleccionar los criterios de impacto",J31) -> 0 | O31: 2 | AF31: Directora de Programación y producción | AG31: 46055 | AH31: 46374
A32: 13 | B32: Gestión Técnica y Emisión | C32: Económico y Reputacional | D32: Alteración en el flujo normal de la emisión Falta de conocimiento en los procesos de emisión Recursos técnicos limitados Falla súbita de un equipo en la cadena de emisión Falla de equipos | E32: Posible interrupción de la emisiones del Canal TRO que supere los ANS (Acuerdos de Niveles de Servicio) establecidos por la normativa ( 8 horas semestrales) | F32: Fallas Tecnológicas | G32: 365 | H32: =IF(G32<=0,"",IF(G32<=2,"Muy Baja",IF(G32<=24,"Baja",IF(G32<=500,"Media",IF(G32<=5000,"Alta","Muy Alta"))))) -> Media | I32: =IF(H32="","",IF(H32="Muy Baja",0.2,IF(H32="Baja",0.4,IF(H32="Media",0.6,IF(H32="Alta",0.8,IF(H32="Muy Alta",1,)))))) -> 0.6 | J32: El riesgo afecta la imagen de la entidad con algunos usuarios de relevancia frente al logro de los objetivos | K32: =IF(NOT(ISERROR(MATCH(J32,'Tabla Impacto'!$B$221:$B$223,0))),'Tabla Impacto'!$F$223&"Por favor no seleccionar los criterios de impacto(Afectación Económica o presupuestal y Pérdida Reputacional)",J32) -> El riesgo afecta la imagen de la entidad con algunos usuarios de relevancia frente al logro de los objetivos | L32: =IF(OR(K32='Tabla Impacto'!$C$11,K32='Tabla Impacto'!$D$11),"Leve",IF(OR(K32='Tabla Impacto'!$C$12,K32='Tabla Impacto'!$D$12),"Menor",IF(OR(K32='Tabla Impacto'!$C$13,K32='Tabla Impacto'!$D$13),"Moderado",IF(OR(K32='Tabla Impacto'!$C$14,K32='Tabla Impacto'!$D$14),"Mayor",IF(OR(K32='Tabla Impacto'!$C$15,K32='Tabla Impacto'!$D$15),"Catastrófico",""))))) -> Moderado | M32: =IF(L32="","",IF(L32="Leve",0.2,IF(L32="Menor",0.4,IF(L32="Moderado",0.6,IF(L32="Mayor",0.8,IF(L32="Catastrófico",1,)))))) -> 0.6 | N32: =IF(OR(AND(H32="Muy Baja",L32="Leve"),AND(H32="Muy Baja",L32="Menor"),AND(H32="Baja",L32="Leve")),"Bajo",IF(OR(AND(H32="Muy baja",L32="Moderado"),AND(H32="Baja",L32="Menor"),AND(H32="Baja",L32="Moderado"),AND(H32="Media",L32="Leve"),AND(H32="Media",L32="Menor"),AND(H32="Media",L32="Moderado"),AND(H32="Alta",L32="Leve"),AND(H32="Alta",L32="Menor")),"Moderado",IF(OR(AND(H32="Muy Baja",L32="Mayor"),AND(H32="Baja",L32="Mayor"),AND(H32="Media",L32="Mayor"),AND(H32="Alta",L32="Moderado"),AND(H32="Alta",L32="Mayor"),AND(H32="Muy Alta",L32="Leve"),AND(H32="Muy Alta",L32="Menor"),AND(H32="Muy Alta",L32="Moderado"),AND(H32="Muy Alta",L32="Mayor")),"Alto",IF(OR(AND(H32="Muy Baja",L32="Catastrófico"),AND(H32="Baja",L32="Catastrófico"),AND(H32="Media",L32="Catastrófico"),AND(H32="Alta",L32="Catastrófico"),AND(H32="Muy Alta",L32="Catastrófico")),"Extremo","")))) -> Moderado | O32: 1 | P32: El personal técnico designado por el Director del área realiza los mantenimientos preventivos de los equipos broadcast y TI quienes serán los encargados de ejecutar las rutinas de mantenimiento. | Q32: =IF(OR(R32="Preventivo",R32="Detectivo"),"Probabilidad",IF(R32="Correctivo","Impacto","")) -> Probabilidad | R32: Preventivo | S32: Manual | T32: =IF(AND(R32="Preventivo",S32="Automático"),"50%",IF(AND(R32="Preventivo",S32="Manual"),"40%",IF(AND(R32="Detectivo",S32="Automático"),"40%",IF(AND(R32="Detectivo",S32="Manual"),"30%",IF(AND(R32="Correctivo",S32="Automático"),"35%",IF(AND(R32="Correctivo",S32="Manual"),"25%","")))))) -> 40% | U32: Documentado | V32: Continua | W32: Con Registro | X32: =IFERROR(IF(Q32="Probabilidad",(I32-(+I32*T32)),IF(Q32="Impacto",I32,"")),"") -> 0.36 | Y32: =IFERROR(IF(X32="","",IF(X32<=0.2,"Muy Baja",IF(X32<=0.4,"Baja",IF(X32<=0.6,"Media",IF(X32<=0.8,"Alta","Muy Alta"))))),"") -> Baja | Z32: =+X32 -> 0.36 | AA32: =IFERROR(IF(AB32="","",IF(AB32<=0.2,"Leve",IF(AB32<=0.4,"Menor",IF(AB32<=0.6,"Moderado",IF(AB32<=0.8,"Mayor","Catastrófico"))))),"") -> Moderado | AB32: =IFERROR(IF(Q32="Impacto",(M32-(+M32*T32)),IF(Q32="Probabilidad",M32,"")),"") -> 0.6 | AC32: =IFERROR(IF(OR(AND(Y32="Muy Baja",AA32="Leve"),AND(Y32="Muy Baja",AA32="Menor"),AND(Y32="Baja",AA32="Leve")),"Bajo",IF(OR(AND(Y32="Muy baja",AA32="Moderado"),AND(Y32="Baja",AA32="Menor"),AND(Y32="Baja",AA32="Moderado"),AND(Y32="Media",AA32="Leve"),AND(Y32="Media",AA32="Menor"),AND(Y32="Media",AA32="Moderado"),AND(Y32="Alta",AA32="Leve"),AND(Y32="Alta",AA32="Menor")),"Moderado",IF(OR(AND(Y32="Muy Baja",AA32="Mayor"),AND(Y32="Baja",AA32="Mayor"),AND(Y32="Media",AA32="Mayor"),AND(Y32="Alta",AA32="Moderado"),AND(Y32="Alta",AA32="Mayor"),AND(Y32="Muy Alta",AA32="Leve"),AND(Y32="Muy Alta",AA32="Menor"),AND(Y32="Muy Alta",AA32="Moderado"),AND(Y32="Muy Alta",AA32="Mayor")),"Alto",IF(OR(AND(Y32="Muy Baja",AA32="Catastrófico"),AND(Y32="Baja",AA32="Catastrófico"),AND(Y32="Media",AA32="Catastrófico"),AND(Y32="Alta",AA32="Catastrófico"),AND(Y32="Muy Alta",AA32="Catastrófico")),"Extremo","")))),"") -> Moderado | AD32: Evitar | AE32: Realizar tres rutinas de mantenimiento preventivo según el procedimiento establecido. Además, se encargará de realizar los correctivos necesarios. | AF32: Director Técnico y de Emisión | AG32: 46055 | AH32: 46374
K33: =IF(NOT(ISERROR(MATCH(J33,_xlfn.ANCHORARRAY(E36),0))),#REF!&"Por favor no seleccionar los criterios de impacto",J33) -> 0 | O33: 2 | AF33: Director Técnico y de Emisión | AG33: 46055 | AH33: 46374
A34: 14 | B34: Gestión Técnica y Emisión | C34: Económico y Reputacional | D34: Falla en la comunicación entre el centro de producción y la emisión del Canal TRO Insuficientes recursos financieros Pruebas insuficientes previas a la producción Falla en los proveedores de servicios de internet o terceros involucrados en la producción Falla de equipos | E34: Posible desviaciones de la señal de una producción en VIVO en exteriores | F34: Fallas Tecnológicas | G34: 24 | H34: =IF(G34<=0,"",IF(G34<=2,"Muy Baja",IF(G34<=24,"Baja",IF(G34<=500,"Media",IF(G34<=5000,"Alta","Muy Alta"))))) -> Baja | I34: =IF(H34="","",IF(H34="Muy Baja",0.2,IF(H34="Baja",0.4,IF(H34="Media",0.6,IF(H34="Alta",0.8,IF(H34="Muy Alta",1,)))))) -> 0.4 | J34: El riesgo afecta la imagen de la entidad con algunos usuarios de relevancia frente al logro de los objetivos | K34: =IF(NOT(ISERROR(MATCH(J34,'Tabla Impacto'!$B$221:$B$223,0))),'Tabla Impacto'!$F$223&"Por favor no seleccionar los criterios de impacto(Afectación Económica o presupuestal y Pérdida Reputacional)",J34) -> El riesgo afecta la imagen de la entidad con algunos usuarios de relevancia frente al logro de los objetivos | L34: =IF(OR(K34='Tabla Impacto'!$C$11,K34='Tabla Impacto'!$D$11),"Leve",IF(OR(K34='Tabla Impacto'!$C$12,K34='Tabla Impacto'!$D$12),"Menor",IF(OR(K34='Tabla Impacto'!$C$13,K34='Tabla Impacto'!$D$13),"Moderado",IF(OR(K34='Tabla Impacto'!$C$14,K34='Tabla Impacto'!$D$14),"Mayor",IF(OR(K34='Tabla Impacto'!$C$15,K34='Tabla Impacto'!$D$15),"Catastrófico",""))))) -> Moderado | M34: =IF(L34="","",IF(L34="Leve",0.2,IF(L34="Menor",0.4,IF(L34="Moderado",0.6,IF(L34="Mayor",0.8,IF(L34="Catastrófico",1,)))))) -> 0.6 | N34: =IF(OR(AND(H34="Muy Baja",L34="Leve"),AND(H34="Muy Baja",L34="Menor"),AND(H34="Baja",L34="Leve")),"Bajo",IF(OR(AND(H34="Muy baja",L34="Moderado"),AND(H34="Baja",L34="Menor"),AND(H34="Baja",L34="Moderado"),AND(H34="Media",L34="Leve"),AND(H34="Media",L34="Menor"),AND(H34="Media",L34="Moderado"),AND(H34="Alta",L34="Leve"),AND(H34="Alta",L34="Menor")),"Moderado",IF(OR(AND(H34="Muy Baja",L34="Mayor"),AND(H34="Baja",L34="Mayor"),AND(H34="Media",L34="Mayor"),AND(H34="Alta",L34="Moderado"),AND(H34="Alta",L34="Mayor"),AND(H34="Muy Alta",L34="Leve"),AND(H34="Muy Alta",L34="Menor"),AND(H34="Muy Alta",L34="Moderado"),AND(H34="Muy Alta",L34="Mayor")),"Alto",IF(OR(AND(H34="Muy Baja",L34="Catastrófico"),AND(H34="Baja",L34="Catastrófico"),AND(H34="Media",L34="Catastrófico"),AND(H34="Alta",L34="Catastrófico"),AND(H34="Muy Alta",L34="Catastrófico")),"Extremo","")))) -> Moderado | O34: 1 | P34: El personal técnico designado por el Director del área realizará el apoyo a la producción con las visitas técnicas a los lugares de producción con el fin de mitigar las posibles desviaciones de las producciones en vivo desde exteriores | Q34: =IF(OR(R34="Preventivo",R34="Detectivo"),"Probabilidad",IF(R34="Correctivo","Impacto","")) -> Probabilidad | R34: Preventivo | S34: Manual | T34: =IF(AND(R34="Preventivo",S34="Automático"),"50%",IF(AND(R34="Preventivo",S34="Manual"),"40%",IF(AND(R34="Detectivo",S34="Automático"),"40%",IF(AND(R34="Detectivo",S34="Manual"),"30%",IF(AND(R34="Correctivo",S34="Automático"),"35%",IF(AND(R34="Correctivo",S34="Manual"),"25%","")))))) -> 40% | U34: Documentado | V34: Continua | W34: Con Registro | X34: =IFERROR(IF(Q34="Probabilidad",(I34-(+I34*T34)),IF(Q34="Impacto",I34,"")),"") -> 0.24 | Y34: =IFERROR(IF(X34="","",IF(X34<=0.2,"Muy Baja",IF(X34<=0.4,"Baja",IF(X34<=0.6,"Media",IF(X34<=0.8,"Alta","Muy Alta"))))),"") -> Baja | Z34: =+X34 -> 0.24 | AA34: =IFERROR(IF(AB34="","",IF(AB34<=0.2,"Leve",IF(AB34<=0.4,"Menor",IF(AB34<=0.6,"Moderado",IF(AB34<=0.8,"Mayor","Catastrófico"))))),"") -> Moderado | AB34: =IFERROR(IF(Q34="Impacto",(M34-(+M34*T34)),IF(Q34="Probabilidad",M34,"")),"") -> 0.6 | AC34: =IFERROR(IF(OR(AND(Y34="Muy Baja",AA34="Leve"),AND(Y34="Muy Baja",AA34="Menor"),AND(Y34="Baja",AA34="Leve")),"Bajo",IF(OR(AND(Y34="Muy baja",AA34="Moderado"),AND(Y34="Baja",AA34="Menor"),AND(Y34="Baja",AA34="Moderado"),AND(Y34="Media",AA34="Leve"),AND(Y34="Media",AA34="Menor"),AND(Y34="Media",AA34="Moderado"),AND(Y34="Alta",AA34="Leve"),AND(Y34="Alta",AA34="Menor")),"Moderado",IF(OR(AND(Y34="Muy Baja",AA34="Mayor"),AND(Y34="Baja",AA34="Mayor"),AND(Y34="Media",AA34="Mayor"),AND(Y34="Alta",AA34="Moderado"),AND(Y34="Alta",AA34="Mayor"),AND(Y34="Muy Alta",AA34="Leve"),AND(Y34="Muy Alta",AA34="Menor"),AND(Y34="Muy Alta",AA34="Moderado"),AND(Y34="Muy Alta",AA34="Mayor")),"Alto",IF(OR(AND(Y34="Muy Baja",AA34="Catastrófico"),AND(Y34="Baja",AA34="Catastrófico"),AND(Y34="Media",AA34="Catastrófico"),AND(Y34="Alta",AA34="Catastrófico"),AND(Y34="Muy Alta",AA34="Catastrófico")),"Extremo","")))),"") -> Moderado | AD34: Evitar | AE34: Apoyar la elaboración del informe de pre producción cada vez que se requiera una transmisión en vivo de exteriores, en la viabilidad técnica de producción | AF34: Director Técnico y de Emisión | AG34: 46055 | AH34: 46374
K35: =IF(NOT(ISERROR(MATCH(J35,_xlfn.ANCHORARRAY(E37),0))),#REF!&"Por favor no seleccionar los criterios de impacto",J35) -> 0 | O35: 2 | P35: El ingeniero designado debe realizar pruebas de audio y video y de conectividad. Las pruebas en estudios se deben realizar por lo menos 30 minutos antes del inicio de programa. El llamado para las producciones debe realizarse 4 horas antes de comenzar la transmisión y las pruebas de audio y video y conectividad se deben realizar por lo menos 60 minutos antes del inicio del programa; en ambos casos las pruebas deben ser coordinadas por el productor con apoyo del técnico de broadcast. Dicho control se debe realizar cada vez que se requiera. | Q35: =IF(OR(R35="Preventivo",R35="Detectivo"),"Probabilidad",IF(R35="Correctivo","Impacto","")) -> Probabilidad | R35: Preventivo | S35: Manual | T35: =IF(AND(R35="Preventivo",S35="Automático"),"50%",IF(AND(R35="Preventivo",S35="Manual"),"40%",IF(AND(R35="Detectivo",S35="Automático"),"40%",IF(AND(R35="Detectivo",S35="Manual"),"30%",IF(AND(R35="Correctivo",S35="Automático"),"35%",IF(AND(R35="Correctivo",S35="Manual"),"25%","")))))) -> 40% | U35: Documentado | V35: Continua | W35: Con Registro | X35: =IFERROR(IF(Q35="Probabilidad",(I35-(+I35*T35)),IF(Q35="Impacto",I35,"")),"") -> 0 | Y35: =IFERROR(IF(X35="","",IF(X35<=0.2,"Muy Baja",IF(X35<=0.4,"Baja",IF(X35<=0.6,"Media",IF(X35<=0.8,"Alta","Muy Alta"))))),"") -> Muy Baja | Z35: =+X35 -> 0 | AA35: =IFERROR(IF(AB35="","",IF(AB35<=0.2,"Leve",IF(AB35<=0.4,"Menor",IF(AB35<=0.6,"Moderado",IF(AB35<=0.8,"Mayor","Catastrófico"))))),"") -> Leve | AB35: =IFERROR(IF(Q35="Impacto",(M35-(+M35*T35)),IF(Q35="Probabilidad",M35,"")),"") -> 0 | AC35: =IFERROR(IF(OR(AND(Y35="Muy Baja",AA35="Leve"),AND(Y35="Muy Baja",AA35="Menor"),AND(Y35="Baja",AA35="Leve")),"Bajo",IF(OR(AND(Y35="Muy baja",AA35="Moderado"),AND(Y35="Baja",AA35="Menor"),AND(Y35="Baja",AA35="Moderado"),AND(Y35="Media",AA35="Leve"),AND(Y35="Media",AA35="Menor"),AND(Y35="Media",AA35="Moderado"),AND(Y35="Alta",AA35="Leve"),AND(Y35="Alta",AA35="Menor")),"Moderado",IF(OR(AND(Y35="Muy Baja",AA35="Mayor"),AND(Y35="Baja",AA35="Mayor"),AND(Y35="Media",AA35="Mayor"),AND(Y35="Alta",AA35="Moderado"),AND(Y35="Alta",AA35="Mayor"),AND(Y35="Muy Alta",AA35="Leve"),AND(Y35="Muy Alta",AA35="Menor"),AND(Y35="Muy Alta",AA35="Moderado"),AND(Y35="Muy Alta",AA35="Mayor")),"Alto",IF(OR(AND(Y35="Muy Baja",AA35="Catastrófico"),AND(Y35="Baja",AA35="Catastrófico"),AND(Y35="Media",AA35="Catastrófico"),AND(Y35="Alta",AA35="Catastrófico"),AND(Y35="Muy Alta",AA35="Catastrófico")),"Extremo","")))),"") -> Bajo | AD35: Evitar | AE35: Realizar a través del informe de preproducción los lineamientos de la parte técnica indicando la cotización de los servicios prestados por terceros | AF35: Director Técnico y de Emisión | AG35: 46055 | AH35: 46374
A36: 15 | B36: Gestión Técnica y Emisión | C36: Económico y Reputacional | D36: Requerimientos no oportunos, incompletos y/o inadecuados Incumplimiento de los compromisos de terceros Modificaciones de último minuto por el cliente final. | E36: Posible incumplimiento en la logística por parte de terceros que afecte la producción audiovisual | F36: Fallas Tecnológicas | G36: 24 | H36: =IF(G36<=0,"",IF(G36<=2,"Muy Baja",IF(G36<=24,"Baja",IF(G36<=500,"Media",IF(G36<=5000,"Alta","Muy Alta"))))) -> Baja | I36: =IF(H36="","",IF(H36="Muy Baja",0.2,IF(H36="Baja",0.4,IF(H36="Media",0.6,IF(H36="Alta",0.8,IF(H36="Muy Alta",1,)))))) -> 0.4 | J36: El riesgo afecta la imagen de la entidad con algunos usuarios de relevancia frente al logro de los objetivos | K36: =IF(NOT(ISERROR(MATCH(J36,'Tabla Impacto'!$B$221:$B$223,0))),'Tabla Impacto'!$F$223&"Por favor no seleccionar los criterios de impacto(Afectación Económica o presupuestal y Pérdida Reputacional)",J36) -> El riesgo afecta la imagen de la entidad con algunos usuarios de relevancia frente al logro de los objetivos | L36: =IF(OR(K36='Tabla Impacto'!$C$11,K36='Tabla Impacto'!$D$11),"Leve",IF(OR(K36='Tabla Impacto'!$C$12,K36='Tabla Impacto'!$D$12),"Menor",IF(OR(K36='Tabla Impacto'!$C$13,K36='Tabla Impacto'!$D$13),"Moderado",IF(OR(K36='Tabla Impacto'!$C$14,K36='Tabla Impacto'!$D$14),"Mayor",IF(OR(K36='Tabla Impacto'!$C$15,K36='Tabla Impacto'!$D$15),"Catastrófico",""))))) -> Moderado | M36: =IF(L36="","",IF(L36="Leve",0.2,IF(L36="Menor",0.4,IF(L36="Moderado",0.6,IF(L36="Mayor",0.8,IF(L36="Catastrófico",1,)))))) -> 0.6 | N36: =IF(OR(AND(H36="Muy Baja",L36="Leve"),AND(H36="Muy Baja",L36="Menor"),AND(H36="Baja",L36="Leve")),"Bajo",IF(OR(AND(H36="Muy baja",L36="Moderado"),AND(H36="Baja",L36="Menor"),AND(H36="Baja",L36="Moderado"),AND(H36="Media",L36="Leve"),AND(H36="Media",L36="Menor"),AND(H36="Media",L36="Moderado"),AND(H36="Alta",L36="Leve"),AND(H36="Alta",L36="Menor")),"Moderado",IF(OR(AND(H36="Muy Baja",L36="Mayor"),AND(H36="Baja",L36="Mayor"),AND(H36="Media",L36="Mayor"),AND(H36="Alta",L36="Moderado"),AND(H36="Alta",L36="Mayor"),AND(H36="Muy Alta",L36="Leve"),AND(H36="Muy Alta",L36="Menor"),AND(H36="Muy Alta",L36="Moderado"),AND(H36="Muy Alta",L36="Mayor")),"Alto",IF(OR(AND(H36="Muy Baja",L36="Catastrófico"),AND(H36="Baja",L36="Catastrófico"),AND(H36="Media",L36="Catastrófico"),AND(H36="Alta",L36="Catastrófico"),AND(H36="Muy Alta",L36="Catastrófico")),"Extremo","")))) -> Moderado | O36: 1 | P36: El productor encargado debe realizar el scouting de la producción y solicitar el acompañamiento del grupo de Broadcast con el fin de definir los recursos de la producción, esto se debe realizar cada vez que se requiera. | Q36: =IF(OR(R36="Preventivo",R36="Detectivo"),"Probabilidad",IF(R36="Correctivo","Impacto","")) -> Probabilidad | R36: Preventivo | S36: Manual | T36: =IF(AND(R36="Preventivo",S36="Automático"),"50%",IF(AND(R36="Preventivo",S36="Manual"),"40%",IF(AND(R36="Detectivo",S36="Automático"),"40%",IF(AND(R36="Detectivo",S36="Manual"),"30%",IF(AND(R36="Correctivo",S36="Automático"),"35%",IF(AND(R36="Correctivo",S36="Manual"),"25%","")))))) -> 40% | U36: Documentado | V36: Continua | W36: Con Registro | X36: =IFERROR(IF(Q36="Probabilidad",(I36-(+I36*T36)),IF(Q36="Impacto",I36,"")),"") -> 0.24 | Y36: =IFERROR(IF(X36="","",IF(X36<=0.2,"Muy Baja",IF(X36<=0.4,"Baja",IF(X36<=0.6,"Media",IF(X36<=0.8,"Alta","Muy Alta"))))),"") -> Baja | Z36: =+X36 -> 0.24 | AA36: =IFERROR(IF(AB36="","",IF(AB36<=0.2,"Leve",IF(AB36<=0.4,"Menor",IF(AB36<=0.6,"Moderado",IF(AB36<=0.8,"Mayor","Catastrófico"))))),"") -> Moderado | AB36: =IFERROR(IF(Q36="Impacto",(M36-(+M36*T36)),IF(Q36="Probabilidad",M36,"")),"") -> 0.6 | AC36: =IFERROR(IF(OR(AND(Y36="Muy Baja",AA36="Leve"),AND(Y36="Muy Baja",AA36="Menor"),AND(Y36="Baja",AA36="Leve")),"Bajo",IF(OR(AND(Y36="Muy baja",AA36="Moderado"),AND(Y36="Baja",AA36="Menor"),AND(Y36="Baja",AA36="Moderado"),AND(Y36="Media",AA36="Leve"),AND(Y36="Media",AA36="Menor"),AND(Y36="Media",AA36="Moderado"),AND(Y36="Alta",AA36="Leve"),AND(Y36="Alta",AA36="Menor")),"Moderado",IF(OR(AND(Y36="Muy Baja",AA36="Mayor"),AND(Y36="Baja",AA36="Mayor"),AND(Y36="Media",AA36="Mayor"),AND(Y36="Alta",AA36="Moderado"),AND(Y36="Alta",AA36="Mayor"),AND(Y36="Muy Alta",AA36="Leve"),AND(Y36="Muy Alta",AA36="Menor"),AND(Y36="Muy Alta",AA36="Moderado"),AND(Y36="Muy Alta",AA36="Mayor")),"Alto",IF(OR(AND(Y36="Muy Baja",AA36="Catastrófico"),AND(Y36="Baja",AA36="Catastrófico"),AND(Y36="Media",AA36="Catastrófico"),AND(Y36="Alta",AA36="Catastrófico"),AND(Y36="Muy Alta",AA36="Catastrófico")),"Extremo","")))),"") -> Moderado | AD36: Reducir (mitigar) | AE36: El productor encargado debe realizar el scouting de la producción y solicitar el acompañamiento del grupo de Broadcast y los terceros involucrados con el fin de definir los recursos de la producción, esto se debe realizar cada vez que se requiera. | AG36: 46055 | AH36: 46374
A37: 16 | B37: Gestión Archivo Audiovisual | C37: Económico y Reputacional | D37: Manipulación inadecuada del material audiovisual. Falta de control en la cadena de custodia de material audiovisual por parte de directores , productores , editores ( lo anterior teniendo en cuenta que en ocasiones se presenta pérdida de bloques al momento de cargar el material a VSN ) Inventario actualizado del material audiovisual Inseguridad en los puntos de acceso a la red del archivo audiovisual. | E37: Posible Pérdida o deterioro del material audiovisual. | F37: Daños Activos Físicos | G37: 500 | H37: =IF(G37<=0,"",IF(G37<=2,"Muy Baja",IF(G37<=24,"Baja",IF(G37<=500,"Media",IF(G37<=5000,"Alta","Muy Alta"))))) -> Media | I37: =IF(H37="","",IF(H37="Muy Baja",0.2,IF(H37="Baja",0.4,IF(H37="Media",0.6,IF(H37="Alta",0.8,IF(H37="Muy Alta",1,)))))) -> 0.6 | J37: Entre 100 y 500 SMLMV | K37: =IF(NOT(ISERROR(MATCH(J37,'Tabla Impacto'!$B$221:$B$223,0))),'Tabla Impacto'!$F$223&"Por favor no seleccionar los criterios de impacto(Afectación Económica o presupuestal y Pérdida Reputacional)",J37) -> Entre 100 y 500 SMLMV | L37: =IF(OR(K37='Tabla Impacto'!$C$11,K37='Tabla Impacto'!$D$11),"Leve",IF(OR(K37='Tabla Impacto'!$C$12,K37='Tabla Impacto'!$D$12),"Menor",IF(OR(K37='Tabla Impacto'!$C$13,K37='Tabla Impacto'!$D$13),"Moderado",IF(OR(K37='Tabla Impacto'!$C$14,K37='Tabla Impacto'!$D$14),"Mayor",IF(OR(K37='Tabla Impacto'!$C$15,K37='Tabla Impacto'!$D$15),"Catastrófico",""))))) -> Mayor | M37: =IF(L37="","",IF(L37="Leve",0.2,IF(L37="Menor",0.4,IF(L37="Moderado",0.6,IF(L37="Mayor",0.8,IF(L37="Catastrófico",1,)))))) -> 0.8 | N37: =IF(OR(AND(H37="Muy Baja",L37="Leve"),AND(H37="Muy Baja",L37="Menor"),AND(H37="Baja",L37="Leve")),"Bajo",IF(OR(AND(H37="Muy baja",L37="Moderado"),AND(H37="Baja",L37="Menor"),AND(H37="Baja",L37="Moderado"),AND(H37="Media",L37="Leve"),AND(H37="Media",L37="Menor"),AND(H37="Media",L37="Moderado"),AND(H37="Alta",L37="Leve"),AND(H37="Alta",L37="Menor")),"Moderado",IF(OR(AND(H37="Muy Baja",L37="Mayor"),AND(H37="Baja",L37="Mayor"),AND(H37="Media",L37="Mayor"),AND(H37="Alta",L37="Moderado"),AND(H37="Alta",L37="Mayor"),AND(H37="Muy Alta",L37="Leve"),AND(H37="Muy Alta",L37="Menor"),AND(H37="Muy Alta",L37="Moderado"),AND(H37="Muy Alta",L37="Mayor")),"Alto",IF(OR(AND(H37="Muy Baja",L37="Catastrófico"),AND(H37="Baja",L37="Catastrófico"),AND(H37="Media",L37="Catastrófico"),AND(H37="Alta",L37="Catastrófico"),AND(H37="Muy Alta",L37="Catastrófico")),"Extremo","")))) -> Alto | O37: 1 | P37: El encargado del proceso de Archivo audiovisual maneja un procedimiento donde se menciona quiénes son las personas encargadas de la manipulación del material audiovisual. Cuando otros procesos solicitan el material, se deja registro en una planilla cada vez que sea necesario. | Q37: =IF(OR(R37="Preventivo",R37="Detectivo"),"Probabilidad",IF(R37="Correctivo","Impacto","")) -> Probabilidad | R37: Preventivo | S37: Manual | T37: =IF(AND(R37="Preventivo",S37="Automático"),"50%",IF(AND(R37="Preventivo",S37="Manual"),"40%",IF(AND(R37="Detectivo",S37="Automático"),"40%",IF(AND(R37="Detectivo",S37="Manual"),"30%",IF(AND(R37="Correctivo",S37="Automático"),"35%",IF(AND(R37="Correctivo",S37="Manual"),"25%","")))))) -> 40% | U37: Documentado | V37: Continua | W37: Con Registro | X37: =IFERROR(IF(Q37="Probabilidad",(I37-(+I37*T37)),IF(Q37="Impacto",I37,"")),"") -> 0.36 | Y37: =IFERROR(IF(X37="","",IF(X37<=0.2,"Muy Baja",IF(X37<=0.4,"Baja",IF(X37<=0.6,"Media",IF(X37<=0.8,"Alta","Muy Alta"))))),"") -> Baja | Z37: =+X37 -> 0.36 | AA37: =IFERROR(IF(AB37="","",IF(AB37<=0.2,"Leve",IF(AB37<=0.4,"Menor",IF(AB37<=0.6,"Moderado",IF(AB37<=0.8,"Mayor","Catastrófico"))))),"") -> Mayor | AB37: =IFERROR(IF(Q37="Impacto",(M37-(+M37*T37)),IF(Q37="Probabilidad",M37,"")),"") -> 0.8 | AC37: =IFERROR(IF(OR(AND(Y37="Muy Baja",AA37="Leve"),AND(Y37="Muy Baja",AA37="Menor"),AND(Y37="Baja",AA37="Leve")),"Bajo",IF(OR(AND(Y37="Muy baja",AA37="Moderado"),AND(Y37="Baja",AA37="Menor"),AND(Y37="Baja",AA37="Moderado"),AND(Y37="Media",AA37="Leve"),AND(Y37="Media",AA37="Menor"),AND(Y37="Media",AA37="Moderado"),AND(Y37="Alta",AA37="Leve"),AND(Y37="Alta",AA37="Menor")),"Moderado",IF(OR(AND(Y37="Muy Baja",AA37="Mayor"),AND(Y37="Baja",AA37="Mayor"),AND(Y37="Media",AA37="Mayor"),AND(Y37="Alta",AA37="Moderado"),AND(Y37="Alta",AA37="Mayor"),AND(Y37="Muy Alta",AA37="Leve"),AND(Y37="Muy Alta",AA37="Menor"),AND(Y37="Muy Alta",AA37="Moderado"),AND(Y37="Muy Alta",AA37="Mayor")),"Alto",IF(OR(AND(Y37="Muy Baja",AA37="Catastrófico"),AND(Y37="Baja",AA37="Catastrófico"),AND(Y37="Media",AA37="Catastrófico"),AND(Y37="Alta",AA37="Catastrófico"),AND(Y37="Muy Alta",AA37="Catastrófico")),"Extremo","")))),"") -> Alto | AD37: Evitar | AE37: Gestionar diariamente, junto con el área de emisión, la captura de los programas para que sean entregados al editor encargado de cada uno para su correcta recepción, carga y almacenamiento en el sistema VSN. | AF37: Encargado Archivo Audiovisual | AG37: 46055 | AH37: 46374
K38: =IF(NOT(ISERROR(MATCH(J38,_xlfn.ANCHORARRAY(E40),0))),#REF!&"Por favor no seleccionar los criterios de impacto",J38) -> 0 | O38: 2 | P38: El encargado del proceso de Archivo audiovisual y su equipo de trabajo realizan el registro del material audiovisual en el formato de inventario (M-GA-P01-F10), proceso que están llevando a cabo. | Q38: =IF(OR(R38="Preventivo",R38="Detectivo"),"Probabilidad",IF(R38="Correctivo","Impacto","")) -> Probabilidad | R38: Preventivo | S38: Manual | T38: =IF(AND(R38="Preventivo",S38="Automático"),"50%",IF(AND(R38="Preventivo",S38="Manual"),"40%",IF(AND(R38="Detectivo",S38="Automático"),"40%",IF(AND(R38="Detectivo",S38="Manual"),"30%",IF(AND(R38="Correctivo",S38="Automático"),"35%",IF(AND(R38="Correctivo",S38="Manual"),"25%","")))))) -> 40% | U38: Documentado | V38: Continua | W38: Con Registro | X38: =IFERROR(IF(Q38="Probabilidad",(I38-(+I38*T38)),IF(Q38="Impacto",I38,"")),"") -> 0 | Y38: =IFERROR(IF(X38="","",IF(X38<=0.2,"Muy Baja",IF(X38<=0.4,"Baja",IF(X38<=0.6,"Media",IF(X38<=0.8,"Alta","Muy Alta"))))),"") -> Muy Baja | Z38: =+X38 -> 0 | AA38: =IFERROR(IF(AB38="","",IF(AB38<=0.2,"Leve",IF(AB38<=0.4,"Menor",IF(AB38<=0.6,"Moderado",IF(AB38<=0.8,"Mayor","Catastrófico"))))),"") -> Leve | AB38: =IFERROR(IF(Q38="Impacto",(M38-(+M38*T38)),IF(Q38="Probabilidad",M38,"")),"") -> 0 | AC38: =IFERROR(IF(OR(AND(Y38="Muy Baja",AA38="Leve"),AND(Y38="Muy Baja",AA38="Menor"),AND(Y38="Baja",AA38="Leve")),"Bajo",IF(OR(AND(Y38="Muy baja",AA38="Moderado"),AND(Y38="Baja",AA38="Menor"),AND(Y38="Baja",AA38="Moderado"),AND(Y38="Media",AA38="Leve"),AND(Y38="Media",AA38="Menor"),AND(Y38="Media",AA38="Moderado"),AND(Y38="Alta",AA38="Leve"),AND(Y38="Alta",AA38="Menor")),"Moderado",IF(OR(AND(Y38="Muy Baja",AA38="Mayor"),AND(Y38="Baja",AA38="Mayor"),AND(Y38="Media",AA38="Mayor"),AND(Y38="Alta",AA38="Moderado"),AND(Y38="Alta",AA38="Mayor"),AND(Y38="Muy Alta",AA38="Leve"),AND(Y38="Muy Alta",AA38="Menor"),AND(Y38="Muy Alta",AA38="Moderado"),AND(Y38="Muy Alta",AA38="Mayor")),"Alto",IF(OR(AND(Y38="Muy Baja",AA38="Catastrófico"),AND(Y38="Baja",AA38="Catastrófico"),AND(Y38="Media",AA38="Catastrófico"),AND(Y38="Alta",AA38="Catastrófico"),AND(Y38="Muy Alta",AA38="Catastrófico")),"Extremo","")))),"") -> Bajo | AD38: Evitar | AE38: Realizar anualmente la actualización del inventario del material audiovisual en el formato establecido en el SIG. | AF38: Encargado Archivo Audiovisual | AG38: 46055 | AH38: 46374
A39: 17 | B39: Gestión Financiera y presupuestal | C39: Económico y Reputacional | D39: Falencias en la parametrización del sistema de información ERP, SAFIX. Ausencias de inducción y reinducción a los contratistas y funcionarios que intervienen en la generación de la información contable y financiera. Existencia de procesos manuales. Entrega de información financiera inoportuna, incompleta y sin cumplimiento de requisitos por parte de los procesos | E39: Posibilidad de que la Información financiera no refleje la realidad del Canal o se presente de forma inoportuna y con errores. | F39: Ejecución y Administración de procesos | G39: 500 | H39: =IF(G39<=0,"",IF(G39<=2,"Muy Baja",IF(G39<=24,"Baja",IF(G39<=500,"Media",IF(G39<=5000,"Alta","Muy Alta"))))) -> Media | I39: =IF(H39="","",IF(H39="Muy Baja",0.2,IF(H39="Baja",0.4,IF(H39="Media",0.6,IF(H39="Alta",0.8,IF(H39="Muy Alta",1,)))))) -> 0.6 | J39: Entre 50 y 100 SMLMV | K39: =IF(NOT(ISERROR(MATCH(J39,'Tabla Impacto'!$B$221:$B$223,0))),'Tabla Impacto'!$F$223&"Por favor no seleccionar los criterios de impacto(Afectación Económica o presupuestal y Pérdida Reputacional)",J39) -> Entre 50 y 100 SMLMV | L39: =IF(OR(K39='Tabla Impacto'!$C$11,K39='Tabla Impacto'!$D$11),"Leve",IF(OR(K39='Tabla Impacto'!$C$12,K39='Tabla Impacto'!$D$12),"Menor",IF(OR(K39='Tabla Impacto'!$C$13,K39='Tabla Impacto'!$D$13),"Moderado",IF(OR(K39='Tabla Impacto'!$C$14,K39='Tabla Impacto'!$D$14),"Mayor",IF(OR(K39='Tabla Impacto'!$C$15,K39='Tabla Impacto'!$D$15),"Catastrófico",""))))) -> Moderado | M39: =IF(L39="","",IF(L39="Leve",0.2,IF(L39="Menor",0.4,IF(L39="Moderado",0.6,IF(L39="Mayor",0.8,IF(L39="Catastrófico",1,)))))) -> 0.6 | N39: =IF(OR(AND(H39="Muy Baja",L39="Leve"),AND(H39="Muy Baja",L39="Menor"),AND(H39="Baja",L39="Leve")),"Bajo",IF(OR(AND(H39="Muy baja",L39="Moderado"),AND(H39="Baja",L39="Menor"),AND(H39="Baja",L39="Moderado"),AND(H39="Media",L39="Leve"),AND(H39="Media",L39="Menor"),AND(H39="Media",L39="Moderado"),AND(H39="Alta",L39="Leve"),AND(H39="Alta",L39="Menor")),"Moderado",IF(OR(AND(H39="Muy Baja",L39="Mayor"),AND(H39="Baja",L39="Mayor"),AND(H39="Media",L39="Mayor"),AND(H39="Alta",L39="Moderado"),AND(H39="Alta",L39="Mayor"),AND(H39="Muy Alta",L39="Leve"),AND(H39="Muy Alta",L39="Menor"),AND(H39="Muy Alta",L39="Moderado"),AND(H39="Muy Alta",L39="Mayor")),"Alto",IF(OR(AND(H39="Muy Baja",L39="Catastrófico"),AND(H39="Baja",L39="Catastrófico"),AND(H39="Media",L39="Catastrófico"),AND(H39="Alta",L39="Catastrófico"),AND(H39="Muy Alta",L39="Catastrófico")),"Extremo","")))) -> Moderado | O39: 1 | P39: Revisión de Información entregada por los procesos. * Capacitación del personal, inducción y reinducción * Socialización y evaluación de conocimiento de políticas y procedimientos * Informes completos y frecuentes, sobre las actividades, necesidades presupuestales de los proceso. * Información continua y completa sobre la utilización de los recursos asignados a los procesos * Revisión y seguimiento continuo * Seguimiento y control al cumplimiento de políticas y procedimientos * Socialización cronograma de entrega de informes a los procesos * En caso de ser necesario aplicar procesos disciplinarios | Q39: =IF(OR(R39="Preventivo",R39="Detectivo"),"Probabilidad",IF(R39="Correctivo","Impacto","")) -> Probabilidad | R39: Preventivo | S39: Manual | T39: =IF(AND(R39="Preventivo",S39="Automático"),"50%",IF(AND(R39="Preventivo",S39="Manual"),"40%",IF(AND(R39="Detectivo",S39="Automático"),"40%",IF(AND(R39="Detectivo",S39="Manual"),"30%",IF(AND(R39="Correctivo",S39="Automático"),"35%",IF(AND(R39="Correctivo",S39="Manual"),"25%","")))))) -> 40% | U39: Documentado | V39: Continua | W39: Con Registro | X39: =IFERROR(IF(Q39="Probabilidad",(I39-(+I39*T39)),IF(Q39="Impacto",I39,"")),"") -> 0.36 | Y39: =IFERROR(IF(X39="","",IF(X39<=0.2,"Muy Baja",IF(X39<=0.4,"Baja",IF(X39<=0.6,"Media",IF(X39<=0.8,"Alta","Muy Alta"))))),"") -> Baja | Z39: =+X39 -> 0.36 | AA39: =IFERROR(IF(AB39="","",IF(AB39<=0.2,"Leve",IF(AB39<=0.4,"Menor",IF(AB39<=0.6,"Moderado",IF(AB39<=0.8,"Mayor","Catastrófico"))))),"") -> Moderado | AB39: =IFERROR(IF(Q39="Impacto",(M39-(+M39*T39)),IF(Q39="Probabilidad",M39,"")),"") -> 0.6 | AC39: =IFERROR(IF(OR(AND(Y39="Muy Baja",AA39="Leve"),AND(Y39="Muy Baja",AA39="Menor"),AND(Y39="Baja",AA39="Leve")),"Bajo",IF(OR(AND(Y39="Muy baja",AA39="Moderado"),AND(Y39="Baja",AA39="Menor"),AND(Y39="Baja",AA39="Moderado"),AND(Y39="Media",AA39="Leve"),AND(Y39="Media",AA39="Menor"),AND(Y39="Media",AA39="Moderado"),AND(Y39="Alta",AA39="Leve"),AND(Y39="Alta",AA39="Menor")),"Moderado",IF(OR(AND(Y39="Muy Baja",AA39="Mayor"),AND(Y39="Baja",AA39="Mayor"),AND(Y39="Media",AA39="Mayor"),AND(Y39="Alta",AA39="Moderado"),AND(Y39="Alta",AA39="Mayor"),AND(Y39="Muy Alta",AA39="Leve"),AND(Y39="Muy Alta",AA39="Menor"),AND(Y39="Muy Alta",AA39="Moderado"),AND(Y39="Muy Alta",AA39="Mayor")),"Alto",IF(OR(AND(Y39="Muy Baja",AA39="Catastrófico"),AND(Y39="Baja",AA39="Catastrófico"),AND(Y39="Media",AA39="Catastrófico"),AND(Y39="Alta",AA39="Catastrófico"),AND(Y39="Muy Alta",AA39="Catastrófico")),"Extremo","")))),"") -> Moderado | AD39: Evitar | AE39: Realizar capacitación continua en el sistema Documentación del proceso Conciliación periódica entre módulos | AF39: Contador Tesorera Cartera | AG39: 46055 | AH39: 46374
A40: 18 | B40: Gestión Financiera y presupuestal | C40: Económico y Reputacional | D40: Reprocesos en el registro y búsqueda de documentación, en SAFIX y Facturatech. Desconocimiento de los informes y/o reportes a generar dentro de las fechas limites. Ausencia de un calendario para cumplimiento de obligaciones tributarias e informes a terceros. Falta de actualización y auditoria al cronograma de vencimientos de obligaciones tributarias y a terceros. | E40: Probabilidad de incumplimiento de las obligaciones de tipo legal, fiscal, tributario por parte del Canal como Televisión Pública. | F40: Ejecución y Administración de procesos | G40: 500 | H40: =IF(G40<=0,"",IF(G40<=2,"Muy Baja",IF(G40<=24,"Baja",IF(G40<=500,"Media",IF(G40<=5000,"Alta","Muy Alta"))))) -> Media | I40: =IF(H40="","",IF(H40="Muy Baja",0.2,IF(H40="Baja",0.4,IF(H40="Media",0.6,IF(H40="Alta",0.8,IF(H40="Muy Alta",1,)))))) -> 0.6 | J40: Entre 100 y 500 SMLMV | K40: =IF(NOT(ISERROR(MATCH(J40,'Tabla Impacto'!$B$221:$B$223,0))),'Tabla Impacto'!$F$223&"Por favor no seleccionar los criterios de impacto(Afectación Económica o presupuestal y Pérdida Reputacional)",J40) -> Entre 100 y 500 SMLMV | L40: =IF(OR(K40='Tabla Impacto'!$C$11,K40='Tabla Impacto'!$D$11),"Leve",IF(OR(K40='Tabla Impacto'!$C$12,K40='Tabla Impacto'!$D$12),"Menor",IF(OR(K40='Tabla Impacto'!$C$13,K40='Tabla Impacto'!$D$13),"Moderado",IF(OR(K40='Tabla Impacto'!$C$14,K40='Tabla Impacto'!$D$14),"Mayor",IF(OR(K40='Tabla Impacto'!$C$15,K40='Tabla Impacto'!$D$15),"Catastrófico",""))))) -> Mayor | M40: =IF(L40="","",IF(L40="Leve",0.2,IF(L40="Menor",0.4,IF(L40="Moderado",0.6,IF(L40="Mayor",0.8,IF(L40="Catastrófico",1,)))))) -> 0.8 | N40: =IF(OR(AND(H40="Muy Baja",L40="Leve"),AND(H40="Muy Baja",L40="Menor"),AND(H40="Baja",L40="Leve")),"Bajo",IF(OR(AND(H40="Muy baja",L40="Moderado"),AND(H40="Baja",L40="Menor"),AND(H40="Baja",L40="Moderado"),AND(H40="Media",L40="Leve"),AND(H40="Media",L40="Menor"),AND(H40="Media",L40="Moderado"),AND(H40="Alta",L40="Leve"),AND(H40="Alta",L40="Menor")),"Moderado",IF(OR(AND(H40="Muy Baja",L40="Mayor"),AND(H40="Baja",L40="Mayor"),AND(H40="Media",L40="Mayor"),AND(H40="Alta",L40="Moderado"),AND(H40="Alta",L40="Mayor"),AND(H40="Muy Alta",L40="Leve"),AND(H40="Muy Alta",L40="Menor"),AND(H40="Muy Alta",L40="Moderado"),AND(H40="Muy Alta",L40="Mayor")),"Alto",IF(OR(AND(H40="Muy Baja",L40="Catastrófico"),AND(H40="Baja",L40="Catastrófico"),AND(H40="Media",L40="Catastrófico"),AND(H40="Alta",L40="Catastrófico"),AND(H40="Muy Alta",L40="Catastrófico")),"Extremo","")))) -> Alto | O40: 1 | P40: El contador revisa el cronograma de vencimientos tributarios, informes a terceros para identificar las fechas de vencimientos | Q40: =IF(OR(R40="Preventivo",R40="Detectivo"),"Probabilidad",IF(R40="Correctivo","Impacto","")) -> Probabilidad | R40: Preventivo | S40: Manual | T40: =IF(AND(R40="Preventivo",S40="Automático"),"50%",IF(AND(R40="Preventivo",S40="Manual"),"40%",IF(AND(R40="Detectivo",S40="Automático"),"40%",IF(AND(R40="Detectivo",S40="Manual"),"30%",IF(AND(R40="Correctivo",S40="Automático"),"35%",IF(AND(R40="Correctivo",S40="Manual"),"25%","")))))) -> 40% | U40: Documentado | V40: Continua | W40: Con Registro | X40: =IFERROR(IF(Q40="Probabilidad",(I40-(+I40*T40)),IF(Q40="Impacto",I40,"")),"") -> 0.36 | Y40: =IFERROR(IF(X40="","",IF(X40<=0.2,"Muy Baja",IF(X40<=0.4,"Baja",IF(X40<=0.6,"Media",IF(X40<=0.8,"Alta","Muy Alta"))))),"") -> Baja | Z40: =+X40 -> 0.36 | AA40: =IFERROR(IF(AB40="","",IF(AB40<=0.2,"Leve",IF(AB40<=0.4,"Menor",IF(AB40<=0.6,"Moderado",IF(AB40<=0.8,"Mayor","Catastrófico"))))),"") -> Mayor | AB40: =IFERROR(IF(Q40="Impacto",(M40-(+M40*T40)),IF(Q40="Probabilidad",M40,"")),"") -> 0.8 | AC40: =IFERROR(IF(OR(AND(Y40="Muy Baja",AA40="Leve"),AND(Y40="Muy Baja",AA40="Menor"),AND(Y40="Baja",AA40="Leve")),"Bajo",IF(OR(AND(Y40="Muy baja",AA40="Moderado"),AND(Y40="Baja",AA40="Menor"),AND(Y40="Baja",AA40="Moderado"),AND(Y40="Media",AA40="Leve"),AND(Y40="Media",AA40="Menor"),AND(Y40="Media",AA40="Moderado"),AND(Y40="Alta",AA40="Leve"),AND(Y40="Alta",AA40="Menor")),"Moderado",IF(OR(AND(Y40="Muy Baja",AA40="Mayor"),AND(Y40="Baja",AA40="Mayor"),AND(Y40="Media",AA40="Mayor"),AND(Y40="Alta",AA40="Moderado"),AND(Y40="Alta",AA40="Mayor"),AND(Y40="Muy Alta",AA40="Leve"),AND(Y40="Muy Alta",AA40="Menor"),AND(Y40="Muy Alta",AA40="Moderado"),AND(Y40="Muy Alta",AA40="Mayor")),"Alto",IF(OR(AND(Y40="Muy Baja",AA40="Catastrófico"),AND(Y40="Baja",AA40="Catastrófico"),AND(Y40="Media",AA40="Catastrófico"),AND(Y40="Alta",AA40="Catastrófico"),AND(Y40="Muy Alta",AA40="Catastrófico")),"Extremo","")))),"") -> Alto | AD40: Evitar | AE40: Revisión y actualización del calendario de vencimientos | AF40: Contador Tesorera Cartera | AG40: 46055 | AH40: 46374
D41: La Contratación a través de prestación de servicios permite la brecha de ausencia de compromiso con el Canal y en consecuencia abandono de los cargos sin previo aviso. | K41: =IF(NOT(ISERROR(MATCH(J41,_xlfn.ANCHORARRAY(E44),0))),#REF!&"Por favor no seleccionar los criterios de impacto",J41) -> 0 | O41: 2 | P41: El contador establece periodos de cierre contable para la depuración y análisis de la información registrada en los libros contables de la entidad | AE41: Enviar correos electrónicos al contratista encargado de apoyo de contabilidad y los lideres de áreas encargados de compras informando sobre la fecha limite para radicación de facturas, cuentas de cobro que afectan la elaboración de impuestos | AF41: Contador Tesorera Cartera | AG41: 46055 | AH41: 46374
A42: 19 | B42: Gestión Financiera y presupuestal | C42: Económico y Reputacional | D42: Trabajo bajo presión, acumulación de pagos por falta de disponibilidad de recursos, falta de programación en los pagos, atención al detalle. | E42: Posibilidad de pagos por mayor valor, pagos dobles o pagos con importes diferentes a los causados en contabilidad. | F42: Ejecución y Administración de procesos | G42: 24 | H42: =IF(G42<=0,"",IF(G42<=2,"Muy Baja",IF(G42<=24,"Baja",IF(G42<=500,"Media",IF(G42<=5000,"Alta","Muy Alta"))))) -> Baja | I42: =IF(H42="","",IF(H42="Muy Baja",0.2,IF(H42="Baja",0.4,IF(H42="Media",0.6,IF(H42="Alta",0.8,IF(H42="Muy Alta",1,)))))) -> 0.4 | J42: Entre 10 y 50 SMLMV | K42: =IF(NOT(ISERROR(MATCH(J42,'Tabla Impacto'!$B$221:$B$223,0))),'Tabla Impacto'!$F$223&"Por favor no seleccionar los criterios de impacto(Afectación Económica o presupuestal y Pérdida Reputacional)",J42) -> Entre 10 y 50 SMLMV | L42: =IF(OR(K42='Tabla Impacto'!$C$11,K42='Tabla Impacto'!$D$11),"Leve",IF(OR(K42='Tabla Impacto'!$C$12,K42='Tabla Impacto'!$D$12),"Menor",IF(OR(K42='Tabla Impacto'!$C$13,K42='Tabla Impacto'!$D$13),"Moderado",IF(OR(K42='Tabla Impacto'!$C$14,K42='Tabla Impacto'!$D$14),"Mayor",IF(OR(K42='Tabla Impacto'!$C$15,K42='Tabla Impacto'!$D$15),"Catastrófico",""))))) -> Menor | M42: =IF(L42="","",IF(L42="Leve",0.2,IF(L42="Menor",0.4,IF(L42="Moderado",0.6,IF(L42="Mayor",0.8,IF(L42="Catastrófico",1,)))))) -> 0.4 | N42: =IF(OR(AND(H42="Muy Baja",L42="Leve"),AND(H42="Muy Baja",L42="Menor"),AND(H42="Baja",L42="Leve")),"Bajo",IF(OR(AND(H42="Muy baja",L42="Moderado"),AND(H42="Baja",L42="Menor"),AND(H42="Baja",L42="Moderado"),AND(H42="Media",L42="Leve"),AND(H42="Media",L42="Menor"),AND(H42="Media",L42="Moderado"),AND(H42="Alta",L42="Leve"),AND(H42="Alta",L42="Menor")),"Moderado",IF(OR(AND(H42="Muy Baja",L42="Mayor"),AND(H42="Baja",L42="Mayor"),AND(H42="Media",L42="Mayor"),AND(H42="Alta",L42="Moderado"),AND(H42="Alta",L42="Mayor"),AND(H42="Muy Alta",L42="Leve"),AND(H42="Muy Alta",L42="Menor"),AND(H42="Muy Alta",L42="Moderado"),AND(H42="Muy Alta",L42="Mayor")),"Alto",IF(OR(AND(H42="Muy Baja",L42="Catastrófico"),AND(H42="Baja",L42="Catastrófico"),AND(H42="Media",L42="Catastrófico"),AND(H42="Alta",L42="Catastrófico"),AND(H42="Muy Alta",L42="Catastrófico")),"Extremo","")))) -> Moderado | O42: 1 | P42: El tesorero realiza informes periódicos de las cuentas por pagar para determinar las obligaciones que tiene el canal TRO con acreedores y proveedores y la programación de pagos que son autorizados por la Gerencia | Q42: =IF(OR(R42="Preventivo",R42="Detectivo"),"Probabilidad",IF(R42="Correctivo","Impacto","")) -> Probabilidad | R42: Preventivo | S42: Manual | T42: =IF(AND(R42="Preventivo",S42="Automático"),"50%",IF(AND(R42="Preventivo",S42="Manual"),"40%",IF(AND(R42="Detectivo",S42="Automático"),"40%",IF(AND(R42="Detectivo",S42="Manual"),"30%",IF(AND(R42="Correctivo",S42="Automático"),"35%",IF(AND(R42="Correctivo",S42="Manual"),"25%","")))))) -> 40% | U42: Documentado | V42: Continua | W42: Con Registro | X42: =IFERROR(IF(Q42="Probabilidad",(I42-(+I42*T42)),IF(Q42="Impacto",I42,"")),"") -> 0.24 | Y42: =IFERROR(IF(X42="","",IF(X42<=0.2,"Muy Baja",IF(X42<=0.4,"Baja",IF(X42<=0.6,"Media",IF(X42<=0.8,"Alta","Muy Alta"))))),"") -> Baja | Z42: =+X42 -> 0.24 | AA42: =IFERROR(IF(AB42="","",IF(AB42<=0.2,"Leve",IF(AB42<=0.4,"Menor",IF(AB42<=0.6,"Moderado",IF(AB42<=0.8,"Mayor","Catastrófico"))))),"") -> Menor | AB42: =IFERROR(IF(Q42="Impacto",(M42-(+M42*T42)),IF(Q42="Probabilidad",M42,"")),"") -> 0.4 | AC42: =IFERROR(IF(OR(AND(Y42="Muy Baja",AA42="Leve"),AND(Y42="Muy Baja",AA42="Menor"),AND(Y42="Baja",AA42="Leve")),"Bajo",IF(OR(AND(Y42="Muy baja",AA42="Moderado"),AND(Y42="Baja",AA42="Menor"),AND(Y42="Baja",AA42="Moderado"),AND(Y42="Media",AA42="Leve"),AND(Y42="Media",AA42="Menor"),AND(Y42="Media",AA42="Moderado"),AND(Y42="Alta",AA42="Leve"),AND(Y42="Alta",AA42="Menor")),"Moderado",IF(OR(AND(Y42="Muy Baja",AA42="Mayor"),AND(Y42="Baja",AA42="Mayor"),AND(Y42="Media",AA42="Mayor"),AND(Y42="Alta",AA42="Moderado"),AND(Y42="Alta",AA42="Mayor"),AND(Y42="Muy Alta",AA42="Leve"),AND(Y42="Muy Alta",AA42="Menor"),AND(Y42="Muy Alta",AA42="Moderado"),AND(Y42="Muy Alta",AA42="Mayor")),"Alto",IF(OR(AND(Y42="Muy Baja",AA42="Catastrófico"),AND(Y42="Baja",AA42="Catastrófico"),AND(Y42="Media",AA42="Catastrófico"),AND(Y42="Alta",AA42="Catastrófico"),AND(Y42="Muy Alta",AA42="Catastrófico")),"Extremo","")))),"") -> Moderado | AD42: Evitar | AE42: Efectuar los pagos con la autorización de rúbrica en el informe formato verificación de cumplimiento de requisitos para pagos beneficiarios A-GJ-P03-F02, Informe supervisión- acta de recibo y certificación de cumplimiento A-GJ.P03-F01 del funcionario designado por la gerencia del CANAL TRO LTDA | AF42: Contador Tesorera Cartera | AG42: 46055 | AH42: 46374
D43: Reprocesos en el registro y búsqueda de documentación, en SAFIX y Facturatech. Desconocimiento de los informes y/o reportes a generar dentro de las fechas limites. Ausencia de un calendario para cumplimiento de obligaciones tributarias e informes a terceros. Falta de actualización y auditoria al cronograma de vencimientos de obligaciones tributarias y a terceros. | K43: =IF(NOT(ISERROR(MATCH(J43,_xlfn.ANCHORARRAY(E45),0))),#REF!&"Por favor no seleccionar los criterios de impacto",J43) -> 0 | O43: 2 | P43: El Contratista encargado del apoyo contable debe capturar en la causación contable el número de la factura de venta, documento electrónico o soporte con el cual realiza la causación para evitar que un mismo documento que pertenezca a un tercero determinado quede registrado doble vez | AE43: Capturar cada vez que se registre el numero del documento que registra el reconocimiento contable. | AF43: Contador Tesorera Cartera | AG43: 46055 | AH43: 46374
A44: 20 | B44: Gestión Financiera y presupuestal | C44: Económico y Reputacional | D44: La Contratación a través de prestación de servicios permite la brecha de ausencia de compromiso con el Canal y en consecuencia abandono de los cargos sin previo aviso. | E44: Probabilidad de designación de personal con perfil no idóneo para la ejecución de actividades y desarrollo de funciones específicas del cargo. | F44: Ejecución y Administración de procesos | G44: 24 | H44: =IF(G44<=0,"",IF(G44<=2,"Muy Baja",IF(G44<=24,"Baja",IF(G44<=500,"Media",IF(G44<=5000,"Alta","Muy Alta"))))) -> Baja | I44: =IF(H44="","",IF(H44="Muy Baja",0.2,IF(H44="Baja",0.4,IF(H44="Media",0.6,IF(H44="Alta",0.8,IF(H44="Muy Alta",1,)))))) -> 0.4 | J44: Entre 10 y 50 SMLMV | K44: =IF(NOT(ISERROR(MATCH(J44,'Tabla Impacto'!$B$221:$B$223,0))),'Tabla Impacto'!$F$223&"Por favor no seleccionar los criterios de impacto(Afectación Económica o presupuestal y Pérdida Reputacional)",J44) -> Entre 10 y 50 SMLMV | L44: =IF(OR(K44='Tabla Impacto'!$C$11,K44='Tabla Impacto'!$D$11),"Leve",IF(OR(K44='Tabla Impacto'!$C$12,K44='Tabla Impacto'!$D$12),"Menor",IF(OR(K44='Tabla Impacto'!$C$13,K44='Tabla Impacto'!$D$13),"Moderado",IF(OR(K44='Tabla Impacto'!$C$14,K44='Tabla Impacto'!$D$14),"Mayor",IF(OR(K44='Tabla Impacto'!$C$15,K44='Tabla Impacto'!$D$15),"Catastrófico",""))))) -> Menor | M44: =IF(L44="","",IF(L44="Leve",0.2,IF(L44="Menor",0.4,IF(L44="Moderado",0.6,IF(L44="Mayor",0.8,IF(L44="Catastrófico",1,)))))) -> 0.4 | N44: =IF(OR(AND(H44="Muy Baja",L44="Leve"),AND(H44="Muy Baja",L44="Menor"),AND(H44="Baja",L44="Leve")),"Bajo",IF(OR(AND(H44="Muy baja",L44="Moderado"),AND(H44="Baja",L44="Menor"),AND(H44="Baja",L44="Moderado"),AND(H44="Media",L44="Leve"),AND(H44="Media",L44="Menor"),AND(H44="Media",L44="Moderado"),AND(H44="Alta",L44="Leve"),AND(H44="Alta",L44="Menor")),"Moderado",IF(OR(AND(H44="Muy Baja",L44="Mayor"),AND(H44="Baja",L44="Mayor"),AND(H44="Media",L44="Mayor"),AND(H44="Alta",L44="Moderado"),AND(H44="Alta",L44="Mayor"),AND(H44="Muy Alta",L44="Leve"),AND(H44="Muy Alta",L44="Menor"),AND(H44="Muy Alta",L44="Moderado"),AND(H44="Muy Alta",L44="Mayor")),"Alto",IF(OR(AND(H44="Muy Baja",L44="Catastrófico"),AND(H44="Baja",L44="Catastrófico"),AND(H44="Media",L44="Catastrófico"),AND(H44="Alta",L44="Catastrófico"),AND(H44="Muy Alta",L44="Catastrófico")),"Extremo","")))) -> Moderado | O44: 1 | P44: El encargado del área Financiera y presupuestal realizara una solicitud al área de Secretaria General sobre el perfil que se requiera contratar donde se especifique las características como perfil profesional y experiencia el cual permita contratar el personal idóneo para el área | Q44: =IF(OR(R44="Preventivo",R44="Detectivo"),"Probabilidad",IF(R44="Correctivo","Impacto","")) -> Probabilidad | R44: Preventivo | S44: Manual | T44: =IF(AND(R44="Preventivo",S44="Automático"),"50%",IF(AND(R44="Preventivo",S44="Manual"),"40%",IF(AND(R44="Detectivo",S44="Automático"),"40%",IF(AND(R44="Detectivo",S44="Manual"),"30%",IF(AND(R44="Correctivo",S44="Automático"),"35%",IF(AND(R44="Correctivo",S44="Manual"),"25%","")))))) -> 40% | U44: Documentado | V44: Continua | W44: Con Registro | X44: =IFERROR(IF(Q44="Probabilidad",(I44-(+I44*T44)),IF(Q44="Impacto",I44,"")),"") -> 0.24 | Y44: =IFERROR(IF(X44="","",IF(X44<=0.2,"Muy Baja",IF(X44<=0.4,"Baja",IF(X44<=0.6,"Media",IF(X44<=0.8,"Alta","Muy Alta"))))),"") -> Baja | Z44: =+X44 -> 0.24 | AA44: =IFERROR(IF(AB44="","",IF(AB44<=0.2,"Leve",IF(AB44<=0.4,"Menor",IF(AB44<=0.6,"Moderado",IF(AB44<=0.8,"Mayor","Catastrófico"))))),"") -> Menor | AB44: =IFERROR(IF(Q44="Impacto",(M44-(+M44*T44)),IF(Q44="Probabilidad",M44,"")),"") -> 0.4 | AC44: =IFERROR(IF(OR(AND(Y44="Muy Baja",AA44="Leve"),AND(Y44="Muy Baja",AA44="Menor"),AND(Y44="Baja",AA44="Leve")),"Bajo",IF(OR(AND(Y44="Muy baja",AA44="Moderado"),AND(Y44="Baja",AA44="Menor"),AND(Y44="Baja",AA44="Moderado"),AND(Y44="Media",AA44="Leve"),AND(Y44="Media",AA44="Menor"),AND(Y44="Media",AA44="Moderado"),AND(Y44="Alta",AA44="Leve"),AND(Y44="Alta",AA44="Menor")),"Moderado",IF(OR(AND(Y44="Muy Baja",AA44="Mayor"),AND(Y44="Baja",AA44="Mayor"),AND(Y44="Media",AA44="Mayor"),AND(Y44="Alta",AA44="Moderado"),AND(Y44="Alta",AA44="Mayor"),AND(Y44="Muy Alta",AA44="Leve"),AND(Y44="Muy Alta",AA44="Menor"),AND(Y44="Muy Alta",AA44="Moderado"),AND(Y44="Muy Alta",AA44="Mayor")),"Alto",IF(OR(AND(Y44="Muy Baja",AA44="Catastrófico"),AND(Y44="Baja",AA44="Catastrófico"),AND(Y44="Media",AA44="Catastrófico"),AND(Y44="Alta",AA44="Catastrófico"),AND(Y44="Muy Alta",AA44="Catastrófico")),"Extremo","")))),"") -> Moderado | AD44: Evitar | AE44: Solicitar correo electrónico cada vez que se requiera contratar a una persona para el área financiera y presupuestal. | AF44: Contador Tesorera Cartera | AG44: 46055 | AH44: 46374
A45: 21 | B45: Gestión de Bienes y servicios | C45: Económico y Reputacional | D45: No contar con la póliza multirriesgo para la cobertura de los bienes Cambio de Tecnología en los equipos Falta de Control y Seguimiento al inventario de bienes del canal | E45: Posible pérdida y deterioro de los bienes de la entidad | F45: Ejecución y Administración de procesos | G45: 501 | H45: =IF(G45<=0,"",IF(G45<=2,"Muy Baja",IF(G45<=24,"Baja",IF(G45<=500,"Media",IF(G45<=5000,"Alta","Muy Alta"))))) -> Alta | I45: =IF(H45="","",IF(H45="Muy Baja",0.2,IF(H45="Baja",0.4,IF(H45="Media",0.6,IF(H45="Alta",0.8,IF(H45="Muy Alta",1,)))))) -> 0.8 | J45: Entre 100 y 500 SMLMV | K45: =IF(NOT(ISERROR(MATCH(J45,'Tabla Impacto'!$B$221:$B$223,0))),'Tabla Impacto'!$F$223&"Por favor no seleccionar los criterios de impacto(Afectación Económica o presupuestal y Pérdida Reputacional)",J45) -> Entre 100 y 500 SMLMV | L45: =IF(OR(K45='Tabla Impacto'!$C$11,K45='Tabla Impacto'!$D$11),"Leve",IF(OR(K45='Tabla Impacto'!$C$12,K45='Tabla Impacto'!$D$12),"Menor",IF(OR(K45='Tabla Impacto'!$C$13,K45='Tabla Impacto'!$D$13),"Moderado",IF(OR(K45='Tabla Impacto'!$C$14,K45='Tabla Impacto'!$D$14),"Mayor",IF(OR(K45='Tabla Impacto'!$C$15,K45='Tabla Impacto'!$D$15),"Catastrófico",""))))) -> Mayor | M45: =IF(L45="","",IF(L45="Leve",0.2,IF(L45="Menor",0.4,IF(L45="Moderado",0.6,IF(L45="Mayor",0.8,IF(L45="Catastrófico",1,)))))) -> 0.8 | N45: =IF(OR(AND(H45="Muy Baja",L45="Leve"),AND(H45="Muy Baja",L45="Menor"),AND(H45="Baja",L45="Leve")),"Bajo",IF(OR(AND(H45="Muy baja",L45="Moderado"),AND(H45="Baja",L45="Menor"),AND(H45="Baja",L45="Moderado"),AND(H45="Media",L45="Leve"),AND(H45="Media",L45="Menor"),AND(H45="Media",L45="Moderado"),AND(H45="Alta",L45="Leve"),AND(H45="Alta",L45="Menor")),"Moderado",IF(OR(AND(H45="Muy Baja",L45="Mayor"),AND(H45="Baja",L45="Mayor"),AND(H45="Media",L45="Mayor"),AND(H45="Alta",L45="Moderado"),AND(H45="Alta",L45="Mayor"),AND(H45="Muy Alta",L45="Leve"),AND(H45="Muy Alta",L45="Menor"),AND(H45="Muy Alta",L45="Moderado"),AND(H45="Muy Alta",L45="Mayor")),"Alto",IF(OR(AND(H45="Muy Baja",L45="Catastrófico"),AND(H45="Baja",L45="Catastrófico"),AND(H45="Media",L45="Catastrófico"),AND(H45="Alta",L45="Catastrófico"),AND(H45="Muy Alta",L45="Catastrófico")),"Extremo","")))) -> Alto | O45: 1 | P45: El encargado del proceso de bienes y servicios se encarga de contratar una empresa aseguradora que suministra las pólizas correspondientes para la cobertura de equipos durante un año | Q45: =IF(OR(R45="Preventivo",R45="Detectivo"),"Probabilidad",IF(R45="Correctivo","Impacto","")) -> Probabilidad | R45: Preventivo | S45: Manual | T45: =IF(AND(R45="Preventivo",S45="Automático"),"50%",IF(AND(R45="Preventivo",S45="Manual"),"40%",IF(AND(R45="Detectivo",S45="Automático"),"40%",IF(AND(R45="Detectivo",S45="Manual"),"30%",IF(AND(R45="Correctivo",S45="Automático"),"35%",IF(AND(R45="Correctivo",S45="Manual"),"25%","")))))) -> 40% | U45: Documentado | V45: Continua | W45: Con Registro | X45: =IFERROR(IF(Q45="Probabilidad",(I45-(+I45*T45)),IF(Q45="Impacto",I45,"")),"") -> 0.48 | Y45: =IFERROR(IF(X45="","",IF(X45<=0.2,"Muy Baja",IF(X45<=0.4,"Baja",IF(X45<=0.6,"Media",IF(X45<=0.8,"Alta","Muy Alta"))))),"") -> Media | Z45: =+X45 -> 0.48 | AA45: =IFERROR(IF(AB45="","",IF(AB45<=0.2,"Leve",IF(AB45<=0.4,"Menor",IF(AB45<=0.6,"Moderado",IF(AB45<=0.8,"Mayor","Catastrófico"))))),"") -> Mayor | AB45: =IFERROR(IF(Q45="Impacto",(M45-(+M45*T45)),IF(Q45="Probabilidad",M45,"")),"") -> 0.8 | AC45: =IFERROR(IF(OR(AND(Y45="Muy Baja",AA45="Leve"),AND(Y45="Muy Baja",AA45="Menor"),AND(Y45="Baja",AA45="Leve")),"Bajo",IF(OR(AND(Y45="Muy baja",AA45="Moderado"),AND(Y45="Baja",AA45="Menor"),AND(Y45="Baja",AA45="Moderado"),AND(Y45="Media",AA45="Leve"),AND(Y45="Media",AA45="Menor"),AND(Y45="Media",AA45="Moderado"),AND(Y45="Alta",AA45="Leve"),AND(Y45="Alta",AA45="Menor")),"Moderado",IF(OR(AND(Y45="Muy Baja",AA45="Mayor"),AND(Y45="Baja",AA45="Mayor"),AND(Y45="Media",AA45="Mayor"),AND(Y45="Alta",AA45="Moderado"),AND(Y45="Alta",AA45="Mayor"),AND(Y45="Muy Alta",AA45="Leve"),AND(Y45="Muy Alta",AA45="Menor"),AND(Y45="Muy Alta",AA45="Moderado"),AND(Y45="Muy Alta",AA45="Mayor")),"Alto",IF(OR(AND(Y45="Muy Baja",AA45="Catastrófico"),AND(Y45="Baja",AA45="Catastrófico"),AND(Y45="Media",AA45="Catastrófico"),AND(Y45="Alta",AA45="Catastrófico"),AND(Y45="Muy Alta",AA45="Catastrófico")),"Extremo","")))),"") -> Alto | AD45: Evitar | AE45: Asegurarse de que las pólizas estén actualizadas y renovadas Anualmente según corresponda para garantizar una cobertura continua y adecuada de los equipos del Canal. | AF45: Jefe de almacen | AG45: 46055 | AH45: 46374
K46: =IF(NOT(ISERROR(MATCH(J46,_xlfn.ANCHORARRAY(E48),0))),I50&"Por favor no seleccionar los criterios de impacto",J46) -> 0 | O46: 2 | P46: El encargado de bienes y servicios, junto con su equipo de trabajo, lleva a cabo el inventario general, el cual queda registrado en el software softlan del Canal. Esta actividad se realiza de manera anual | Q46: =IF(OR(R46="Preventivo",R46="Detectivo"),"Probabilidad",IF(R46="Correctivo","Impacto","")) -> Probabilidad | R46: Preventivo | S46: Manual | T46: =IF(AND(R46="Preventivo",S46="Automático"),"50%",IF(AND(R46="Preventivo",S46="Manual"),"40%",IF(AND(R46="Detectivo",S46="Automático"),"40%",IF(AND(R46="Detectivo",S46="Manual"),"30%",IF(AND(R46="Correctivo",S46="Automático"),"35%",IF(AND(R46="Correctivo",S46="Manual"),"25%","")))))) -> 40% | U46: Documentado | V46: Continua | W46: Con Registro | X46: =IFERROR(IF(Q46="Probabilidad",(I46-(+I46*T46)),IF(Q46="Impacto",I46,"")),"") -> 0 | Y46: =IFERROR(IF(X46="","",IF(X46<=0.2,"Muy Baja",IF(X46<=0.4,"Baja",IF(X46<=0.6,"Media",IF(X46<=0.8,"Alta","Muy Alta"))))),"") -> Muy Baja | Z46: =+X46 -> 0 | AA46: =IFERROR(IF(AB46="","",IF(AB46<=0.2,"Leve",IF(AB46<=0.4,"Menor",IF(AB46<=0.6,"Moderado",IF(AB46<=0.8,"Mayor","Catastrófico"))))),"") -> Leve | AB46: =IFERROR(IF(Q46="Impacto",(M46-(+M46*T46)),IF(Q46="Probabilidad",M46,"")),"") -> 0 | AC46: =IFERROR(IF(OR(AND(Y46="Muy Baja",AA46="Leve"),AND(Y46="Muy Baja",AA46="Menor"),AND(Y46="Baja",AA46="Leve")),"Bajo",IF(OR(AND(Y46="Muy baja",AA46="Moderado"),AND(Y46="Baja",AA46="Menor"),AND(Y46="Baja",AA46="Moderado"),AND(Y46="Media",AA46="Leve"),AND(Y46="Media",AA46="Menor"),AND(Y46="Media",AA46="Moderado"),AND(Y46="Alta",AA46="Leve"),AND(Y46="Alta",AA46="Menor")),"Moderado",IF(OR(AND(Y46="Muy Baja",AA46="Mayor"),AND(Y46="Baja",AA46="Mayor"),AND(Y46="Media",AA46="Mayor"),AND(Y46="Alta",AA46="Moderado"),AND(Y46="Alta",AA46="Mayor"),AND(Y46="Muy Alta",AA46="Leve"),AND(Y46="Muy Alta",AA46="Menor"),AND(Y46="Muy Alta",AA46="Moderado"),AND(Y46="Muy Alta",AA46="Mayor")),"Alto",IF(OR(AND(Y46="Muy Baja",AA46="Catastrófico"),AND(Y46="Baja",AA46="Catastrófico"),AND(Y46="Media",AA46="Catastrófico"),AND(Y46="Alta",AA46="Catastrófico"),AND(Y46="Muy Alta",AA46="Catastrófico")),"Extremo","")))),"") -> Bajo | AD46: Evitar | AE46: Realizar anualmente el inventario general de los bienes para mantener actualizado el registro de los activos y asegurar un control adecuado de los mismos | AF46: Jefe de almacen | AG46: 46055 | AH46: 46374
A47: 22 | B47: Gestión Archivo Documental | C47: Reputacional | D47: Falta de un software que permita verificar la trazabilidad de la información Falta de utilización correcta de los instrumentos de control de préstamos de documentos Falta de capacitación a los colaboradores en temas de Gestión Documental Uso indebido de la información | E47: Posibilidad de demoras en la respuesta a solicitudes de comunicaciones oficiales | F47: Ejecución y Administración de procesos | G47: 360 | H47: =IF(G47<=0,"",IF(G47<=2,"Muy Baja",IF(G47<=24,"Baja",IF(G47<=500,"Media",IF(G47<=5000,"Alta","Muy Alta"))))) -> Media | I47: =IF(H47="","",IF(H47="Muy Baja",0.2,IF(H47="Baja",0.4,IF(H47="Media",0.6,IF(H47="Alta",0.8,IF(H47="Muy Alta",1,)))))) -> 0.6 | J47: El riesgo afecta la imagen de la entidad con algunos usuarios de relevancia frente al logro de los objetivos | K47: =IF(NOT(ISERROR(MATCH(J47,'Tabla Impacto'!$B$221:$B$223,0))),'Tabla Impacto'!$F$223&"Por favor no seleccionar los criterios de impacto(Afectación Económica o presupuestal y Pérdida Reputacional)",J47) -> El riesgo afecta la imagen de la entidad con algunos usuarios de relevancia frente al logro de los objetivos | L47: =IF(OR(K47='Tabla Impacto'!$C$11,K47='Tabla Impacto'!$D$11),"Leve",IF(OR(K47='Tabla Impacto'!$C$12,K47='Tabla Impacto'!$D$12),"Menor",IF(OR(K47='Tabla Impacto'!$C$13,K47='Tabla Impacto'!$D$13),"Moderado",IF(OR(K47='Tabla Impacto'!$C$14,K47='Tabla Impacto'!$D$14),"Mayor",IF(OR(K47='Tabla Impacto'!$C$15,K47='Tabla Impacto'!$D$15),"Catastrófico",""))))) -> Moderado | M47: =IF(L47="","",IF(L47="Leve",0.2,IF(L47="Menor",0.4,IF(L47="Moderado",0.6,IF(L47="Mayor",0.8,IF(L47="Catastrófico",1,)))))) -> 0.6 | N47: =IF(OR(AND(H47="Muy Baja",L47="Leve"),AND(H47="Muy Baja",L47="Menor"),AND(H47="Baja",L47="Leve")),"Bajo",IF(OR(AND(H47="Muy baja",L47="Moderado"),AND(H47="Baja",L47="Menor"),AND(H47="Baja",L47="Moderado"),AND(H47="Media",L47="Leve"),AND(H47="Media",L47="Menor"),AND(H47="Media",L47="Moderado"),AND(H47="Alta",L47="Leve"),AND(H47="Alta",L47="Menor")),"Moderado",IF(OR(AND(H47="Muy Baja",L47="Mayor"),AND(H47="Baja",L47="Mayor"),AND(H47="Media",L47="Mayor"),AND(H47="Alta",L47="Moderado"),AND(H47="Alta",L47="Mayor"),AND(H47="Muy Alta",L47="Leve"),AND(H47="Muy Alta",L47="Menor"),AND(H47="Muy Alta",L47="Moderado"),AND(H47="Muy Alta",L47="Mayor")),"Alto",IF(OR(AND(H47="Muy Baja",L47="Catastrófico"),AND(H47="Baja",L47="Catastrófico"),AND(H47="Media",L47="Catastrófico"),AND(H47="Alta",L47="Catastrófico"),AND(H47="Muy Alta",L47="Catastrófico")),"Extremo","")))) -> Moderado | O47: 1 | P47: El encargado de Ventanilla Única realiza diariamente el registro de las solicitudes que ingresan a la entidad en una planilla, asignando un número de radicado para dejar trazabilidad de la información recibida. | Q47: =IF(OR(R47="Preventivo",R47="Detectivo"),"Probabilidad",IF(R47="Correctivo","Impacto","")) -> Probabilidad | R47: Preventivo | S47: Manual | T47: =IF(AND(R47="Preventivo",S47="Automático"),"50%",IF(AND(R47="Preventivo",S47="Manual"),"40%",IF(AND(R47="Detectivo",S47="Automático"),"40%",IF(AND(R47="Detectivo",S47="Manual"),"30%",IF(AND(R47="Correctivo",S47="Automático"),"35%",IF(AND(R47="Correctivo",S47="Manual"),"25%","")))))) -> 40% | U47: Documentado | V47: Continua | W47: Con Registro | X47: =IFERROR(IF(Q47="Probabilidad",(I47-(+I47*T47)),IF(Q47="Impacto",I47,"")),"") -> 0.36 | Y47: =IFERROR(IF(X47="","",IF(X47<=0.2,"Muy Baja",IF(X47<=0.4,"Baja",IF(X47<=0.6,"Media",IF(X47<=0.8,"Alta","Muy Alta"))))),"") -> Baja | Z47: =+X47 -> 0.36 | AA47: =IFERROR(IF(AB47="","",IF(AB47<=0.2,"Leve",IF(AB47<=0.4,"Menor",IF(AB47<=0.6,"Moderado",IF(AB47<=0.8,"Mayor","Catastrófico"))))),"") -> Moderado | AB47: =IFERROR(IF(Q47="Impacto",(M47-(+M47*T47)),IF(Q47="Probabilidad",M47,"")),"") -> 0.6 | AC47: =IFERROR(IF(OR(AND(Y47="Muy Baja",AA47="Leve"),AND(Y47="Muy Baja",AA47="Menor"),AND(Y47="Baja",AA47="Leve")),"Bajo",IF(OR(AND(Y47="Muy baja",AA47="Moderado"),AND(Y47="Baja",AA47="Menor"),AND(Y47="Baja",AA47="Moderado"),AND(Y47="Media",AA47="Leve"),AND(Y47="Media",AA47="Menor"),AND(Y47="Media",AA47="Moderado"),AND(Y47="Alta",AA47="Leve"),AND(Y47="Alta",AA47="Menor")),"Moderado",IF(OR(AND(Y47="Muy Baja",AA47="Mayor"),AND(Y47="Baja",AA47="Mayor"),AND(Y47="Media",AA47="Mayor"),AND(Y47="Alta",AA47="Moderado"),AND(Y47="Alta",AA47="Mayor"),AND(Y47="Muy Alta",AA47="Leve"),AND(Y47="Muy Alta",AA47="Menor"),AND(Y47="Muy Alta",AA47="Moderado"),AND(Y47="Muy Alta",AA47="Mayor")),"Alto",IF(OR(AND(Y47="Muy Baja",AA47="Catastrófico"),AND(Y47="Baja",AA47="Catastrófico"),AND(Y47="Media",AA47="Catastrófico"),AND(Y47="Alta",AA47="Catastrófico"),AND(Y47="Muy Alta",AA47="Catastrófico")),"Extremo","")))),"") -> Moderado | AD47: Evitar | AE47: llevar a cabo el registro diario de todas las solicitudes que ingresan a la entidad, asignando un número de radicado a cada una para garantizar la trazabilidad de la información recibida. | AF47: Jefe de almacen | AG47: 46055 | AH47: 46374
A48: 23 | B48: Gestión Archivo Documental | C48: Reputacional | D48: Falta de infraestructura adecuada para el almacenamiento de documentación Falta de un control de las condiciones ambientales Falta de espacio adecuado para el almacenamiento | E48: Posibilidad de deterioro o pérdida total de la documentación recibida o gestionada | F48: Ejecución y Administración de procesos | G48: 360 | H48: =IF(G48<=0,"",IF(G48<=2,"Muy Baja",IF(G48<=24,"Baja",IF(G48<=500,"Media",IF(G48<=5000,"Alta","Muy Alta"))))) -> Media | I48: =IF(H48="","",IF(H48="Muy Baja",0.2,IF(H48="Baja",0.4,IF(H48="Media",0.6,IF(H48="Alta",0.8,IF(H48="Muy Alta",1,)))))) -> 0.6 | J48: El riesgo afecta la imagen de la entidad internamente, de conocimiento general, nivel interno, de junta dircetiva y accionistas y/o de provedores | K48: =IF(NOT(ISERROR(MATCH(J48,'Tabla Impacto'!$B$221:$B$223,0))),'Tabla Impacto'!$F$223&"Por favor no seleccionar los criterios de impacto(Afectación Económica o presupuestal y Pérdida Reputacional)",J48) -> El riesgo afecta la imagen de la entidad internamente, de conocimiento general, nivel interno, de junta dircetiva y accionistas y/o de provedores | L48: =IF(OR(K48='Tabla Impacto'!$C$11,K48='Tabla Impacto'!$D$11),"Leve",IF(OR(K48='Tabla Impacto'!$C$12,K48='Tabla Impacto'!$D$12),"Menor",IF(OR(K48='Tabla Impacto'!$C$13,K48='Tabla Impacto'!$D$13),"Moderado",IF(OR(K48='Tabla Impacto'!$C$14,K48='Tabla Impacto'!$D$14),"Mayor",IF(OR(K48='Tabla Impacto'!$C$15,K48='Tabla Impacto'!$D$15),"Catastrófico",""))))) -> Menor | M48: =IF(L48="","",IF(L48="Leve",0.2,IF(L48="Menor",0.4,IF(L48="Moderado",0.6,IF(L48="Mayor",0.8,IF(L48="Catastrófico",1,)))))) -> 0.4 | N48: =IF(OR(AND(H48="Muy Baja",L48="Leve"),AND(H48="Muy Baja",L48="Menor"),AND(H48="Baja",L48="Leve")),"Bajo",IF(OR(AND(H48="Muy baja",L48="Moderado"),AND(H48="Baja",L48="Menor"),AND(H48="Baja",L48="Moderado"),AND(H48="Media",L48="Leve"),AND(H48="Media",L48="Menor"),AND(H48="Media",L48="Moderado"),AND(H48="Alta",L48="Leve"),AND(H48="Alta",L48="Menor")),"Moderado",IF(OR(AND(H48="Muy Baja",L48="Mayor"),AND(H48="Baja",L48="Mayor"),AND(H48="Media",L48="Mayor"),AND(H48="Alta",L48="Moderado"),AND(H48="Alta",L48="Mayor"),AND(H48="Muy Alta",L48="Leve"),AND(H48="Muy Alta",L48="Menor"),AND(H48="Muy Alta",L48="Moderado"),AND(H48="Muy Alta",L48="Mayor")),"Alto",IF(OR(AND(H48="Muy Baja",L48="Catastrófico"),AND(H48="Baja",L48="Catastrófico"),AND(H48="Media",L48="Catastrófico"),AND(H48="Alta",L48="Catastrófico"),AND(H48="Muy Alta",L48="Catastrófico")),"Extremo","")))) -> Moderado | O48: 1 | P48: La encargada del Archivo Documental realiza anualmente capacitaciones sobre el manejo adecuado de la información y las normas de gestión documental, proporcionando a los colaboradores los conocimientos necesarios para llevar a cabo sus tareas de manera efectiva y cumplir con los estándares establecidos. | Q48: =IF(OR(R48="Preventivo",R48="Detectivo"),"Probabilidad",IF(R48="Correctivo","Impacto","")) -> Probabilidad | R48: Preventivo | S48: Manual | T48: =IF(AND(R48="Preventivo",S48="Automático"),"50%",IF(AND(R48="Preventivo",S48="Manual"),"40%",IF(AND(R48="Detectivo",S48="Automático"),"40%",IF(AND(R48="Detectivo",S48="Manual"),"30%",IF(AND(R48="Correctivo",S48="Automático"),"35%",IF(AND(R48="Correctivo",S48="Manual"),"25%","")))))) -> 40% | U48: Documentado | V48: Continua | W48: Con Registro | X48: =IFERROR(IF(Q48="Probabilidad",(I48-(+I48*T48)),IF(Q48="Impacto",I48,"")),"") -> 0.36 | Y48: =IFERROR(IF(X48="","",IF(X48<=0.2,"Muy Baja",IF(X48<=0.4,"Baja",IF(X48<=0.6,"Media",IF(X48<=0.8,"Alta","Muy Alta"))))),"") -> Baja | Z48: =+X48 -> 0.36 | AA48: =IFERROR(IF(AB48="","",IF(AB48<=0.2,"Leve",IF(AB48<=0.4,"Menor",IF(AB48<=0.6,"Moderado",IF(AB48<=0.8,"Mayor","Catastrófico"))))),"") -> Menor | AB48: =IFERROR(IF(Q48="Impacto",(M48-(+M48*T48)),IF(Q48="Probabilidad",M48,"")),"") -> 0.4 | AC48: =IFERROR(IF(OR(AND(Y48="Muy Baja",AA48="Leve"),AND(Y48="Muy Baja",AA48="Menor"),AND(Y48="Baja",AA48="Leve")),"Bajo",IF(OR(AND(Y48="Muy baja",AA48="Moderado"),AND(Y48="Baja",AA48="Menor"),AND(Y48="Baja",AA48="Moderado"),AND(Y48="Media",AA48="Leve"),AND(Y48="Media",AA48="Menor"),AND(Y48="Media",AA48="Moderado"),AND(Y48="Alta",AA48="Leve"),AND(Y48="Alta",AA48="Menor")),"Moderado",IF(OR(AND(Y48="Muy Baja",AA48="Mayor"),AND(Y48="Baja",AA48="Mayor"),AND(Y48="Media",AA48="Mayor"),AND(Y48="Alta",AA48="Moderado"),AND(Y48="Alta",AA48="Mayor"),AND(Y48="Muy Alta",AA48="Leve"),AND(Y48="Muy Alta",AA48="Menor"),AND(Y48="Muy Alta",AA48="Moderado"),AND(Y48="Muy Alta",AA48="Mayor")),"Alto",IF(OR(AND(Y48="Muy Baja",AA48="Catastrófico"),AND(Y48="Baja",AA48="Catastrófico"),AND(Y48="Media",AA48="Catastrófico"),AND(Y48="Alta",AA48="Catastrófico"),AND(Y48="Muy Alta",AA48="Catastrófico")),"Extremo","")))),"") -> Moderado | AD48: Evitar | AE48: Socializar anualmente a través de los correos institucionales el manejo adecuado de la información | AF48: Encaergada de Archivo Documental | AG48: 46055 | AH48: 46374
K49: =IF(NOT(ISERROR(MATCH(J49,_xlfn.ANCHORARRAY(E53),0))),I55&"Por favor no seleccionar los criterios de impacto",J49) -> 0 | O49: 2 | AE49: Gestionar adecuaciones semestralmente a la infraestructura del deposito de almacenamiento de Archivo | AF49: Encaergada de Archivo Documental | AG49: 46055 | AH49: 46374
K50: =IF(NOT(ISERROR(MATCH(J50,_xlfn.ANCHORARRAY(E54),0))),#REF!&"Por favor no seleccionar los criterios de impacto",J50) -> 0 | O50: 3 | AE50: Para evitar la pérdida y deterioro de los expedientes en el archivo central, cada vez que se realice una solicitud de préstamo de documentos , se enviará a través de correo electrónico o WhatsApp. | AF50: Encaergada de Archivo Documental | AG50: 46055 | AH50: 46374
A51: 24 | B51: Gestión Archivo Documental | C51: Reputacional | D51: Falta de cumplimiento al plan de transferencia documental, en cuanto a transferencias secundarias Priorización de la planeación y ejecución del proceso de gestión documental Establecimiento de metas a corto, mediano y largo plazo | E51: Posibilidad de deterioro del archivo central debido a factores como condiciones climáticas o ambientales | F51: Ejecución y Administración de procesos | G51: 24 | H51: =IF(G51<=0,"",IF(G51<=2,"Muy Baja",IF(G51<=24,"Baja",IF(G51<=500,"Media",IF(G51<=5000,"Alta","Muy Alta"))))) -> Baja | I51: =IF(H51="","",IF(H51="Muy Baja",0.2,IF(H51="Baja",0.4,IF(H51="Media",0.6,IF(H51="Alta",0.8,IF(H51="Muy Alta",1,)))))) -> 0.4 | J51: Entre 50 y 100 SMLMV | K51: =IF(NOT(ISERROR(MATCH(J51,'Tabla Impacto'!$B$221:$B$223,0))),'Tabla Impacto'!$F$223&"Por favor no seleccionar los criterios de impacto(Afectación Económica o presupuestal y Pérdida Reputacional)",J51) -> Entre 50 y 100 SMLMV | L51: =IF(OR(K51='Tabla Impacto'!$C$11,K51='Tabla Impacto'!$D$11),"Leve",IF(OR(K51='Tabla Impacto'!$C$12,K51='Tabla Impacto'!$D$12),"Menor",IF(OR(K51='Tabla Impacto'!$C$13,K51='Tabla Impacto'!$D$13),"Moderado",IF(OR(K51='Tabla Impacto'!$C$14,K51='Tabla Impacto'!$D$14),"Mayor",IF(OR(K51='Tabla Impacto'!$C$15,K51='Tabla Impacto'!$D$15),"Catastrófico",""))))) -> Moderado | M51: =IF(L51="","",IF(L51="Leve",0.2,IF(L51="Menor",0.4,IF(L51="Moderado",0.6,IF(L51="Mayor",0.8,IF(L51="Catastrófico",1,)))))) -> 0.6 | N51: =IF(OR(AND(H51="Muy Baja",L51="Leve"),AND(H51="Muy Baja",L51="Menor"),AND(H51="Baja",L51="Leve")),"Bajo",IF(OR(AND(H51="Muy baja",L51="Moderado"),AND(H51="Baja",L51="Menor"),AND(H51="Baja",L51="Moderado"),AND(H51="Media",L51="Leve"),AND(H51="Media",L51="Menor"),AND(H51="Media",L51="Moderado"),AND(H51="Alta",L51="Leve"),AND(H51="Alta",L51="Menor")),"Moderado",IF(OR(AND(H51="Muy Baja",L51="Mayor"),AND(H51="Baja",L51="Mayor"),AND(H51="Media",L51="Mayor"),AND(H51="Alta",L51="Moderado"),AND(H51="Alta",L51="Mayor"),AND(H51="Muy Alta",L51="Leve"),AND(H51="Muy Alta",L51="Menor"),AND(H51="Muy Alta",L51="Moderado"),AND(H51="Muy Alta",L51="Mayor")),"Alto",IF(OR(AND(H51="Muy Baja",L51="Catastrófico"),AND(H51="Baja",L51="Catastrófico"),AND(H51="Media",L51="Catastrófico"),AND(H51="Alta",L51="Catastrófico"),AND(H51="Muy Alta",L51="Catastrófico")),"Extremo","")))) -> Moderado | O51: 1 | P51: La encargada del Archivo Documental registrará las mediciones del termohigrómetro, des humificadores y aires acondicionados con la finalidad de tener un control de las condiciones ambientales del archivo central | Q51: =IF(OR(R51="Preventivo",R51="Detectivo"),"Probabilidad",IF(R51="Correctivo","Impacto","")) -> Probabilidad | R51: Preventivo | S51: Manual | T51: =IF(AND(R51="Preventivo",S51="Automático"),"50%",IF(AND(R51="Preventivo",S51="Manual"),"40%",IF(AND(R51="Detectivo",S51="Automático"),"40%",IF(AND(R51="Detectivo",S51="Manual"),"30%",IF(AND(R51="Correctivo",S51="Automático"),"35%",IF(AND(R51="Correctivo",S51="Manual"),"25%","")))))) -> 40% | U51: Documentado | V51: Continua | W51: Con Registro | X51: =IFERROR(IF(Q51="Probabilidad",(I51-(+I51*T51)),IF(Q51="Impacto",I51,"")),"") -> 0.24 | Y51: =IFERROR(IF(X51="","",IF(X51<=0.2,"Muy Baja",IF(X51<=0.4,"Baja",IF(X51<=0.6,"Media",IF(X51<=0.8,"Alta","Muy Alta"))))),"") -> Baja | Z51: =+X51 -> 0.24 | AA51: =IFERROR(IF(AB51="","",IF(AB51<=0.2,"Leve",IF(AB51<=0.4,"Menor",IF(AB51<=0.6,"Moderado",IF(AB51<=0.8,"Mayor","Catastrófico"))))),"") -> Moderado | AB51: =IFERROR(IF(Q51="Impacto",(M51-(+M51*T51)),IF(Q51="Probabilidad",M51,"")),"") -> 0.6 | AC51: =IFERROR(IF(OR(AND(Y51="Muy Baja",AA51="Leve"),AND(Y51="Muy Baja",AA51="Menor"),AND(Y51="Baja",AA51="Leve")),"Bajo",IF(OR(AND(Y51="Muy baja",AA51="Moderado"),AND(Y51="Baja",AA51="Menor"),AND(Y51="Baja",AA51="Moderado"),AND(Y51="Media",AA51="Leve"),AND(Y51="Media",AA51="Menor"),AND(Y51="Media",AA51="Moderado"),AND(Y51="Alta",AA51="Leve"),AND(Y51="Alta",AA51="Menor")),"Moderado",IF(OR(AND(Y51="Muy Baja",AA51="Mayor"),AND(Y51="Baja",AA51="Mayor"),AND(Y51="Media",AA51="Mayor"),AND(Y51="Alta",AA51="Moderado"),AND(Y51="Alta",AA51="Mayor"),AND(Y51="Muy Alta",AA51="Leve"),AND(Y51="Muy Alta",AA51="Menor"),AND(Y51="Muy Alta",AA51="Moderado"),AND(Y51="Muy Alta",AA51="Mayor")),"Alto",IF(OR(AND(Y51="Muy Baja",AA51="Catastrófico"),AND(Y51="Baja",AA51="Catastrófico"),AND(Y51="Media",AA51="Catastrófico"),AND(Y51="Alta",AA51="Catastrófico"),AND(Y51="Muy Alta",AA51="Catastrófico")),"Extremo","")))),"") -> Moderado | AD51: Evitar | AE51: Realizar diariamente el registro de las mediciones de temperatura y humedad en los formatos establecidos | AF51: Encaergada de Archivo Documental | AG51: 46055 | AH51: 46374
K52: =IF(NOT(ISERROR(MATCH(J52,_xlfn.ANCHORARRAY(E56),0))),#REF!&"Por favor no seleccionar los criterios de impacto",J52) -> 0 | O52: 2 | AE52: Realizar anualmente la eliminación de los documentos que ya cumplieron su tiempo de retención, verificación y conservación y realizar el cronograma de las transferencias secundarias para su ejecución | AF52: Encaergada de Archivo Documental | AG52: 46055 | AH52: 46374
A53: 25 | B53: Gestión Archivo Documental | C53: Reputacional | D53: Falta de instrumentos para la elaboración del Plan de Gestión Documental (PGD) Falta de actualización de los procedimientos y documentación de Gestión Documental | E53: Posibilidad de desactualización de instrumentos archivísticos existentes en la entidad y falta de elaboración de nuevos | F53: Ejecución y Administración de procesos | G53: 2 | H53: =IF(G53<=0,"",IF(G53<=2,"Muy Baja",IF(G53<=24,"Baja",IF(G53<=500,"Media",IF(G53<=5000,"Alta","Muy Alta"))))) -> Muy Baja | I53: =IF(H53="","",IF(H53="Muy Baja",0.2,IF(H53="Baja",0.4,IF(H53="Media",0.6,IF(H53="Alta",0.8,IF(H53="Muy Alta",1,)))))) -> 0.2 | J53: El riesgo afecta la imagen de alguna área de la organización | K53: =IF(NOT(ISERROR(MATCH(J53,'Tabla Impacto'!$B$221:$B$223,0))),'Tabla Impacto'!$F$223&"Por favor no seleccionar los criterios de impacto(Afectación Económica o presupuestal y Pérdida Reputacional)",J53) -> El riesgo afecta la imagen de alguna área de la organización | L53: =IF(OR(K53='Tabla Impacto'!$C$11,K53='Tabla Impacto'!$D$11),"Leve",IF(OR(K53='Tabla Impacto'!$C$12,K53='Tabla Impacto'!$D$12),"Menor",IF(OR(K53='Tabla Impacto'!$C$13,K53='Tabla Impacto'!$D$13),"Moderado",IF(OR(K53='Tabla Impacto'!$C$14,K53='Tabla Impacto'!$D$14),"Mayor",IF(OR(K53='Tabla Impacto'!$C$15,K53='Tabla Impacto'!$D$15),"Catastrófico",""))))) -> Leve | M53: =IF(L53="","",IF(L53="Leve",0.2,IF(L53="Menor",0.4,IF(L53="Moderado",0.6,IF(L53="Mayor",0.8,IF(L53="Catastrófico",1,)))))) -> 0.2 | N53: =IF(OR(AND(H53="Muy Baja",L53="Leve"),AND(H53="Muy Baja",L53="Menor"),AND(H53="Baja",L53="Leve")),"Bajo",IF(OR(AND(H53="Muy baja",L53="Moderado"),AND(H53="Baja",L53="Menor"),AND(H53="Baja",L53="Moderado"),AND(H53="Media",L53="Leve"),AND(H53="Media",L53="Menor"),AND(H53="Media",L53="Moderado"),AND(H53="Alta",L53="Leve"),AND(H53="Alta",L53="Menor")),"Moderado",IF(OR(AND(H53="Muy Baja",L53="Mayor"),AND(H53="Baja",L53="Mayor"),AND(H53="Media",L53="Mayor"),AND(H53="Alta",L53="Moderado"),AND(H53="Alta",L53="Mayor"),AND(H53="Muy Alta",L53="Leve"),AND(H53="Muy Alta",L53="Menor"),AND(H53="Muy Alta",L53="Moderado"),AND(H53="Muy Alta",L53="Mayor")),"Alto",IF(OR(AND(H53="Muy Baja",L53="Catastrófico"),AND(H53="Baja",L53="Catastrófico"),AND(H53="Media",L53="Catastrófico"),AND(H53="Alta",L53="Catastrófico"),AND(H53="Muy Alta",L53="Catastrófico")),"Extremo","")))) -> Bajo | O53: 1 | P53: La encargada del Archivo Documental realizará la actualización de los procedimientos del Sistema Integrado de Gestión del proceso de Gestión Documental, según sea necesario para garantizar su eficacia y adecuación a las necesidades actuales. Además, actualizará los instrumentos archivísticos pertinentes para mantener un control efectivo sobre la gestión documental. | Q53: =IF(OR(R53="Preventivo",R53="Detectivo"),"Probabilidad",IF(R53="Correctivo","Impacto","")) -> Probabilidad | R53: Preventivo | S53: Manual | T53: =IF(AND(R53="Preventivo",S53="Automático"),"50%",IF(AND(R53="Preventivo",S53="Manual"),"40%",IF(AND(R53="Detectivo",S53="Automático"),"40%",IF(AND(R53="Detectivo",S53="Manual"),"30%",IF(AND(R53="Correctivo",S53="Automático"),"35%",IF(AND(R53="Correctivo",S53="Manual"),"25%","")))))) -> 40% | U53: Documentado | V53: Continua | W53: Con Registro | X53: =IFERROR(IF(Q53="Probabilidad",(I53-(+I53*T53)),IF(Q53="Impacto",I53,"")),"") -> 0.12 | Y53: =IFERROR(IF(X53="","",IF(X53<=0.2,"Muy Baja",IF(X53<=0.4,"Baja",IF(X53<=0.6,"Media",IF(X53<=0.8,"Alta","Muy Alta"))))),"") -> Muy Baja | Z53: =+X53 -> 0.12 | AA53: =IFERROR(IF(AB53="","",IF(AB53<=0.2,"Leve",IF(AB53<=0.4,"Menor",IF(AB53<=0.6,"Moderado",IF(AB53<=0.8,"Mayor","Catastrófico"))))),"") -> Leve | AB53: =IFERROR(IF(Q53="Impacto",(M53-(+M53*T53)),IF(Q53="Probabilidad",M53,"")),"") -> 0.2 | AC53: =IFERROR(IF(OR(AND(Y53="Muy Baja",AA53="Leve"),AND(Y53="Muy Baja",AA53="Menor"),AND(Y53="Baja",AA53="Leve")),"Bajo",IF(OR(AND(Y53="Muy baja",AA53="Moderado"),AND(Y53="Baja",AA53="Menor"),AND(Y53="Baja",AA53="Moderado"),AND(Y53="Media",AA53="Leve"),AND(Y53="Media",AA53="Menor"),AND(Y53="Media",AA53="Moderado"),AND(Y53="Alta",AA53="Leve"),AND(Y53="Alta",AA53="Menor")),"Moderado",IF(OR(AND(Y53="Muy Baja",AA53="Mayor"),AND(Y53="Baja",AA53="Mayor"),AND(Y53="Media",AA53="Mayor"),AND(Y53="Alta",AA53="Moderado"),AND(Y53="Alta",AA53="Mayor"),AND(Y53="Muy Alta",AA53="Leve"),AND(Y53="Muy Alta",AA53="Menor"),AND(Y53="Muy Alta",AA53="Moderado"),AND(Y53="Muy Alta",AA53="Mayor")),"Alto",IF(OR(AND(Y53="Muy Baja",AA53="Catastrófico"),AND(Y53="Baja",AA53="Catastrófico"),AND(Y53="Media",AA53="Catastrófico"),AND(Y53="Alta",AA53="Catastrófico"),AND(Y53="Muy Alta",AA53="Catastrófico")),"Extremo","")))),"") -> Bajo | AD53: Evitar | AE53: Actualizar y realizar seguimiento anualmente al Plan Institucional de Archivos PINAR | AF53: Encaergada de Archivo Documental | AG53: 46055 | AH53: 46374
K54: =IF(NOT(ISERROR(MATCH(J54,_xlfn.ANCHORARRAY(E57),0))),#REF!&"Por favor no seleccionar los criterios de impacto",J54) -> 0 | O54: 2 | AE54: Realizar la verificación de los procedimientos del Proceso de Gestión Documental y respectiva actualización cuando se requiera | AF54: Encaergada de Archivo Documental | AG54: 46055 | AH54: 46374
K55: =IF(NOT(ISERROR(MATCH(J55,_xlfn.ANCHORARRAY(#REF!),0))),#REF!&"Por favor no seleccionar los criterios de impacto",J55) -> 0 | O55: 3 | AE55: Realizar cuando se requiera la actualización de las Tablas de Retención Documental y Programa de Gestión Documental | AF55: Director Técnico y de emisión | AG55: 46055 | AH55: 46374
A56: 26 | B56: Gestión Jurídica | C56: Reputacional | D56: Incumplimiento de marco regulatorio por parte de funcionarios. falta de verificación de términos judiciales o seguimiento a las actuaciones procesales. Incumplimiento de soportes requeridos para sus actuaciones. Solicitud de Información por parte de los contratistas y funcionarios de asesoría de forma inoportuna. Desconocimiento de los funcionarios de la naturaleza jurídica de la empresa y normas aplicables. Falta de seguimientos periódicos a los procesos | E56: Posibilidad de afectación económica y reputacional por Inoportunidad de la actuación en las diferentes etapas del proceso de defensa judicial, debido a la falta de verificación de términos judiciales o seguimiento a las actuaciones procesales. | F56: Ejecución y Administración de procesos | G56: 24 | H56: =IF(G56<=0,"",IF(G56<=2,"Muy Baja",IF(G56<=24,"Baja",IF(G56<=500,"Media",IF(G56<=5000,"Alta","Muy Alta"))))) -> Baja | I56: =IF(H56="","",IF(H56="Muy Baja",0.2,IF(H56="Baja",0.4,IF(H56="Media",0.6,IF(H56="Alta",0.8,IF(H56="Muy Alta",1,)))))) -> 0.4 | J56: Afectación menor a 10 SMLMV . | K56: =IF(NOT(ISERROR(MATCH(J56,'Tabla Impacto'!$B$221:$B$223,0))),'Tabla Impacto'!$F$223&"Por favor no seleccionar los criterios de impacto(Afectación Económica o presupuestal y Pérdida Reputacional)",J56) -> Afectación menor a 10 SMLMV . | L56: =IF(OR(K56='Tabla Impacto'!$C$11,K56='Tabla Impacto'!$D$11),"Leve",IF(OR(K56='Tabla Impacto'!$C$12,K56='Tabla Impacto'!$D$12),"Menor",IF(OR(K56='Tabla Impacto'!$C$13,K56='Tabla Impacto'!$D$13),"Moderado",IF(OR(K56='Tabla Impacto'!$C$14,K56='Tabla Impacto'!$D$14),"Mayor",IF(OR(K56='Tabla Impacto'!$C$15,K56='Tabla Impacto'!$D$15),"Catastrófico",""))))) -> Leve | M56: =IF(L56="","",IF(L56="Leve",0.2,IF(L56="Menor",0.4,IF(L56="Moderado",0.6,IF(L56="Mayor",0.8,IF(L56="Catastrófico",1,)))))) -> 0.2 | N56: =IF(OR(AND(H56="Muy Baja",L56="Leve"),AND(H56="Muy Baja",L56="Menor"),AND(H56="Baja",L56="Leve")),"Bajo",IF(OR(AND(H56="Muy baja",L56="Moderado"),AND(H56="Baja",L56="Menor"),AND(H56="Baja",L56="Moderado"),AND(H56="Media",L56="Leve"),AND(H56="Media",L56="Menor"),AND(H56="Media",L56="Moderado"),AND(H56="Alta",L56="Leve"),AND(H56="Alta",L56="Menor")),"Moderado",IF(OR(AND(H56="Muy Baja",L56="Mayor"),AND(H56="Baja",L56="Mayor"),AND(H56="Media",L56="Mayor"),AND(H56="Alta",L56="Moderado"),AND(H56="Alta",L56="Mayor"),AND(H56="Muy Alta",L56="Leve"),AND(H56="Muy Alta",L56="Menor"),AND(H56="Muy Alta",L56="Moderado"),AND(H56="Muy Alta",L56="Mayor")),"Alto",IF(OR(AND(H56="Muy Baja",L56="Catastrófico"),AND(H56="Baja",L56="Catastrófico"),AND(H56="Media",L56="Catastrófico"),AND(H56="Alta",L56="Catastrófico"),AND(H56="Muy Alta",L56="Catastrófico")),"Extremo","")))) -> Bajo | O56: 1 | P56: El equipo de jurídica cuenta con un abogado que realiza seguimiento a los procesos de manera semestral generando un informe que se entrega a Gerencia con el fin de consolidar el seguimiento de todos los procesos | Q56: =IF(OR(R56="Preventivo",R56="Detectivo"),"Probabilidad",IF(R56="Correctivo","Impacto","")) -> Probabilidad | R56: Preventivo | S56: Manual | T56: =IF(AND(R56="Preventivo",S56="Automático"),"50%",IF(AND(R56="Preventivo",S56="Manual"),"40%",IF(AND(R56="Detectivo",S56="Automático"),"40%",IF(AND(R56="Detectivo",S56="Manual"),"30%",IF(AND(R56="Correctivo",S56="Automático"),"35%",IF(AND(R56="Correctivo",S56="Manual"),"25%","")))))) -> 40% | U56: Documentado | V56: Continua | W56: Con Registro | X56: =IFERROR(IF(Q56="Probabilidad",(I56-(+I56*T56)),IF(Q56="Impacto",I56,"")),"") -> 0.24 | Y56: =IFERROR(IF(X56="","",IF(X56<=0.2,"Muy Baja",IF(X56<=0.4,"Baja",IF(X56<=0.6,"Media",IF(X56<=0.8,"Alta","Muy Alta"))))),"") -> Baja | Z56: =+X56 -> 0.24 | AA56: =IFERROR(IF(AB56="","",IF(AB56<=0.2,"Leve",IF(AB56<=0.4,"Menor",IF(AB56<=0.6,"Moderado",IF(AB56<=0.8,"Mayor","Catastrófico"))))),"") -> Leve | AB56: =IFERROR(IF(Q56="Impacto",(M56-(+M56*T56)),IF(Q56="Probabilidad",M56,"")),"") -> 0.2 | AC56: =IFERROR(IF(OR(AND(Y56="Muy Baja",AA56="Leve"),AND(Y56="Muy Baja",AA56="Menor"),AND(Y56="Baja",AA56="Leve")),"Bajo",IF(OR(AND(Y56="Muy baja",AA56="Moderado"),AND(Y56="Baja",AA56="Menor"),AND(Y56="Baja",AA56="Moderado"),AND(Y56="Media",AA56="Leve"),AND(Y56="Media",AA56="Menor"),AND(Y56="Media",AA56="Moderado"),AND(Y56="Alta",AA56="Leve"),AND(Y56="Alta",AA56="Menor")),"Moderado",IF(OR(AND(Y56="Muy Baja",AA56="Mayor"),AND(Y56="Baja",AA56="Mayor"),AND(Y56="Media",AA56="Mayor"),AND(Y56="Alta",AA56="Moderado"),AND(Y56="Alta",AA56="Mayor"),AND(Y56="Muy Alta",AA56="Leve"),AND(Y56="Muy Alta",AA56="Menor"),AND(Y56="Muy Alta",AA56="Moderado"),AND(Y56="Muy Alta",AA56="Mayor")),"Alto",IF(OR(AND(Y56="Muy Baja",AA56="Catastrófico"),AND(Y56="Baja",AA56="Catastrófico"),AND(Y56="Media",AA56="Catastrófico"),AND(Y56="Alta",AA56="Catastrófico"),AND(Y56="Muy Alta",AA56="Catastrófico")),"Extremo","")))),"") -> Bajo | AD56: Evitar | AE56: Presentar semestralmente un informe a la Gerencia sobre el estado de los procesos | AF56: Director Técnico y de emisión | AG56: 46055 | AH56: 46374
A57: 27 | B57: Gestión Jurídica | C57: Reputacional | D57: Ineficacia en la revisión de los estados de los procesos Falta de insumos e información legal a través de suscripciones. | E57: Posible Ineficacia en las actuaciones de la representación judicial | F57: Fraude Externo | G57: 500 | H57: =IF(G57<=0,"",IF(G57<=2,"Muy Baja",IF(G57<=24,"Baja",IF(G57<=500,"Media",IF(G57<=5000,"Alta","Muy Alta"))))) -> Media | I57: =IF(H57="","",IF(H57="Muy Baja",0.2,IF(H57="Baja",0.4,IF(H57="Media",0.6,IF(H57="Alta",0.8,IF(H57="Muy Alta",1,)))))) -> 0.6 | J57: Afectación menor a 10 SMLMV . | K57: =IF(NOT(ISERROR(MATCH(J57,'Tabla Impacto'!$B$221:$B$223,0))),'Tabla Impacto'!$F$223&"Por favor no seleccionar los criterios de impacto(Afectación Económica o presupuestal y Pérdida Reputacional)",J57) -> Afectación menor a 10 SMLMV . | L57: =IF(OR(K57='Tabla Impacto'!$C$11,K57='Tabla Impacto'!$D$11),"Leve",IF(OR(K57='Tabla Impacto'!$C$12,K57='Tabla Impacto'!$D$12),"Menor",IF(OR(K57='Tabla Impacto'!$C$13,K57='Tabla Impacto'!$D$13),"Moderado",IF(OR(K57='Tabla Impacto'!$C$14,K57='Tabla Impacto'!$D$14),"Mayor",IF(OR(K57='Tabla Impacto'!$C$15,K57='Tabla Impacto'!$D$15),"Catastrófico",""))))) -> Leve | M57: =IF(L57="","",IF(L57="Leve",0.2,IF(L57="Menor",0.4,IF(L57="Moderado",0.6,IF(L57="Mayor",0.8,IF(L57="Catastrófico",1,)))))) -> 0.2 | N57: =IF(OR(AND(H57="Muy Baja",L57="Leve"),AND(H57="Muy Baja",L57="Menor"),AND(H57="Baja",L57="Leve")),"Bajo",IF(OR(AND(H57="Muy baja",L57="Moderado"),AND(H57="Baja",L57="Menor"),AND(H57="Baja",L57="Moderado"),AND(H57="Media",L57="Leve"),AND(H57="Media",L57="Menor"),AND(H57="Media",L57="Moderado"),AND(H57="Alta",L57="Leve"),AND(H57="Alta",L57="Menor")),"Moderado",IF(OR(AND(H57="Muy Baja",L57="Mayor"),AND(H57="Baja",L57="Mayor"),AND(H57="Media",L57="Mayor"),AND(H57="Alta",L57="Moderado"),AND(H57="Alta",L57="Mayor"),AND(H57="Muy Alta",L57="Leve"),AND(H57="Muy Alta",L57="Menor"),AND(H57="Muy Alta",L57="Moderado"),AND(H57="Muy Alta",L57="Mayor")),"Alto",IF(OR(AND(H57="Muy Baja",L57="Catastrófico"),AND(H57="Baja",L57="Catastrófico"),AND(H57="Media",L57="Catastrófico"),AND(H57="Alta",L57="Catastrófico"),AND(H57="Muy Alta",L57="Catastrófico")),"Extremo","")))) -> Moderado | O57: 1 | P57: El encargado del área jurídica presenta ante el comité de cartera y de conciliación el estado de las actuaciones en los procesos que adelanta ya sean de cobro de cartera o en los procesos que se actué como demandado | Q57: =IF(OR(R57="Preventivo",R57="Detectivo"),"Probabilidad",IF(R57="Correctivo","Impacto","")) -> Probabilidad | R57: Preventivo | S57: Manual | T57: =IF(AND(R57="Preventivo",S57="Automático"),"50%",IF(AND(R57="Preventivo",S57="Manual"),"40%",IF(AND(R57="Detectivo",S57="Automático"),"40%",IF(AND(R57="Detectivo",S57="Manual"),"30%",IF(AND(R57="Correctivo",S57="Automático"),"35%",IF(AND(R57="Correctivo",S57="Manual"),"25%","")))))) -> 40% | U57: Documentado | V57: Continua | W57: Con Registro | X57: =IFERROR(IF(Q57="Probabilidad",(I57-(+I57*T57)),IF(Q57="Impacto",I57,"")),"") -> 0.36 | Y57: =IFERROR(IF(X57="","",IF(X57<=0.2,"Muy Baja",IF(X57<=0.4,"Baja",IF(X57<=0.6,"Media",IF(X57<=0.8,"Alta","Muy Alta"))))),"") -> Baja | Z57: =+X57 -> 0.36 | AA57: =IFERROR(IF(AB57="","",IF(AB57<=0.2,"Leve",IF(AB57<=0.4,"Menor",IF(AB57<=0.6,"Moderado",IF(AB57<=0.8,"Mayor","Catastrófico"))))),"") -> Leve | AB57: =IFERROR(IF(Q57="Impacto",(M57-(+M57*T57)),IF(Q57="Probabilidad",M57,"")),"") -> 0.2 | AC57: =IFERROR(IF(OR(AND(Y57="Muy Baja",AA57="Leve"),AND(Y57="Muy Baja",AA57="Menor"),AND(Y57="Baja",AA57="Leve")),"Bajo",IF(OR(AND(Y57="Muy baja",AA57="Moderado"),AND(Y57="Baja",AA57="Menor"),AND(Y57="Baja",AA57="Moderado"),AND(Y57="Media",AA57="Leve"),AND(Y57="Media",AA57="Menor"),AND(Y57="Media",AA57="Moderado"),AND(Y57="Alta",AA57="Leve"),AND(Y57="Alta",AA57="Menor")),"Moderado",IF(OR(AND(Y57="Muy Baja",AA57="Mayor"),AND(Y57="Baja",AA57="Mayor"),AND(Y57="Media",AA57="Mayor"),AND(Y57="Alta",AA57="Moderado"),AND(Y57="Alta",AA57="Mayor"),AND(Y57="Muy Alta",AA57="Leve"),AND(Y57="Muy Alta",AA57="Menor"),AND(Y57="Muy Alta",AA57="Moderado"),AND(Y57="Muy Alta",AA57="Mayor")),"Alto",IF(OR(AND(Y57="Muy Baja",AA57="Catastrófico"),AND(Y57="Baja",AA57="Catastrófico"),AND(Y57="Media",AA57="Catastrófico"),AND(Y57="Alta",AA57="Catastrófico"),AND(Y57="Muy Alta",AA57="Catastrófico")),"Extremo","")))),"") -> Bajo | AD57: Evitar | AE57: Presentar ante el comité de cartera el estado de los procesos ya sean por cobro de cartera o procesos que actúe como demandado | AF57: Encargado Juridico | AG57: 46055 | AH57: 46374
A58: 28 | B58: Gestión Jurídica | C58: Reputacional | D58: falta de revisión de la documentación requerida para la contratación, desconocimiento de los lineamientos establecidos en el manual de contratación y supervisión falta de personal idóneo para realizar el proceso de contratación | E58: Posibilidad de incumplimiento de la normatividad de la contratación pública por baja autorregulación en las fases precontractractual, contractual y postcontractual debido a desconocimiento de los lineamientos del Manual de contratación y supervisión de la normatividad legal vigente | F58: Fraude Interno | G58: 500 | H58: =IF(G58<=0,"",IF(G58<=2,"Muy Baja",IF(G58<=24,"Baja",IF(G58<=500,"Media",IF(G58<=5000,"Alta","Muy Alta"))))) -> Media | I58: =IF(H58="","",IF(H58="Muy Baja",0.2,IF(H58="Baja",0.4,IF(H58="Media",0.6,IF(H58="Alta",0.8,IF(H58="Muy Alta",1,)))))) -> 0.6 | J58: Entre 100 y 500 SMLMV | K58: =IF(NOT(ISERROR(MATCH(J58,'Tabla Impacto'!$B$221:$B$223,0))),'Tabla Impacto'!$F$223&"Por favor no seleccionar los criterios de impacto(Afectación Económica o presupuestal y Pérdida Reputacional)",J58) -> Entre 100 y 500 SMLMV | L58: =IF(OR(K58='Tabla Impacto'!$C$11,K58='Tabla Impacto'!$D$11),"Leve",IF(OR(K58='Tabla Impacto'!$C$12,K58='Tabla Impacto'!$D$12),"Menor",IF(OR(K58='Tabla Impacto'!$C$13,K58='Tabla Impacto'!$D$13),"Moderado",IF(OR(K58='Tabla Impacto'!$C$14,K58='Tabla Impacto'!$D$14),"Mayor",IF(OR(K58='Tabla Impacto'!$C$15,K58='Tabla Impacto'!$D$15),"Catastrófico",""))))) -> Mayor | M58: =IF(L58="","",IF(L58="Leve",0.2,IF(L58="Menor",0.4,IF(L58="Moderado",0.6,IF(L58="Mayor",0.8,IF(L58="Catastrófico",1,)))))) -> 0.8 | N58: =IF(OR(AND(H58="Muy Baja",L58="Leve"),AND(H58="Muy Baja",L58="Menor"),AND(H58="Baja",L58="Leve")),"Bajo",IF(OR(AND(H58="Muy baja",L58="Moderado"),AND(H58="Baja",L58="Menor"),AND(H58="Baja",L58="Moderado"),AND(H58="Media",L58="Leve"),AND(H58="Media",L58="Menor"),AND(H58="Media",L58="Moderado"),AND(H58="Alta",L58="Leve"),AND(H58="Alta",L58="Menor")),"Moderado",IF(OR(AND(H58="Muy Baja",L58="Mayor"),AND(H58="Baja",L58="Mayor"),AND(H58="Media",L58="Mayor"),AND(H58="Alta",L58="Moderado"),AND(H58="Alta",L58="Mayor"),AND(H58="Muy Alta",L58="Leve"),AND(H58="Muy Alta",L58="Menor"),AND(H58="Muy Alta",L58="Moderado"),AND(H58="Muy Alta",L58="Mayor")),"Alto",IF(OR(AND(H58="Muy Baja",L58="Catastrófico"),AND(H58="Baja",L58="Catastrófico"),AND(H58="Media",L58="Catastrófico"),AND(H58="Alta",L58="Catastrófico"),AND(H58="Muy Alta",L58="Catastrófico")),"Extremo","")))) -> Alto | O58: 1 | P58: El abogado designado para cada proceso de contratación debe firmar el "proyectó" de los documentos cada vez que se genere un nuevo documento dentro del mismo. | Q58: =IF(OR(R58="Preventivo",R58="Detectivo"),"Probabilidad",IF(R58="Correctivo","Impacto","")) -> Probabilidad | R58: Preventivo | S58: Manual | T58: =IF(AND(R58="Preventivo",S58="Automático"),"50%",IF(AND(R58="Preventivo",S58="Manual"),"40%",IF(AND(R58="Detectivo",S58="Automático"),"40%",IF(AND(R58="Detectivo",S58="Manual"),"30%",IF(AND(R58="Correctivo",S58="Automático"),"35%",IF(AND(R58="Correctivo",S58="Manual"),"25%","")))))) -> 40% | U58: Documentado | V58: Continua | W58: Con Registro | X58: =IFERROR(IF(Q58="Probabilidad",(I58-(+I58*T58)),IF(Q58="Impacto",I58,"")),"") -> 0.36 | Y58: =IFERROR(IF(X58="","",IF(X58<=0.2,"Muy Baja",IF(X58<=0.4,"Baja",IF(X58<=0.6,"Media",IF(X58<=0.8,"Alta","Muy Alta"))))),"") -> Baja | Z58: =+X58 -> 0.36 | AA58: =IFERROR(IF(AB58="","",IF(AB58<=0.2,"Leve",IF(AB58<=0.4,"Menor",IF(AB58<=0.6,"Moderado",IF(AB58<=0.8,"Mayor","Catastrófico"))))),"") -> Mayor | AB58: =IFERROR(IF(Q58="Impacto",(M58-(+M58*T58)),IF(Q58="Probabilidad",M58,"")),"") -> 0.8 | AC58: =IFERROR(IF(OR(AND(Y58="Muy Baja",AA58="Leve"),AND(Y58="Muy Baja",AA58="Menor"),AND(Y58="Baja",AA58="Leve")),"Bajo",IF(OR(AND(Y58="Muy baja",AA58="Moderado"),AND(Y58="Baja",AA58="Menor"),AND(Y58="Baja",AA58="Moderado"),AND(Y58="Media",AA58="Leve"),AND(Y58="Media",AA58="Menor"),AND(Y58="Media",AA58="Moderado"),AND(Y58="Alta",AA58="Leve"),AND(Y58="Alta",AA58="Menor")),"Moderado",IF(OR(AND(Y58="Muy Baja",AA58="Mayor"),AND(Y58="Baja",AA58="Mayor"),AND(Y58="Media",AA58="Mayor"),AND(Y58="Alta",AA58="Moderado"),AND(Y58="Alta",AA58="Mayor"),AND(Y58="Muy Alta",AA58="Leve"),AND(Y58="Muy Alta",AA58="Menor"),AND(Y58="Muy Alta",AA58="Moderado"),AND(Y58="Muy Alta",AA58="Mayor")),"Alto",IF(OR(AND(Y58="Muy Baja",AA58="Catastrófico"),AND(Y58="Baja",AA58="Catastrófico"),AND(Y58="Media",AA58="Catastrófico"),AND(Y58="Alta",AA58="Catastrófico"),AND(Y58="Muy Alta",AA58="Catastrófico")),"Extremo","")))),"") -> Alto | AD58: Evitar | AE58: Firmar el "proyecto" de los documentos inmediatamente después de su generación para corroborar su integridad y vigencia | AF58: Encargado Juridico | AG58: 46055 | AH58: 46374
K59: =IF(NOT(ISERROR(MATCH(J59,_xlfn.ANCHORARRAY(E61),0))),#REF!&"Por favor no seleccionar los criterios de impacto",J59) -> 0 | O59: 2 | P59: Los abogados que forman parte del equipo reciben la documentación necesaria para iniciar el proceso de contratación. Para garantizar la conformidad con los lineamientos establecidos en el manual de contratación, utilizan la lista de chequeo (A-GJ-P03-F03). Una vez recibida la documentación, los abogados organizan cada uno de los documentos en el expediente correspondiente, asegurándose de su completa y correcta disposición. Posteriormente, el expediente se entrega a gestión documental para su archivo y seguimiento adecuado. | Q59: =IF(OR(R59="Preventivo",R59="Detectivo"),"Probabilidad",IF(R59="Correctivo","Impacto","")) -> Probabilidad | R59: Preventivo | S59: Manual | T59: =IF(AND(R59="Preventivo",S59="Automático"),"50%",IF(AND(R59="Preventivo",S59="Manual"),"40%",IF(AND(R59="Detectivo",S59="Automático"),"40%",IF(AND(R59="Detectivo",S59="Manual"),"30%",IF(AND(R59="Correctivo",S59="Automático"),"35%",IF(AND(R59="Correctivo",S59="Manual"),"25%","")))))) -> 40% | U59: Documentado | V59: Continua | W59: Con Registro | X59: =IFERROR(IF(Q59="Probabilidad",(I59-(+I59*T59)),IF(Q59="Impacto",I59,"")),"") -> 0 | Y59: =IFERROR(IF(X59="","",IF(X59<=0.2,"Muy Baja",IF(X59<=0.4,"Baja",IF(X59<=0.6,"Media",IF(X59<=0.8,"Alta","Muy Alta"))))),"") -> Muy Baja | Z59: =+X59 -> 0 | AA59: =IFERROR(IF(AB59="","",IF(AB59<=0.2,"Leve",IF(AB59<=0.4,"Menor",IF(AB59<=0.6,"Moderado",IF(AB59<=0.8,"Mayor","Catastrófico"))))),"") -> Leve | AB59: =IFERROR(IF(Q59="Impacto",(M59-(+M59*T59)),IF(Q59="Probabilidad",M59,"")),"") -> 0 | AC59: =IFERROR(IF(OR(AND(Y59="Muy Baja",AA59="Leve"),AND(Y59="Muy Baja",AA59="Menor"),AND(Y59="Baja",AA59="Leve")),"Bajo",IF(OR(AND(Y59="Muy baja",AA59="Moderado"),AND(Y59="Baja",AA59="Menor"),AND(Y59="Baja",AA59="Moderado"),AND(Y59="Media",AA59="Leve"),AND(Y59="Media",AA59="Menor"),AND(Y59="Media",AA59="Moderado"),AND(Y59="Alta",AA59="Leve"),AND(Y59="Alta",AA59="Menor")),"Moderado",IF(OR(AND(Y59="Muy Baja",AA59="Mayor"),AND(Y59="Baja",AA59="Mayor"),AND(Y59="Media",AA59="Mayor"),AND(Y59="Alta",AA59="Moderado"),AND(Y59="Alta",AA59="Mayor"),AND(Y59="Muy Alta",AA59="Leve"),AND(Y59="Muy Alta",AA59="Menor"),AND(Y59="Muy Alta",AA59="Moderado"),AND(Y59="Muy Alta",AA59="Mayor")),"Alto",IF(OR(AND(Y59="Muy Baja",AA59="Catastrófico"),AND(Y59="Baja",AA59="Catastrófico"),AND(Y59="Media",AA59="Catastrófico"),AND(Y59="Alta",AA59="Catastrófico"),AND(Y59="Muy Alta",AA59="Catastrófico")),"Extremo","")))),"") -> Bajo | AD59: Evitar | AE59: Organizar los expedientes de acuerdo a la lista de chequeo (A-GJ-P03-F03) para mantener la integridad y precisión de la documentación para luego enviar al archivo central | AF59: Encargado Juridico | AG59: 46055 | AH59: 46374
A60: 29 | B60: Gestión Jurídica | C60: Reputacional | D60: Falta de revisión de los documentos requeridos para el pago y diligenciamiento del formato (A-GJ-P03-F01) | E60: Posibilidad del incumplimiento de la ejecución contractual y falta de verificación y seguimiento por parte del supervisor | F60: Fraude Interno | G60: 24 | H60: =IF(G60<=0,"",IF(G60<=2,"Muy Baja",IF(G60<=24,"Baja",IF(G60<=500,"Media",IF(G60<=5000,"Alta","Muy Alta"))))) -> Baja | I60: =IF(H60="","",IF(H60="Muy Baja",0.2,IF(H60="Baja",0.4,IF(H60="Media",0.6,IF(H60="Alta",0.8,IF(H60="Muy Alta",1,)))))) -> 0.4 | J60: Entre 50 y 100 SMLMV | K60: =IF(NOT(ISERROR(MATCH(J60,'Tabla Impacto'!$B$221:$B$223,0))),'Tabla Impacto'!$F$223&"Por favor no seleccionar los criterios de impacto(Afectación Económica o presupuestal y Pérdida Reputacional)",J60) -> Entre 50 y 100 SMLMV | L60: =IF(OR(K60='Tabla Impacto'!$C$11,K60='Tabla Impacto'!$D$11),"Leve",IF(OR(K60='Tabla Impacto'!$C$12,K60='Tabla Impacto'!$D$12),"Menor",IF(OR(K60='Tabla Impacto'!$C$13,K60='Tabla Impacto'!$D$13),"Moderado",IF(OR(K60='Tabla Impacto'!$C$14,K60='Tabla Impacto'!$D$14),"Mayor",IF(OR(K60='Tabla Impacto'!$C$15,K60='Tabla Impacto'!$D$15),"Catastrófico",""))))) -> Moderado | M60: =IF(L60="","",IF(L60="Leve",0.2,IF(L60="Menor",0.4,IF(L60="Moderado",0.6,IF(L60="Mayor",0.8,IF(L60="Catastrófico",1,)))))) -> 0.6 | N60: =IF(OR(AND(H60="Muy Baja",L60="Leve"),AND(H60="Muy Baja",L60="Menor"),AND(H60="Baja",L60="Leve")),"Bajo",IF(OR(AND(H60="Muy baja",L60="Moderado"),AND(H60="Baja",L60="Menor"),AND(H60="Baja",L60="Moderado"),AND(H60="Media",L60="Leve"),AND(H60="Media",L60="Menor"),AND(H60="Media",L60="Moderado"),AND(H60="Alta",L60="Leve"),AND(H60="Alta",L60="Menor")),"Moderado",IF(OR(AND(H60="Muy Baja",L60="Mayor"),AND(H60="Baja",L60="Mayor"),AND(H60="Media",L60="Mayor"),AND(H60="Alta",L60="Moderado"),AND(H60="Alta",L60="Mayor"),AND(H60="Muy Alta",L60="Leve"),AND(H60="Muy Alta",L60="Menor"),AND(H60="Muy Alta",L60="Moderado"),AND(H60="Muy Alta",L60="Mayor")),"Alto",IF(OR(AND(H60="Muy Baja",L60="Catastrófico"),AND(H60="Baja",L60="Catastrófico"),AND(H60="Media",L60="Catastrófico"),AND(H60="Alta",L60="Catastrófico"),AND(H60="Muy Alta",L60="Catastrófico")),"Extremo","")))) -> Moderado | O60: 1 | P60: El equipo de jurídica cuenta con un abogado que realiza seguimiento a los procesos de manera semestral generando un informe que se entrega a Gerencia con el fin de consolidar el seguimiento de todos los procesos | Q60: =IF(OR(R60="Preventivo",R60="Detectivo"),"Probabilidad",IF(R60="Correctivo","Impacto","")) -> Probabilidad | R60: Preventivo | S60: Manual | T60: =IF(AND(R60="Preventivo",S60="Automático"),"50%",IF(AND(R60="Preventivo",S60="Manual"),"40%",IF(AND(R60="Detectivo",S60="Automático"),"40%",IF(AND(R60="Detectivo",S60="Manual"),"30%",IF(AND(R60="Correctivo",S60="Automático"),"35%",IF(AND(R60="Correctivo",S60="Manual"),"25%","")))))) -> 40% | U60: Documentado | V60: Continua | W60: Con Registro | X60: =IFERROR(IF(Q60="Probabilidad",(I60-(+I60*T60)),IF(Q60="Impacto",I60,"")),"") -> 0.24 | Y60: =IFERROR(IF(X60="","",IF(X60<=0.2,"Muy Baja",IF(X60<=0.4,"Baja",IF(X60<=0.6,"Media",IF(X60<=0.8,"Alta","Muy Alta"))))),"") -> Baja | Z60: =+X60 -> 0.24 | AA60: =IFERROR(IF(AB60="","",IF(AB60<=0.2,"Leve",IF(AB60<=0.4,"Menor",IF(AB60<=0.6,"Moderado",IF(AB60<=0.8,"Mayor","Catastrófico"))))),"") -> Moderado | AB60: =IFERROR(IF(Q60="Impacto",(M60-(+M60*T60)),IF(Q60="Probabilidad",M60,"")),"") -> 0.6 | AC60: =IFERROR(IF(OR(AND(Y60="Muy Baja",AA60="Leve"),AND(Y60="Muy Baja",AA60="Menor"),AND(Y60="Baja",AA60="Leve")),"Bajo",IF(OR(AND(Y60="Muy baja",AA60="Moderado"),AND(Y60="Baja",AA60="Menor"),AND(Y60="Baja",AA60="Moderado"),AND(Y60="Media",AA60="Leve"),AND(Y60="Media",AA60="Menor"),AND(Y60="Media",AA60="Moderado"),AND(Y60="Alta",AA60="Leve"),AND(Y60="Alta",AA60="Menor")),"Moderado",IF(OR(AND(Y60="Muy Baja",AA60="Mayor"),AND(Y60="Baja",AA60="Mayor"),AND(Y60="Media",AA60="Mayor"),AND(Y60="Alta",AA60="Moderado"),AND(Y60="Alta",AA60="Mayor"),AND(Y60="Muy Alta",AA60="Leve"),AND(Y60="Muy Alta",AA60="Menor"),AND(Y60="Muy Alta",AA60="Moderado"),AND(Y60="Muy Alta",AA60="Mayor")),"Alto",IF(OR(AND(Y60="Muy Baja",AA60="Catastrófico"),AND(Y60="Baja",AA60="Catastrófico"),AND(Y60="Media",AA60="Catastrófico"),AND(Y60="Alta",AA60="Catastrófico"),AND(Y60="Muy Alta",AA60="Catastrófico")),"Extremo","")))),"") -> Moderado | AD60: Evitar | AE60: El Abogado encargado de los procesos de manera semestral envía informe a la Gerencia a través de correo electrónico | AF60: Encargado Juridico | AG60: 46055 | AH60: 46374
A61: 30 | B61: Gestión de Talento Humano | C61: Reputacional | D61: Falta de contactos para la búsqueda de entidades y/o profesionales, para el desarrollo de las actividades de los diversos planes. Las entidades a vincular en alguna actividad, no presentan los documentos necesarios para establecer convenios y/o pagos por sus servicios. | E61: Posibilidad de Incumplimiento en la ejecución de los planes definidos en el Decreto 612 de 2018. | F61: Ejecución y Administración de procesos | G61: 2 | H61: =IF(G61<=0,"",IF(G61<=2,"Muy Baja",IF(G61<=24,"Baja",IF(G61<=500,"Media",IF(G61<=5000,"Alta","Muy Alta"))))) -> Muy Baja | I61: =IF(H61="","",IF(H61="Muy Baja",0.2,IF(H61="Baja",0.4,IF(H61="Media",0.6,IF(H61="Alta",0.8,IF(H61="Muy Alta",1,)))))) -> 0.2 | J61: El riesgo afecta la imagen de la entidad internamente, de conocimiento general, nivel interno, de junta dircetiva y accionistas y/o de provedores | K61: =IF(NOT(ISERROR(MATCH(J61,'Tabla Impacto'!$B$221:$B$223,0))),'Tabla Impacto'!$F$223&"Por favor no seleccionar los criterios de impacto(Afectación Económica o presupuestal y Pérdida Reputacional)",J61) -> El riesgo afecta la imagen de la entidad internamente, de conocimiento general, nivel interno, de junta dircetiva y accionistas y/o de provedores | L61: =IF(OR(K61='Tabla Impacto'!$C$11,K61='Tabla Impacto'!$D$11),"Leve",IF(OR(K61='Tabla Impacto'!$C$12,K61='Tabla Impacto'!$D$12),"Menor",IF(OR(K61='Tabla Impacto'!$C$13,K61='Tabla Impacto'!$D$13),"Moderado",IF(OR(K61='Tabla Impacto'!$C$14,K61='Tabla Impacto'!$D$14),"Mayor",IF(OR(K61='Tabla Impacto'!$C$15,K61='Tabla Impacto'!$D$15),"Catastrófico",""))))) -> Menor | M61: =IF(L61="","",IF(L61="Leve",0.2,IF(L61="Menor",0.4,IF(L61="Moderado",0.6,IF(L61="Mayor",0.8,IF(L61="Catastrófico",1,)))))) -> 0.4 | N61: =IF(OR(AND(H61="Muy Baja",L61="Leve"),AND(H61="Muy Baja",L61="Menor"),AND(H61="Baja",L61="Leve")),"Bajo",IF(OR(AND(H61="Muy baja",L61="Moderado"),AND(H61="Baja",L61="Menor"),AND(H61="Baja",L61="Moderado"),AND(H61="Media",L61="Leve"),AND(H61="Media",L61="Menor"),AND(H61="Media",L61="Moderado"),AND(H61="Alta",L61="Leve"),AND(H61="Alta",L61="Menor")),"Moderado",IF(OR(AND(H61="Muy Baja",L61="Mayor"),AND(H61="Baja",L61="Mayor"),AND(H61="Media",L61="Mayor"),AND(H61="Alta",L61="Moderado"),AND(H61="Alta",L61="Mayor"),AND(H61="Muy Alta",L61="Leve"),AND(H61="Muy Alta",L61="Menor"),AND(H61="Muy Alta",L61="Moderado"),AND(H61="Muy Alta",L61="Mayor")),"Alto",IF(OR(AND(H61="Muy Baja",L61="Catastrófico"),AND(H61="Baja",L61="Catastrófico"),AND(H61="Media",L61="Catastrófico"),AND(H61="Alta",L61="Catastrófico"),AND(H61="Muy Alta",L61="Catastrófico")),"Extremo","")))) -> Bajo | O61: 1 | P61: El encargado del proceso de talento humano realiza la actualización de los planes del decreto 612 cuando se requieran y se presentan ante comité institucional de gestión y desempeño para su aprobación y seguidamente al cargue en la pagina web de la entidad en el botón de ley de transparencia y acceso a la información pública | Q61: =IF(OR(R61="Preventivo",R61="Detectivo"),"Probabilidad",IF(R61="Correctivo","Impacto","")) -> Probabilidad | R61: Preventivo | S61: Manual | T61: =IF(AND(R61="Preventivo",S61="Automático"),"50%",IF(AND(R61="Preventivo",S61="Manual"),"40%",IF(AND(R61="Detectivo",S61="Automático"),"40%",IF(AND(R61="Detectivo",S61="Manual"),"30%",IF(AND(R61="Correctivo",S61="Automático"),"35%",IF(AND(R61="Correctivo",S61="Manual"),"25%","")))))) -> 40% | U61: Documentado | V61: Continua | W61: Con Registro | X61: =IFERROR(IF(Q61="Probabilidad",(I61-(+I61*T61)),IF(Q61="Impacto",I61,"")),"") -> 0.12 | Y61: =IFERROR(IF(X61="","",IF(X61<=0.2,"Muy Baja",IF(X61<=0.4,"Baja",IF(X61<=0.6,"Media",IF(X61<=0.8,"Alta","Muy Alta"))))),"") -> Muy Baja | Z61: =+X61 -> 0.12 | AA61: =IFERROR(IF(AB61="","",IF(AB61<=0.2,"Leve",IF(AB61<=0.4,"Menor",IF(AB61<=0.6,"Moderado",IF(AB61<=0.8,"Mayor","Catastrófico"))))),"") -> Menor | AB61: =IFERROR(IF(Q61="Impacto",(M61-(+M61*T61)),IF(Q61="Probabilidad",M61,"")),"") -> 0.4 | AC61: =IFERROR(IF(OR(AND(Y61="Muy Baja",AA61="Leve"),AND(Y61="Muy Baja",AA61="Menor"),AND(Y61="Baja",AA61="Leve")),"Bajo",IF(OR(AND(Y61="Muy baja",AA61="Moderado"),AND(Y61="Baja",AA61="Menor"),AND(Y61="Baja",AA61="Moderado"),AND(Y61="Media",AA61="Leve"),AND(Y61="Media",AA61="Menor"),AND(Y61="Media",AA61="Moderado"),AND(Y61="Alta",AA61="Leve"),AND(Y61="Alta",AA61="Menor")),"Moderado",IF(OR(AND(Y61="Muy Baja",AA61="Mayor"),AND(Y61="Baja",AA61="Mayor"),AND(Y61="Media",AA61="Mayor"),AND(Y61="Alta",AA61="Moderado"),AND(Y61="Alta",AA61="Mayor"),AND(Y61="Muy Alta",AA61="Leve"),AND(Y61="Muy Alta",AA61="Menor"),AND(Y61="Muy Alta",AA61="Moderado"),AND(Y61="Muy Alta",AA61="Mayor")),"Alto",IF(OR(AND(Y61="Muy Baja",AA61="Catastrófico"),AND(Y61="Baja",AA61="Catastrófico"),AND(Y61="Media",AA61="Catastrófico"),AND(Y61="Alta",AA61="Catastrófico"),AND(Y61="Muy Alta",AA61="Catastrófico")),"Extremo","")))),"") -> Bajo | AD61: Evitar | AE61: Revisar y actualizar anualmente los planes del decreto 612 y llevarlos al comité de gestión y desempeño para su aprobación. | AF61: Director Técnico y de emisión | AG61: 46055 | AH61: 46374
K62: =IF(NOT(ISERROR(MATCH(J62,_xlfn.ANCHORARRAY(E64),0))),#REF!&"Por favor no seleccionar los criterios de impacto",J62) -> 0 | O62: 2 | P62: El encargado de talento humano realiza un seguimiento trimestral de las actividades generadas en cada plan, con el propósito de presentar los resultados ante el Comité de MIPG. Este seguimiento permite una evaluación periódica del progreso hacia los objetivos establecidos en los planes del decreto 612, lo que facilita la identificación de áreas de mejora y la implementación de acciones correctivas según sea necesario. | Q62: =IF(OR(R62="Preventivo",R62="Detectivo"),"Probabilidad",IF(R62="Correctivo","Impacto","")) -> Probabilidad | R62: Preventivo | S62: Manual | T62: =IF(AND(R62="Preventivo",S62="Automático"),"50%",IF(AND(R62="Preventivo",S62="Manual"),"40%",IF(AND(R62="Detectivo",S62="Automático"),"40%",IF(AND(R62="Detectivo",S62="Manual"),"30%",IF(AND(R62="Correctivo",S62="Automático"),"35%",IF(AND(R62="Correctivo",S62="Manual"),"25%","")))))) -> 40% | U62: Documentado | V62: Continua | W62: Con Registro | X62: =IFERROR(IF(Q62="Probabilidad",(I62-(+I62*T62)),IF(Q62="Impacto",I62,"")),"") -> 0 | Y62: =IFERROR(IF(X62="","",IF(X62<=0.2,"Muy Baja",IF(X62<=0.4,"Baja",IF(X62<=0.6,"Media",IF(X62<=0.8,"Alta","Muy Alta"))))),"") -> Muy Baja | Z62: =+X62 -> 0 | AA62: =IFERROR(IF(AB62="","",IF(AB62<=0.2,"Leve",IF(AB62<=0.4,"Menor",IF(AB62<=0.6,"Moderado",IF(AB62<=0.8,"Mayor","Catastrófico"))))),"") -> Leve | AB62: =IFERROR(IF(Q62="Impacto",(M62-(+M62*T62)),IF(Q62="Probabilidad",M62,"")),"") -> 0 | AC62: =IFERROR(IF(OR(AND(Y62="Muy Baja",AA62="Leve"),AND(Y62="Muy Baja",AA62="Menor"),AND(Y62="Baja",AA62="Leve")),"Bajo",IF(OR(AND(Y62="Muy baja",AA62="Moderado"),AND(Y62="Baja",AA62="Menor"),AND(Y62="Baja",AA62="Moderado"),AND(Y62="Media",AA62="Leve"),AND(Y62="Media",AA62="Menor"),AND(Y62="Media",AA62="Moderado"),AND(Y62="Alta",AA62="Leve"),AND(Y62="Alta",AA62="Menor")),"Moderado",IF(OR(AND(Y62="Muy Baja",AA62="Mayor"),AND(Y62="Baja",AA62="Mayor"),AND(Y62="Media",AA62="Mayor"),AND(Y62="Alta",AA62="Moderado"),AND(Y62="Alta",AA62="Mayor"),AND(Y62="Muy Alta",AA62="Leve"),AND(Y62="Muy Alta",AA62="Menor"),AND(Y62="Muy Alta",AA62="Moderado"),AND(Y62="Muy Alta",AA62="Mayor")),"Alto",IF(OR(AND(Y62="Muy Baja",AA62="Catastrófico"),AND(Y62="Baja",AA62="Catastrófico"),AND(Y62="Media",AA62="Catastrófico"),AND(Y62="Alta",AA62="Catastrófico"),AND(Y62="Muy Alta",AA62="Catastrófico")),"Extremo","")))),"") -> Bajo | AD62: Evitar | AE62: Realizar trimestralmente el seguimiento de las actividades generadas en cada plan, con el propósito de presentar los resultados ante el Comité de MIPG. | AF62: Jefe de Talento Humano | AG62: 46055 | AH62: 46374
